Workbook
Name Flag_Talent_2_a: INDIRECT(ADDRESS(3-1+MATCH('[1]user-guide-image'!$B$1,'[1]user-guide-image'!$B$2:$B$124, 0), 6))
Name Flag_Talent_2_a: INDIRECT(ADDRESS(3-1+MATCH('[2]user-guide-image'!$B$1,'[2]user-guide-image'!$B$2:$B$124, 0), 6))
Name Flag_Talent_2_a: INDIRECT(ADDRESS(3-1+MATCH('[3]user-guide-image'!$B$1,'[3]user-guide-image'!$B$2:$B$124, 0), 6))
Name Flag_Talent_2_a: INDIRECT(ADDRESS(3-1+MATCH('[1]user-guide-image'!$B$1,'[1]user-guide-image'!$B$2:$B$124, 0), 6))
Name Flag_Talent_2_a: INDIRECT(ADDRESS(3-1+MATCH('[1]user-guide-image'!$B$1,'[1]user-guide-image'!$B$2:$B$124, 0), 6))
Name Flag_Talent_2_a: INDIRECT(ADDRESS(3-1+MATCH('[4]user-guide-image'!$B$1,'[4]user-guide-image'!$B$2:$B$124, 0), 6))
Name Flag_Talent_2_a: INDIRECT(ADDRESS(3-1+MATCH('[4]user-guide-image'!$B$1,'[4]user-guide-image'!$B$2:$B$124, 0), 6))
Name Flag_Talent_2_a: INDIRECT(ADDRESS(3-1+MATCH('[4]user-guide-image'!$B$1,'[4]user-guide-image'!$B$2:$B$124, 0), 6))
Name Flag_Talent_2_a: INDIRECT(ADDRESS(3-1+MATCH('[5]user-guide-image'!$B$1,'[5]user-guide-image'!$B$2:$B$124, 0), 6))
Name Flag_Talent_2_a: INDIRECT(ADDRESS(3-1+MATCH('[5]user-guide-image'!$B$1,'[5]user-guide-image'!$B$2:$B$124, 0), 6))
Name Flag_Talent_2_a: INDIRECT(ADDRESS(3-1+MATCH('user-guide-image'!$B$1,'user-guide-image'!$B$2:$B$124, 0), 6))
Name lu_Filter_Income: OFFSET(#REF!,0,0,#REF!,1)
Name lu_Filter_Income: OFFSET(#REF!,0,0,#REF!,1)
Name lu_Filter_Income: OFFSET(#REF!,0,0,#REF!,1)
Name lu_Filter_Income: OFFSET(#REF!,0,0,#REF!,1)
Name lu_Filter_Income: OFFSET([6]tblTerritories!$BD$3,0,0,[6]tblTerritories!$BD$2,1)
Name lu_Filter_Var: OFFSET(#REF!,0,0,#REF!,1)
Name lu_Filter_Var: OFFSET(#REF!,0,0,#REF!,1)
Name lu_Filter_Var: OFFSET(#REF!,0,0,#REF!,1)
Name lu_Filter_Var: OFFSET(#REF!,0,0,#REF!,1)
Name lu_Filter_Var: OFFSET([6]tblTerritories!$BH$3,0,0,[6]tblTerritories!$BH$2,1)
Name Roll_Over: #REF!
Name Roll_Over: #REF!
Name Roll_Over: #REF!
Name Roll_Over: #REF!
Name Roll_Over: #REF!
Name Roll_Over: #REF!
Name Roll_Over: #REF!
Name Roll_Over: #REF!
Name Roll_Over: #REF!
Name Roll_Over: #REF!
Name Roll_Over: #REF!
Name Rollover: #REF!
Name Rollover: #REF!
Name Rollover: #REF!
Name Rollover: #REF!
Name Rollover: #REF!
Name Rollover: #REF!
Name Rollover: #REF!
Name Rollover: #REF!
Name Rollover: #REF!
Name Rollover: #REF!
Name Rollover: #REF!
Name Slicer_1_Economic_Pillar: #N/A
Name Slicer_Column61: #N/A
Name Slicer_Countries1: #N/A
Name Slicer_Countries11: #N/A
Name Slicer_Indicator1: #N/A
Name Slicer_Indicator11: #N/A
Name Slicer_Indicator111: #N/A
Name Slicer_Indicator12: #N/A
Name Slicer_Indicators: #N/A
Name Slicer_Pages1: #N/A
Name Slicer_Peer: #N/A
Name Slicer_Peer1: #N/A
Name Slicer_Population: #N/A
Name Slicer_Population11: #N/A
Name Slicer_Rankings1: #N/A
Name Slicer_Scatter___siZe: #N/A
Name Slicer_Scatter___X: #N/A

Sheet Year2024
B1: NA. | C1: Data | H1: Australia | I1: Bangladesh | J1: Brunei | K1: Cambodia | L1: Canada | M1: Chile | N1: China | O1: Taiwan | P1: Ecuador | Q1: Hong Kong, SAR | R1: India | S1: Indonesia | T1: Japan | U1: Laos | V1: Malaysia | W1: Mexico | X1: Myanmar | Y1: New Zealand | Z1: Pakistan | AA1: Papua New Guinea | AB1: Peru | AC1: Philippines | AD1: Russia | AE1: Singapore | AF1: South Korea | AG1: Sri Lanka | AH1: Thailand | AI1: United Kingdom | AJ1: United States | AK1: Vietnam
B2: 0verall STI | C2: 0verall STI
B4: 1. Economic Pillar | C4: Economic Pillar
A5: 1 | B5: 1.01 | C5: Consumer price inflation | H5: 2023 | I5: 2023 | J5: 2023 | K5: 2023 | L5: 2023 | M5: 2023 | N5: 2023 | O5: 2023 | P5: 2023 | Q5: 2023 | R5: 2023 | S5: 2023 | T5: 2023 | U5: 2023 | V5: 2023 | W5: 2023 | X5: 2023 | Y5: 2023 | Z5: 2023 | AA5: 2023 | AB5: 2023 | AC5: 2023 | AD5: 2023 | AE5: 2023 | AF5: 2023 | AG5: 2022 | AH5: 2023 | AI5: 2023 | AJ5: 2023 | AK5: 2023 | AL5: y | AM5: 2023
A6: 2 | B6: 1.02 | C6: Real GDP Growth per capita, % GDP | H6: 2023 | I6: 2023 | J6: 2023 | K6: 2023 | L6: 2023 | M6: 2023 | N6: 2023 | O6: 2023 | P6: 2023 | Q6: 2023 | R6: 2023 | S6: 2023 | T6: 2023 | U6: 2023 | V6: 2023 | W6: 2023 | X6: 2023 | Y6: 2023 | Z6: 2023 | AA6: 2023 | AB6: 2023 | AC6: 2023 | AD6: 2023 | AE6: 2023 | AF6: 2023 | AG6: 2022 | AH6: 2023 | AI6: 2023 | AJ6: 2023 | AK6: 2023 | AM6: 2023
A7: 3 | B7: 1.03 | C7: Growth in labor force, % | H7: 2023 | I7: 2023 | J7: 2023 | K7: 2023 | L7: 2023 | M7: 2023 | N7: 2023 | O7: 2023 | P7: 2023 | Q7: 2023 | R7: 2023 | S7: 2023 | T7: 2023 | U7: 2023 | V7: 2023 | W7: 2023 | X7: 2023 | Y7: 2023 | Z7: 2023 | AA7: 2023 | AB7: 2023 | AC7: 2023 | AD7: 2023 | AE7: 2023 | AF7: 2023 | AG7: 2023 | AH7: 2023 | AI7: 2023 | AJ7: 2023 | AK7: 2023 | AM7: 2023
A8: 4 | B8: 1.04 | C8: Foreign direct investment, net inflows, % GDP | H8: 2022 | I8: 2022 | J8: 2022 | K8: 2022 | L8: 2022 | M8: 2022 | N8: 2022 | O8: 2021 | P8: 2022 | Q8: 2022 | R8: 2022 | S8: 2022 | T8: 2022 | U8: 2022 | V8: 2022 | W8: 2022 | X8: 2022 | Y8: 2022 | Z8: 2022 | AA8: 2022 | AB8: 2022 | AC8: 2022 | AD8: 2022 | AE8: 2022 | AF8: 2022 | AG8: 2022 | AH8: 2022 | AI8: 2022 | AJ8: 2022 | AK8: 2022 | AL8: y | AM8: 2022
A9: 5 | B9: 1.05 | C9: Gross fixed capital formation, % GDP | H9: 2023 | I9: 2023 | J9: 2023 | K9: 2023 | L9: 2023 | M9: 2023 | N9: 2022 | O9: 2023 | P9: 2023 | Q9: 2023 | R9: 2023 | S9: 2023 | T9: 2022 | U9: 2016 | V9: 2023 | W9: 2023 | Y9: 2022 | Z9: 2023 | AB9: 2023 | AC9: 2023 | AD9: 2023 | AE9: 2023 | AF9: 2023 | AG9: 2023 | AH9: 2023 | AI9: 2023 | AJ9: 2022 | AK9: 2022 | AM9: 2023
A10: 6 | B10: 1.06 | C10: Tariff & non-tariff barriers
A11: 7 | B11: 1.06.01 | C11: Tariff barriers
A12: 8 | B12: 1.06.01.a | C12: Tariff barriers in force | H12: 2023 | I12: 2023 | J12: 2023 | K12: 2023 | L12: 2023 | M12: 2023 | N12: 2023 | O12: 2023 | P12: 2023 | Q12: 2023 | R12: 2023 | S12: 2023 | T12: 2023 | U12: 2023 | V12: 2023 | W12: 2023 | X12: 2023 | Y12: 2023 | Z12: 2023 | AA12: 2023 | AB12: 2023 | AC12: 2023 | AD12: 2023 | AE12: 2023 | AF12: 2023 | AG12: 2023 | AH12: 2023 | AI12: 2023 | AJ12: 2023 | AK12: 2023 | AM12: 2023
A13: 9 | B13: 1.06.01.b | C13: New tariff barriers 2023 | H13: 2023 | I13: 2023 | J13: 2023 | K13: 2023 | L13: 2023 | M13: 2023 | N13: 2023 | O13: 2023 | P13: 2023 | Q13: 2023 | R13: 2023 | S13: 2023 | T13: 2023 | U13: 2023 | V13: 2023 | W13: 2023 | X13: 2023 | Y13: 2023 | Z13: 2023 | AA13: 2023 | AB13: 2023 | AC13: 2023 | AD13: 2023 | AE13: 2023 | AF13: 2023 | AG13: 2023 | AH13: 2023 | AI13: 2023 | AJ13: 2023 | AK13: 2023 | AL13: y | AM13: 2023
A14: 10 | B14: 1.06.01.c | C14: Net percentage of imports affected by new tariff barriers (2023) | H14: 2023 | I14: 2023 | J14: 2023 | K14: 2023 | L14: 2023 | M14: 2023 | N14: 2023 | O14: 2023 | P14: 2023 | R14: 2023 | S14: 2023 | T14: 2023 | U14: 2023 | V14: 2023 | W14: 2023 | X14: 2023 | Y14: 2023 | Z14: 2023 | AA14: 2023 | AB14: 2023 | AC14: 2023 | AD14: 2023 | AE14: 2023 | AF14: 2023 | AG14: 2023 | AH14: 2023 | AI14: 2023 | AJ14: 2023 | AK14: 2023 | AM14: 2023
A15: 11 | B15: 1.06.02 | C15: Non-tariff barriers
A16: 12 | B16: 1.06.02.a | C16: Non-tariff barriers in force | H16: 2023 | I16: 2023 | J16: 2023 | K16: 2023 | L16: 2023 | M16: 2023 | N16: 2023 | O16: 2023 | P16: 2023 | Q16: 2023 | R16: 2023 | S16: 2023 | T16: 2023 | U16: 2023 | V16: 2023 | W16: 2023 | X16: 2023 | Y16: 2023 | Z16: 2023 | AA16: 2023 | AB16: 2023 | AC16: 2023 | AD16: 2023 | AE16: 2023 | AF16: 2023 | AG16: 2023 | AH16: 2023 | AI16: 2023 | AJ16: 2023 | AK16: 2023 | AL16: y | AM16: 2023
A17: 13 | B17: 1.06.02.b | C17: New non-tariff barriers 2023 | H17: 2023 | I17: 2023 | J17: 2023 | K17: 2023 | L17: 2023 | M17: 2023 | N17: 2023 | O17: 2023 | P17: 2023 | Q17: 2023 | R17: 2023 | S17: 2023 | T17: 2023 | U17: 2023 | V17: 2023 | W17: 2023 | X17: 2023 | Y17: 2023 | Z17: 2023 | AA17: 2023 | AB17: 2023 | AC17: 2023 | AD17: 2023 | AE17: 2023 | AF17: 2023 | AG17: 2023 | AH17: 2023 | AI17: 2023 | AJ17: 2023 | AK17: 2023 | AL17: y | AM17: 2023
A18: 14 | B18: 1.06.02.c | C18: Net percentage of imports affected by new non-tariff barriers (2023) | H18: 2023 | I18: 2023 | J18: 2023 | K18: 2023 | L18: 2023 | M18: 2023 | N18: 2023 | O18: 2023 | P18: 2023 | R18: 2023 | S18: 2023 | T18: 2023 | U18: 2023 | V18: 2023 | W18: 2023 | X18: 2023 | Y18: 2023 | Z18: 2023 | AA18: 2023 | AB18: 2023 | AC18: 2023 | AD18: 2023 | AE18: 2023 | AF18: 2023 | AG18: 2023 | AH18: 2023 | AI18: 2023 | AJ18: 2023 | AK18: 2023 | AM18: 2023
A19: 15 | B19: 1.07 | C19: Trade liberalization
A20: 16 | B20: 1.07.01 | C20: Regional Trade Agreements, number in force | H20: 2024 | I20: 2024 | J20: 2024 | K20: 2024 | L20: 2024 | M20: 2024 | N20: 2024 | O20: 2024 | P20: 2024 | Q20: 2024 | R20: 2024 | S20: 2024 | T20: 2024 | U20: 2024 | V20: 2024 | W20: 2024 | X20: 2024 | Y20: 2024 | Z20: 2024 | AA20: 2024 | AB20: 2024 | AC20: 2024 | AD20: 2024 | AE20: 2024 | AF20: 2024 | AG20: 2024 | AH20: 2024 | AI20: 2024 | AJ20: 2024 | AK20: 2024 | AM20: 2024
A21: 17 | B21: 1.07.02 | C21: Capital account liberalization, Index | H21: 2021 | I21: 2021 | K21: 2021 | L21: 2021 | M21: 2021 | N21: 2021 | P21: 2021 | Q21: 2021 | R21: 2021 | S21: 2021 | T21: 2021 | U21: 2021 | V21: 2021 | W21: 2021 | X21: 2021 | Y21: 2021 | Z21: 2021 | AA21: 2021 | AB21: 2021 | AC21: 2021 | AD21: 2021 | AE21: 2021 | AF21: 2021 | AG21: 2021 | AH21: 2021 | AI21: 2021 | AJ21: 2021 | AK21: 2021 | AM21: 2021
A22: 18 | B22: 1.07.03 | C22: Investment Freedom, Index | H22: 2024 | I22: 2024 | J22: 2024 | K22: 2024 | L22: 2024 | M22: 2024 | N22: 2024 | O22: 2024 | P22: 2024 | R22: 2024 | S22: 2024 | T22: 2024 | V22: 2024 | W22: 2024 | X22: 2024 | Y22: 2024 | Z22: 2024 | AA22: 2024 | AB22: 2024 | AC22: 2024 | AD22: 2024 | AE22: 2024 | AF22: 2024 | AG22: 2024 | AH22: 2024 | AI22: 2024 | AJ22: 2024 | AK22: 2024 | AM22: 2024
A23: 19 | B23: 1.08 | C23: Exchange rate stability, parity change from national currency to SDR, 2023/2021 | H23: 2023 | I23: 2023 | J23: 2023 | K23: 2023 | L23: 2023 | M23: 2023 | N23: 2023 | O23: 2023 | P23: 2023 | Q23: 2023 | R23: 2023 | S23: 2023 | T23: 2023 | U23: 2023 | V23: 2023 | W23: 2023 | X23: 2020 | Y23: 2023 | Z23: 2023 | AA23: 2021 | AB23: 2023 | AC23: 2023 | AD23: 2023 | AE23: 2023 | AF23: 2023 | AG23: 2021 | AH23: 2023 | AI23: 2023 | AJ23: 2023 | AK23: 2023 | AL23: y | AM23: 2023
A24: 20 | B24: 1.09 | C24: Domestic credit to private sector, % of GDP | H24: 2022 | I24: 2022 | J24: 2022 | K24: 2022 | M24: 2022 | N24: 2022 | P24: 2022 | Q24: 2022 | R24: 2021 | S24: 2022 | T24: 2022 | V24: 2022 | W24: 2022 | X24: 2020 | Y24: 2022 | Z24: 2022 | AA24: 2022 | AB24: 2021 | AC24: 2022 | AD24: 2021 | AE24: 2020 | AF24: 2022 | AG24: FALSE | AH24: 2022 | AI24: 2022 | AJ24: 2021 | AK24: 2022 | AM24: 2022
A25: 21 | B25: 1.10 | C25: Foreign trade and payments risk
A26: 22 | B26: 1.10.01 | C26: Country credit rating | H26: 2024 | I26: 2024 | K26: 2024 | L26: 2024 | M26: 2024 | N26: 2024 | O26: 2024 | P26: 2024 | Q26: 2024 | R26: 2024 | S26: 2024 | T26: 2024 | U26: 2024 | V26: 2024 | W26: 2024 | Y26: 2024 | Z26: 2024 | AA26: 2024 | AB26: 2024 | AC26: 2024 | AD26: 2024 | AE26: 2024 | AF26: 2024 | AG26: 2024 | AH26: 2024 | AI26: 2024 | AJ26: 2024 | AK26: 2024 | AM26: 2024
A27: 23 | B27: 1.10.02 | C27: Gross debt, % GDP | H27: 2023 | I27: 2023 | J27: 2023 | K27: 2023 | L27: 2023 | M27: 2023 | N27: 2023 | O27: 2023 | P27: 2023 | Q27: 2023 | R27: 2023 | S27: 2023 | T27: 2023 | U27: 2023 | V27: 2023 | W27: 2023 | X27: 2023 | Y27: 2023 | Z27: 2023 | AA27: 2023 | AB27: 2023 | AC27: 2023 | AD27: 2023 | AE27: 2023 | AF27: 2023 | AG27: 2022 | AH27: 2023 | AI27: 2023 | AJ27: 2023 | AK27: 2023 | AM27: 2023
A28: 24 | B28: 1.11 | C28: Trade costs
A29: 25 | B29: 1.11.01 | C29: Logistics performance, index | H29: 2023 | I29: 2023 | J29: 2018 | K29: 2023 | L29: 2023 | M29: 2023 | N29: 2023 | O29: 2023 | P29: 2018 | Q29: 2023 | R29: 2023 | S29: 2023 | T29: 2023 | U29: 2023 | V29: 2023 | W29: 2023 | X29: 2018 | Y29: 2023 | Z29: 2018 | AA29: 2023 | AB29: 2023 | AC29: 2023 | AD29: 2023 | AE29: 2023 | AF29: 2023 | AG29: 2023 | AH29: 2023 | AI29: 2023 | AJ29: 2023 | AK29: 2023 | AM29: 2023
A30: 26 | B30: 1.11.02 | C30: Corruption perceptions, index | H30: 2023 | I30: 2023 | J30: 2020 | K30: 2023 | L30: 2023 | M30: 2023 | N30: 2023 | O30: 2023 | P30: 2023 | Q30: 2023 | R30: 2023 | S30: 2023 | T30: 2023 | U30: 2023 | V30: 2023 | W30: 2023 | X30: 2023 | Y30: 2023 | Z30: 2023 | AA30: 2023 | AB30: 2023 | AC30: 2023 | AD30: 2023 | AE30: 2023 | AF30: 2023 | AG30: 2023 | AH30: 2023 | AI30: 2023 | AJ30: 2023 | AK30: 2023 | AM30: 2023
A31: 27 | B31: 1.11.03 | C31: Rule of law, index | H31: 2022 | I31: 2022 | J31: 2022 | K31: 2022 | L31: 2022 | M31: 2022 | N31: 2022 | O31: 2022 | P31: 2022 | Q31: 2022 | R31: 2022 | S31: 2022 | T31: 2022 | U31: 2022 | V31: 2022 | W31: 2022 | X31: 2022 | Y31: 2022 | Z31: 2022 | AA31: 2022 | AB31: 2022 | AC31: 2022 | AD31: 2022 | AE31: 2022 | AF31: 2022 | AG31: 2022 | AH31: 2022 | AI31: 2022 | AJ31: 2022 | AK31: 2022 | AM31: 2022
A32: 28 | B32: 1.12 | C32: Monetary policy intervention
A33: 29 | B33: 1.12.01 | C33: Current account balance, % GDP | H33: 2023 | I33: 2023 | J33: 2023 | K33: 2023 | L33: 2023 | M33: 2023 | N33: 2023 | O33: 2023 | P33: 2023 | Q33: 2023 | R33: 2023 | S33: 2023 | T33: 2023 | U33: 2023 | V33: 2023 | W33: 2023 | X33: 2023 | Y33: 2023 | Z33: 2023 | AA33: 2023 | AB33: 2023 | AC33: 2023 | AD33: 2023 | AE33: 2023 | AF33: 2023 | AG33: 2022 | AH33: 2023 | AI33: 2023 | AJ33: 2023 | AK33: 2023 | AM33: 2023
A34: 30 | B34: 1.12.02 | C34: Change (1-year) in total reserves (includes gold), % GDP | H34: 2023 | I34: 2023 | J34: 2023 | K34: 2022 | L34: 2023 | M34: 2023 | N34: 2023 | P34: 2023 | Q34: 2023 | R34: 2023 | S34: 2023 | T34: 2023 | U34: 2023 | V34: 2023 | W34: 2023 | X34: 2020 | Y34: 2023 | Z34: 2023 | AA34: 2022 | AB34: 2023 | AC34: 2023 | AD34: 2023 | AE34: 2023 | AF34: 2023 | AG34: 2021 | AH34: 2023 | AI34: 2023 | AJ34: 2023 | AK34: 2022 | AM34: 2023
A35: 31 | B35: 1.13 | C35: Export concentration
A36: 32 | B36: 1.13.01 | C36: Export market concentration, Top 5 as % total | H36: 2023 | I36: 2023 | J36: 2023 | K36: 2023 | L36: 2023 | M36: 2023 | N36: 2023 | O36: 2023 | P36: 2023 | Q36: 2023 | R36: 2023 | S36: 2023 | T36: 2023 | U36: 2023 | V36: 2023 | W36: 2023 | X36: 2023 | Y36: 2023 | Z36: 2023 | AA36: 2023 | AB36: 2023 | AC36: 2023 | AD36: 2023 | AE36: 2023 | AF36: 2023 | AG36: 2023 | AH36: 2023 | AI36: 2023 | AJ36: 2023 | AK36: 2023 | AM36: 2023
A37: 33 | B37: 1.13.02 | C37: Export product concentration, Top 5 as % total | H37: 2023 | I37: 2023 | J37: 2023 | K37: 2023 | L37: 2023 | M37: 2023 | N37: 2023 | O37: 2023 | P37: 2023 | Q37: 2023 | R37: 2023 | S37: 2023 | T37: 2023 | U37: 2023 | V37: 2023 | W37: 2023 | X37: 2023 | Y37: 2023 | Z37: 2023 | AA37: 2023 | AB37: 2023 | AC37: 2023 | AD37: 2023 | AE37: 2023 | AF37: 2023 | AG37: 2023 | AH37: 2023 | AI37: 2023 | AJ37: 2023 | AK37: 2023 | AM37: 2023
A38: 34 | B38: 1.14 | C38: Exports of goods and services
A39: 35 | B39: 1.14.01 | C39: Merchandise exports, US$ | H39: 2023 | I39: 2023 | J39: 2023 | K39: 2023 | L39: 2023 | M39: 2023 | N39: 2023 | O39: 2023 | P39: 2023 | Q39: 2023 | R39: 2023 | S39: 2023 | T39: 2023 | U39: 2023 | V39: 2023 | W39: 2023 | X39: 2023 | Y39: 2023 | Z39: 2023 | AA39: 2023 | AB39: 2023 | AC39: 2023 | AD39: 2023 | AE39: 2023 | AF39: 2023 | AG39: 2023 | AH39: 2023 | AI39: 2023 | AJ39: 2023 | AK39: 2023 | AL39: y | AM39: 2023
A40: 36 | B40: 1.14.02 | C40: Commercial services exports, US$ | H40: 2023 | I40: 2023 | J40: 2023 | K40: 2023 | L40: 2023 | M40: 2023 | N40: 2023 | O40: 2023 | P40: 2023 | Q40: 2023 | R40: 2023 | S40: 2023 | T40: 2023 | U40: 2023 | V40: 2023 | W40: 2023 | X40: 2022 | Y40: 2023 | Z40: 2023 | AA40: 2022 | AB40: 2023 | AC40: 2023 | AD40: 2023 | AE40: 2023 | AF40: 2023 | AG40: 2023 | AH40: 2023 | AI40: 2023 | AJ40: 2023 | AK40: 2023 | AL40: y | AM40: 2023
A41: 37 | B41: 1.15 | C41: Technological innovation
A42: 38 | B42: 1.15.01 | C42: R&D expenditure, % GDP | H42: 2019 | J42: 2018 | K42: 2015 | L42: 2022 | M42: 2020 | N42: 2021 | Q42: 2022 | R42: 2020 | S42: 2020 | T42: 2021 | V42: 2020 | W42: 2022 | X42: 2022 | Y42: 2021 | Z42: 2021 | AA42: 2016 | AB42: 2022 | AC42: 2018 | AD42: 2022 | AE42: 2020 | AF42: 2021 | AG42: 2020 | AH42: 2021 | AI42: 2021 | AJ42: 2021 | AK42: 2021 | AM42: 2022
A43: 39 | B43: 1.15.02 | C43: Researchers in R&D, per capita | H43: 2021 | J43: 2022 | K43: 2015 | L43: 2020 | M43: 2020 | N43: 2021 | O43: 2022 | Q43: 2022 | R43: 2020 | S43: 2020 | T43: 2021 | V43: 2020 | W43: 2021 | X43: 2021 | Y43: 2021 | Z43: 2021 | AA43: 2016 | AC43: 2018 | AD43: 2022 | AE43: 2020 | AG43: 2020 | AH43: 2021 | AJ43: 2020 | AK43: 2021 | AM43: 2022
A44: 40 | B44: 1.15.03 | C44: Patent applications, per million inhabitants | H44: 2022 | I44: 2022 | J44: 2022 | K44: 2022 | L44: 2022 | M44: 2022 | N44: 2022 | O44: 2022 | P44: 2022 | Q44: 2022 | R44: 2022 | S44: 2022 | T44: 2022 | V44: 2022 | W44: 2022 | Y44: 2022 | Z44: 2022 | AA44: 2022 | AB44: 2022 | AC44: 2022 | AD44: 2022 | AE44: 2022 | AF44: 2022 | AG44: 2022 | AH44: 2022 | AI44: 2022 | AJ44: 2022 | AK44: 2022 | AL44: y | AM44: 2022
A45: 41 | B45: 1.15.04 | C45: High-technology exports, % of manufactured exports | H45: 2022 | J45: 2022 | K45: 2022 | L45: 2022 | M45: 2022 | N45: 2022 | P45: 2022 | Q45: 2022 | R45: 2022 | S45: 2022 | T45: 2022 | U45: 2021 | V45: 2022 | W45: 2022 | X45: 2022 | Y45: 2022 | Z45: 2022 | AA45: 2021 | AB45: 2022 | AC45: 2022 | AD45: 2021 | AE45: 2022 | AF45: 2022 | AG45: 2022 | AH45: 2022 | AI45: 2022 | AJ45: 2022 | AK45: 2022 | AM45: 2022
A46: 42 | B46: 1.15.05 | C46: Scientific articles, per million people | H46: 2022 | I46: 2022 | J46: 2022 | K46: 2022 | L46: 2022 | M46: 2022 | N46: 2022 | O46: 2022 | P46: 2022 | Q46: 2022 | R46: 2022 | S46: 2022 | T46: 2022 | U46: 2022 | V46: 2022 | W46: 2022 | X46: 2022 | Y46: 2022 | Z46: 2022 | AA46: 2022 | AB46: 2022 | AC46: 2022 | AD46: 2022 | AE46: 2022 | AF46: 2022 | AG46: 2022 | AH46: 2022 | AI46: 2022 | AJ46: 2022 | AK46: 2022 | AM46: 2022
A47: 43 | B47: 1.16 | C47: Technological infrastructure
A48: 44 | B48: 1.16.01 | C48: Fixed internet speed, Mbps | H48: 2023 | I48: 2023 | J48: 2023 | K48: 2023 | L48: 2023 | M48: 2023 | N48: 2023 | O48: 2023 | P48: 2023 | Q48: 2023 | R48: 2023 | S48: 2023 | T48: 2023 | U48: 2023 | V48: 2023 | W48: 2023 | X48: 2023 | Y48: 2023 | Z48: 2023 | AA48: 2023 | AB48: 2023 | AC48: 2023 | AD48: 2023 | AE48: 2023 | AF48: 2023 | AG48: 2023 | AH48: 2023 | AI48: 2023 | AJ48: 2023 | AK48: 2023 | AM48: 2023
A49: 45 | B49: 1.16.02 | C49: Internet users, % population | H49: 2021 | I49: 2021 | J49: 2021 | K49: 2021 | L49: 2021 | M49: 2021 | N49: 2022 | O49: 2020 | P49: 2022 | Q49: 2022 | R49: 2021 | S49: 2022 | T49: 2021 | U49: 2021 | V49: 2022 | W49: 2021 | X49: 2021 | Y49: 2021 | Z49: 2021 | AA49: 2021 | AB49: 2022 | AC49: 2021 | AD49: 2022 | AE49: 2022 | AF49: 2022 | AG49: 2021 | AH49: 2022 | AI49: 2021 | AJ49: 2021 | AK49: 2022 | AM49: 2022
A50: 46 | B50: 1.16.03 | C50: Fixed broadband subscriptions | H50: 2022 | I50: 2022 | J50: 2022 | K50: 2022 | L50: 2022 | M50: 2022 | N50: 2022 | O50: 2022 | P50: 2022 | Q50: 2022 | R50: 2022 | S50: 2022 | T50: 2022 | U50: 2021 | V50: 2022 | W50: 2022 | X50: 2022 | Y50: 2022 | Z50: 2022 | AA50: 2021 | AB50: 2022 | AC50: 2022 | AD50: 2021 | AE50: 2022 | AF50: 2022 | AG50: 2022 | AH50: 2022 | AI50: 2022 | AJ50: 2022 | AK50: 2022 | AM50: 2022
A51: 47 | B51: 1.16.04 | C51: Mobile subscriptions (per 100 people) | H51: 2022 | I51: 2022 | J51: 2022 | K51: 2022 | L51: 2022 | M51: 2022 | N51: 2022 | O51: 2022 | P51: 2022 | Q51: 2022 | R51: 2022 | S51: 2022 | T51: 2022 | U51: 2021 | V51: 2022 | W51: 2022 | X51: 2022 | Y51: 2022 | Z51: 2022 | AA51: 2021 | AB51: 2022 | AC51: 2022 | AD51: 2021 | AE51: 2022 | AF51: 2022 | AG51: 2022 | AH51: 2022 | AI51: 2022 | AJ51: 2022 | AK51: 2022 | AM51: 2022
B54: 2. Societal Pillar | C54: Societal Pillar
A55: 48 | B55: 2.01 | C55: Inequality (Gini coefficient) | H55: 2018 | I55: 2022 | L55: 2019 | M55: 2022 | N55: 2020 | P55: 2022 | R55: 2021 | S55: 2023 | U55: 2018 | V55: 2021 | W55: 2022 | X55: 2017 | Z55: 2018 | AB55: 2022 | AC55: 2021 | AD55: 2020 | AF55: 2016 | AG55: 2016 | AH55: 2021 | AI55: 2021 | AJ55: 2021 | AK55: 2022 | AM55: 2023
A56: 49 | B56: 2.02 | C56: Educational attainment
A57: 50 | B57: 2.02.01 | C57: Mean years of schooling | H57: 2022 | I57: 2022 | J57: 2022 | K57: 2022 | L57: 2022 | M57: 2022 | N57: 2022 | O57: 2022 | P57: 2022 | Q57: 2022 | R57: 2022 | S57: 2022 | T57: 2022 | U57: 2022 | V57: 2022 | W57: 2022 | X57: 2022 | Y57: 2022 | Z57: 2022 | AA57: 2022 | AB57: 2022 | AC57: 2022 | AD57: 2022 | AE57: 2022 | AF57: 2022 | AG57: 2022 | AH57: 2022 | AI57: 2022 | AJ57: 2022 | AK57: 2022 | AM57: 2022
A58: 51 | B58: 2.02.02 | C58: University education Index | H58: 2023 | I58: 2023 | J58: 2023 | K58: 2023 | L58: 2023 | M58: 2023 | N58: 2023 | O58: 2023 | P58: 2023 | Q58: 2023 | R58: 2023 | S58: 2023 | T58: 2023 | U58: 2023 | V58: 2023 | W58: 2023 | X58: 2023 | Y58: 2023 | Z58: 2023 | AA58: 2023 | AB58: 2023 | AC58: 2023 | AD58: 2023 | AE58: 2023 | AF58: 2023 | AG58: 2023 | AH58: 2023 | AI58: 2023 | AJ58: 2023 | AK58: 2023 | AM58: 2023
A59: 52 | B59: 2.02.03 | C59: Tertiary enrollment | H59: 2022 | I59: 2022 | J59: 2020 | K59: 2022 | L59: 2021 | M59: 2022 | N59: 2022 | O59: 2021 | P59: 2020 | Q59: 2022 | R59: 2023 | S59: 2022 | T59: 2021 | U59: 2021 | V59: 2022 | W59: 2022 | X59: 2018 | Y59: 2021 | Z59: 2023 | AB59: 2017 | AC59: 2021 | AD59: 2022 | AE59: 2021 | AF59: 2022 | AG59: 2022 | AH59: 2023 | AI59: 2022 | AJ59: 2022 | AK59: 2022 | AM59: 2023
A60: 53 | B60: 2.03 | C60: Labor standards
A61: 54 | B61: 2.03.01 | C61: Gender non-discrimination in hiring | H61: 2023 | I61: 2023 | J61: 2023 | K61: 2023 | L61: 2023 | M61: 2023 | N61: 2023 | O61: 2023 | P61: 2023 | Q61: 2023 | R61: 2023 | S61: 2023 | T61: 2023 | U61: 2023 | V61: 2023 | W61: 2023 | X61: 2023 | Y61: 2023 | Z61: 2023 | AA61: 2023 | AB61: 2023 | AC61: 2023 | AD61: 2023 | AE61: 2023 | AF61: 2023 | AG61: 2023 | AH61: 2023 | AI61: 2023 | AJ61: 2023 | AK61: 2023 | AM61: 2023
A62: 55 | B62: 2.03.02 | C62: Freedom of association and assembly | H62: 2022 | I62: 2022 | K62: 2022 | L62: 2022 | M62: 2022 | N62: 2022 | O62: 2022 | P62: 2022 | R62: 2022 | S62: 2022 | T62: 2022 | U62: 2022 | V62: 2022 | W62: 2022 | X62: 2022 | Y62: 2022 | Z62: 2022 | AA62: 2022 | AB62: 2022 | AC62: 2022 | AD62: 2022 | AE62: 2022 | AF62: 2022 | AG62: 2022 | AH62: 2022 | AI62: 2022 | AJ62: 2022 | AK62: 2022 | AM62: 2022
A63: 56 | B63: 2.04 | C63: Political stability and absence of violence | H63: 2022 | I63: 2022 | J63: 2022 | K63: 2022 | L63: 2022 | M63: 2022 | N63: 2022 | O63: 2021 | P63: 2022 | Q63: 2022 | R63: 2022 | S63: 2022 | T63: 2022 | U63: 2022 | V63: 2022 | W63: 2022 | X63: 2022 | Y63: 2022 | Z63: 2022 | AA63: 2022 | AB63: 2022 | AC63: 2022 | AD63: 2022 | AE63: 2022 | AF63: 2022 | AG63: 2022 | AH63: 2022 | AI63: 2022 | AJ63: 2022 | AK63: 2022 | AM63: 2022
A64: 57 | B64: 2.05 | C64: Goods produced by forced labor or child labor
A65: 58 | B65: 2.05.01 | C65: Goods produced by forced labor
A66: 59 | B66: 2.05.01.a | C66: Goods produced by forced labor, number of goods categories | H66: 2022 | I66: 2022 | J66: 2022 | K66: 2022 | L66: 2022 | M66: 2022 | N66: 2022 | O66: 2022 | P66: 2022 | Q66: 2022 | R66: 2022 | S66: 2022 | T66: 2022 | U66: 2022 | V66: 2022 | W66: 2022 | X66: 2022 | Y66: 2022 | Z66: 2022 | AA66: 2022 | AB66: 2022 | AC66: 2022 | AD66: 2022 | AE66: 2022 | AF66: 2022 | AG66: 2022 | AH66: 2022 | AI66: 2022 | AJ66: 2022 | AK66: 2022 | AL66: y | AM66: 2022
A67: 60 | B67: 2.05.01.b | C67: % population in forced labor | H67: 2023 | I67: 2023 | K67: 2023 | L67: 2023 | M67: 2023 | N67: 2023 | O67: 2023 | P67: 2023 | Q67: 2023 | R67: 2023 | S67: 2023 | T67: 2023 | U67: 2023 | V67: 2023 | W67: 2023 | X67: 2023 | Y67: 2023 | Z67: 2023 | AA67: 2023 | AB67: 2023 | AC67: 2023 | AD67: 2023 | AE67: 2023 | AF67: 2023 | AG67: 2023 | AH67: 2023 | AI67: 2023 | AJ67: 2023 | AK67: 2023 | AM67: 2023
A68: 61 | B68: 2.05.02 | C68: Goods produced by child labor, number of goods categories | H68: 2022 | I68: 2022 | J68: 2022 | K68: 2022 | L68: 2022 | M68: 2022 | N68: 2022 | O68: 2022 | P68: 2022 | Q68: 2022 | R68: 2022 | S68: 2022 | T68: 2022 | U68: 2022 | V68: 2022 | W68: 2022 | X68: 2022 | Y68: 2022 | Z68: 2022 | AA68: 2022 | AB68: 2022 | AC68: 2022 | AD68: 2022 | AE68: 2022 | AF68: 2022 | AG68: 2022 | AH68: 2022 | AI68: 2022 | AJ68: 2022 | AK68: 2022 | AM68: 2022
A69: 62 | B69: 2.06 | C69: Government response to human trafficking
A70: 63 | B70: 2.06.01 | C70: Government response to human trafficking, Criminalization | H70: 2023 | I70: 2023 | J70: 2023 | K70: 2023 | L70: 2023 | M70: 2023 | N70: 2022 | P70: 2023 | Q70: 2022 | R70: 2023 | S70: 2023 | T70: 2023 | U70: 2023 | V70: 2023 | W70: 2023 | X70: 2022 | Y70: 2023 | Z70: 2023 | AA70: 2023 | AB70: 2023 | AC70: 2023 | AD70: 2023 | AE70: 2023 | AF70: 2023 | AG70: 2023 | AH70: 2023 | AI70: 2023 | AJ70: 2023 | AK70: 2023 | AM70: 2023
A71: 64 | B71: 2.06.02 | C71: Government response to human trafficking, Strategy | H71: 2023 | I71: 2023 | J71: 2023 | K71: 2023 | L71: 2023 | M71: 2023 | N71: 2023 | O71: 2023 | P71: 2023 | Q71: 2023 | R71: 2023 | S71: 2023 | T71: 2023 | U71: 2023 | V71: 2023 | W71: 2023 | X71: 2023 | Y71: 2023 | Z71: 2023 | AA71: 2023 | AB71: 2023 | AC71: 2023 | AD71: 2023 | AE71: 2023 | AF71: 2023 | AG71: 2023 | AH71: 2023 | AI71: 2023 | AJ71: 2023 | AK71: 2023 | AM71: 2023
A72: 65 | B72: 2.06.03 | C72: Government response to human trafficking, Action | H72: 2023 | I72: 2023 | J72: 2023 | K72: 2023 | L72: 2023 | M72: 2023 | N72: 2023 | O72: 2023 | P72: 2023 | Q72: 2023 | R72: 2023 | S72: 2023 | T72: 2023 | U72: 2023 | V72: 2023 | W72: 2023 | X72: 2022 | Y72: 2023 | Z72: 2023 | AA72: 2023 | AB72: 2023 | AC72: 2023 | AD72: 2023 | AE72: 2023 | AF72: 2023 | AG72: 2023 | AH72: 2023 | AI72: 2023 | AJ72: 2023 | AK72: 2023 | AM72: 2023
A73: 66 | B73: 2.07 | C73: Trade in goods at risk of modern slavery
A74: 67 | B74: 2.07.01 | C74: Imports of goods at risk of modern slavery, US$ millions | H74: 2022 | I74: 2022 | J74: 2022 | K74: 2022 | L74: 2022 | M74: 2022 | N74: 2022 | O74: 2022 | P74: 2022 | Q74: 2022 | R74: 2022 | S74: 2022 | T74: 2022 | U74: 2022 | V74: 2022 | W74: 2022 | X74: 2022 | Y74: 2022 | Z74: 2022 | AA74: 2022 | AB74: 2022 | AC74: 2022 | AD74: 2022 | AE74: 2022 | AF74: 2022 | AG74: 2022 | AH74: 2022 | AI74: 2022 | AJ74: 2022 | AK74: 2022 | AL74: y | AM74: 2022
A75: 68 | B75: 2.07.02 | C75: Exports of goods at risk of modern slavery, US$ millions | H75: 2022 | I75: 2022 | J75: 2022 | K75: 2022 | L75: 2022 | M75: 2022 | N75: 2022 | O75: 2022 | P75: 2022 | Q75: 2022 | R75: 2022 | S75: 2022 | T75: 2022 | U75: 2022 | V75: 2022 | W75: 2022 | X75: 2022 | Y75: 2022 | Z75: 2022 | AA75: 2022 | AB75: 2022 | AC75: 2022 | AD75: 2022 | AE75: 2022 | AF75: 2022 | AG75: 2022 | AH75: 2022 | AI75: 2022 | AJ75: 2022 | AK75: 2022 | AL75: y | AM75: 2022
A76: 69 | B76: 2.08 | C76: Social mobility, Index | H76: 2020 | I76: 2020 | L76: 2020 | M76: 2020 | N76: 2020 | P76: 2020 | R76: 2020 | S76: 2020 | T76: 2020 | U76: 2020 | V76: 2020 | W76: 2020 | Y76: 2020 | Z76: 2020 | AB76: 2020 | AC76: 2020 | AD76: 2020 | AE76: 2020 | AF76: 2020 | AG76: 2020 | AH76: 2020 | AI76: 2020 | AJ76: 2020 | AK76: 2020 | AM76: 2020
A77: 70 | B77: 2.09 | C77: Life expectancy at birth | H77: 2022 | I77: 2022 | J77: 2022 | K77: 2022 | L77: 2022 | M77: 2022 | N77: 2022 | O77: 2022 | P77: 2022 | Q77: 2022 | R77: 2022 | S77: 2022 | T77: 2022 | U77: 2022 | V77: 2022 | W77: 2022 | X77: 2022 | Y77: 2022 | Z77: 2022 | AA77: 2022 | AB77: 2022 | AC77: 2022 | AD77: 2022 | AE77: 2022 | AF77: 2022 | AG77: 2022 | AH77: 2022 | AI77: 2022 | AJ77: 2022 | AK77: 2022 | AM77: 2022
A78: 71 | B78: 2.10 | C78: Uneven Economic Development | H78: 2023 | I78: 2023 | J78: 2023 | K78: 2023 | L78: 2023 | M78: 2023 | N78: 2023 | P78: 2023 | R78: 2023 | S78: 2023 | T78: 2023 | U78: 2023 | V78: 2023 | W78: 2023 | X78: 2023 | Y78: 2023 | Z78: 2023 | AA78: 2023 | AB78: 2023 | AC78: 2023 | AD78: 2023 | AE78: 2023 | AF78: 2023 | AG78: 2023 | AH78: 2023 | AI78: 2023 | AJ78: 2023 | AK78: 2023 | AM78: 2023
A79: 72 | B79: 2.11 | C79: Universal Health Coverage Index | H79: 2021 | I79: 2021 | J79: 2021 | K79: 2021 | L79: 2021 | M79: 2021 | N79: 2021 | P79: 2021 | R79: 2021 | S79: 2021 | T79: 2021 | U79: 2021 | V79: 2021 | W79: 2021 | X79: 2021 | Y79: 2021 | Z79: 2021 | AA79: 2021 | AB79: 2021 | AC79: 2021 | AD79: 2021 | AE79: 2021 | AF79: 2021 | AG79: 2021 | AH79: 2021 | AI79: 2021 | AJ79: 2021 | AK79: 2021 | AM79: 2021
B82: 3. Environmental Pillar | C82: Environmental Pillar
A83: 72 | B83: 3.01 | C83: Air pollution | H83: 2020 | I83: 2020 | J83: 2020 | K83: 2020 | L83: 2020 | M83: 2020 | N83: 2020 | O83: 2020 | P83: 2020 | Q83: 2020 | R83: 2020 | S83: 2020 | T83: 2020 | U83: 2020 | V83: 2020 | W83: 2020 | X83: 2020 | Y83: 2020 | Z83: 2020 | AA83: 2020 | AB83: 2020 | AC83: 2020 | AD83: 2020 | AE83: 2020 | AF83: 2020 | AG83: 2020 | AH83: 2020 | AI83: 2020 | AJ83: 2020 | AK83: 2020
A84: 73 | B84: 3.02 | C84: Deforestation | H84: 2022 | I84: 2022 | J84: 2022 | K84: 2022 | L84: 2022 | M84: 2022 | N84: 2022 | O84: 2022 | P84: 2022 | Q84: 2022 | R84: 2022 | S84: 2022 | T84: 2022 | U84: 2022 | V84: 2022 | W84: 2022 | X84: 2022 | Y84: 2022 | Z84: 2020 | AA84: 2022 | AB84: 2022 | AC84: 2022 | AD84: 2022 | AE84: 2022 | AF84: 2022 | AG84: 2022 | AH84: 2022 | AI84: 2022 | AJ84: 2022 | AK84: 2022 | AM84: 2020
A85: 74 | B85: 3.03 | C85: % of wastewater treated | H85: 2022 | I85: 2022 | J85: 2020 | K85: 2022 | L85: 2022 | M85: 2022 | N85: 2022 | O85: 2020 | P85: 2020 | Q85: 2022 | R85: 2022 | S85: 2020 | T85: 2022 | U85: 2022 | V85: 2022 | W85: 2022 | X85: 2022 | Y85: 2022 | Z85: 2022 | AA85: 2022 | AB85: 2022 | AC85: 2022 | AD85: 2022 | AE85: 2022 | AF85: 2022 | AG85: 2020 | AH85: 2022 | AI85: 2022 | AJ85: 2022 | AK85: 2022 | AM85: 2022
A86: 75 | B86: 3.04 | C86: Energy intensity | H86: 2021 | I86: 2021 | J86: 2021 | K86: 2021 | L86: 2021 | M86: 2021 | N86: 2021 | O86: 2021 | P86: 2021 | Q86: 2021 | R86: 2021 | S86: 2021 | T86: 2021 | U86: 2021 | V86: 2021 | W86: 2021 | X86: 2021 | Y86: 2021 | Z86: 2021 | AB86: 2021 | AC86: 2021 | AD86: 2021 | AE86: 2021 | AF86: 2021 | AG86: 2021 | AH86: 2021 | AI86: 2021 | AJ86: 2021 | AK86: 2021 | AM86: 2022
A87: 76 | B87: 3.05 | C87: Ecological footprint | H87: 2022 | I87: 2022 | J87: 2022 | K87: 2022 | L87: 2022 | M87: 2022 | N87: 2022 | P87: 2022 | R87: 2022 | S87: 2022 | T87: 2022 | U87: 2022 | V87: 2022 | W87: 2022 | X87: 2022 | Y87: 2022 | Z87: 2022 | AA87: 2022 | AB87: 2022 | AC87: 2022 | AD87: 2022 | AE87: 2022 | AF87: 2022 | AG87: 2018 | AH87: 2022 | AI87: 2022 | AJ87: 2022 | AK87: 2022 | AM87: 2021
A88: 77 | B88: 3.06 | C88: Renewable energy | H88: 2022 | I88: 2021 | J88: 2019 | K88: 2021 | L88: 2022 | M88: 2022 | N88: 2021 | O88: 2021 | P88: 2021 | Q88: 2021 | R88: 2021 | S88: 2021 | T88: 2022 | U88: 2021 | V88: 2021 | W88: 2022 | X88: 2021 | Y88: 2022 | Z88: 2021 | AB88: 2021 | AC88: 2021 | AD88: 2021 | AE88: 2021 | AF88: 2022 | AG88: 2021 | AH88: 2021 | AI88: 2022 | AJ88: 2022 | AK88: 2021 | AM88: 2022
A89: 78 | B89: 3.07 | C89: Environmental standards in trade | AM89: 2022
A90: 79 | B90: 3.07.01 | C90: Convention: Hazardous Wastes | H90: 2023 | I90: 2023 | J90: 2023 | K90: 2023 | L90: 2023 | M90: 2023 | N90: 2023 | O90: 2023 | P90: 2023 | Q90: 2022 | R90: 2023 | S90: 2023 | T90: 2023 | U90: 2023 | V90: 2023 | W90: 2023 | X90: 2023 | Y90: 2023 | Z90: 2023 | AA90: 2023 | AB90: 2023 | AC90: 2023 | AD90: 2023 | AE90: 2023 | AF90: 2023 | AG90: 2023 | AH90: 2023 | AI90: 2023 | AJ90: 2023 | AK90: 2023
A91: 80 | B91: 3.07.02 | C91: Convention: Prevention of Marine Pollution | H91: 2023 | I91: 2023 | J91: 2023 | K91: 2023 | L91: 2023 | M91: 2023 | N91: 2023 | O91: 2023 | P91: 2023 | Q91: 2023 | R91: 2023 | S91: 2023 | T91: 2023 | U91: 2023 | V91: 2023 | W91: 2023 | X91: 2023 | Y91: 2023 | Z91: 2023 | AA91: 2023 | AB91: 2023 | AC91: 2023 | AD91: 2023 | AE91: 2023 | AF91: 2023 | AG91: 2023 | AH91: 2023 | AI91: 2023 | AJ91: 2023 | AK91: 2023 | AM91: 2023
A92: 81 | B92: 3.07.03 | C92: Convention: Protection of the Ozone Layer (Vienna) | H92: 2023 | I92: 2023 | J92: 2023 | K92: 2023 | L92: 2023 | M92: 2023 | N92: 2023 | O92: 2023 | P92: 2023 | Q92: 2022 | R92: 2023 | S92: 2023 | T92: 2023 | U92: 2023 | V92: 2023 | W92: 2023 | X92: 2023 | Y92: 2023 | Z92: 2023 | AA92: 2023 | AB92: 2023 | AC92: 2023 | AD92: 2023 | AE92: 2023 | AF92: 2023 | AG92: 2023 | AH92: 2023 | AI92: 2023 | AJ92: 2023 | AK92: 2023 | AM92: 2023
A93: 82 | B93: 3.07.04 | C93: Convention on Climate Change (Kyoto) | H93: 2023 | I93: 2023 | J93: 2023 | K93: 2023 | L93: 2023 | M93: 2023 | N93: 2023 | O93: 2023 | P93: 2023 | Q93: 2022 | R93: 2023 | S93: 2023 | T93: 2023 | U93: 2023 | V93: 2023 | W93: 2023 | X93: 2023 | Y93: 2023 | Z93: 2023 | AA93: 2023 | AB93: 2023 | AC93: 2023 | AD93: 2023 | AE93: 2023 | AF93: 2023 | AG93: 2023 | AH93: 2023 | AI93: 2023 | AJ93: 2023 | AK93: 2023 | AM93: 2023
A94: 83 | B94: 3.07.05 | C94: The International Timber Agreement | H94: 2023 | I94: 2023 | J94: 2023 | K94: 2023 | L94: 2023 | M94: 2023 | N94: 2023 | O94: 2023 | P94: 2023 | Q94: 2022 | R94: 2023 | S94: 2023 | T94: 2023 | U94: 2023 | V94: 2023 | W94: 2023 | X94: 2023 | Y94: 2023 | Z94: 2023 | AA94: 2023 | AB94: 2023 | AC94: 2023 | AD94: 2023 | AE94: 2023 | AF94: 2023 | AG94: 2023 | AH94: 2023 | AI94: 2023 | AJ94: 2023 | AK94: 2023 | AM94: 2023
A95: 84 | B95: 3.07.06 | C95: Convention: International Trade in Endangered Species | H95: 2023 | I95: 2023 | J95: 2023 | K95: 2023 | L95: 2023 | M95: 2023 | N95: 2023 | O95: 2023 | P95: 2023 | Q95: 2022 | R95: 2023 | S95: 2023 | T95: 2023 | U95: 2023 | V95: 2023 | W95: 2023 | X95: 2023 | Y95: 2023 | Z95: 2023 | AA95: 2023 | AB95: 2023 | AC95: 2023 | AD95: 2023 | AE95: 2023 | AF95: 2023 | AG95: 2023 | AH95: 2023 | AI95: 2023 | AJ95: 2023 | AK95: 2023 | AM95: 2023
A96: 85 | B96: 3.07.07 | C96: Convention: Prior Informed Consent - Hazardous Chemicals (Rotterdam) | H96: 2023 | I96: 2023 | J96: 2023 | K96: 2023 | L96: 2023 | M96: 2023 | N96: 2023 | O96: 2023 | P96: 2023 | Q96: 2022 | R96: 2023 | S96: 2023 | T96: 2023 | U96: 2023 | V96: 2023 | W96: 2023 | X96: 2023 | Y96: 2023 | Z96: 2023 | AA96: 2023 | AB96: 2023 | AC96: 2023 | AD96: 2023 | AE96: 2023 | AF96: 2023 | AG96: 2023 | AH96: 2023 | AI96: 2023 | AJ96: 2023 | AK96: 2023 | AM96: 2023
A97: 86 | B97: 3.08 | C97: Transfer emissions | H97: 2021 | I97: 2021 | J97: 2021 | K97: 2021 | L97: 2021 | M97: 2021 | N97: 2021 | O97: 2021 | P97: 2021 | Q97: 2021 | R97: 2021 | S97: 2021 | T97: 2021 | U97: 2021 | V97: 2021 | W97: 2021 | Y97: 2021 | Z97: 2021 | AB97: 2021 | AC97: 2021 | AD97: 2021 | AE97: 2021 | AF97: 2021 | AG97: 2021 | AH97: 2021 | AI97: 2021 | AJ97: 2021 | AK97: 2021 | AM97: 2023
A98: 87 | B98: 3.09 | C98: Share of natural resources in trade | H98: 2023 | I98: 2023 | J98: 2023 | K98: 2023 | L98: 2023 | M98: 2023 | N98: 2023 | O98: 2023 | P98: 2023 | Q98: 2023 | R98: 2023 | S98: 2023 | T98: 2023 | U98: 2023 | V98: 2023 | W98: 2023 | X98: 2023 | Y98: 2023 | Z98: 2023 | AA98: 2023 | AB98: 2023 | AC98: 2023 | AD98: 2023 | AE98: 2023 | AF98: 2023 | AG98: 2023 | AH98: 2023 | AI98: 2023 | AJ98: 2023 | AK98: 2023 | AL98: y | AM98: 2021
A99: 88 | B99: 3.10 | C99: Carbon | AM99: 2023
A100: 89 | B100: 3.10.1 | C100: Carbon pricing | H100: 2024 | I100: 2024 | J100: 2024 | K100: 2024 | L100: 2024 | M100: 2024 | N100: 2024 | O100: 2024 | P100: 2024 | Q100: 2024 | R100: 2024 | S100: 2024 | T100: 2024 | U100: 2024 | V100: 2024 | W100: 2024 | X100: 2024 | Y100: 2024 | Z100: 2024 | AA100: 2024 | AB100: 2024 | AC100: 2024 | AD100: 2024 | AE100: 2024 | AF100: 2024 | AG100: 2024 | AH100: 2024 | AI100: 2024 | AJ100: 2024 | AK100: 2024
A101: 90 | B101: 3.10.2 | C101: CO2 emissions per capita | H101: 2022 | I101: 2022 | J101: 2022 | K101: 2022 | L101: 2022 | M101: 2022 | N101: 2022 | O101: 2022 | P101: 2022 | Q101: 2022 | R101: 2022 | S101: 2022 | T101: 2022 | U101: 2022 | V101: 2022 | W101: 2022 | X101: 2022 | Y101: 2022 | Z101: 2022 | AA101: 2022 | AB101: 2022 | AC101: 2022 | AD101: 2022 | AE101: 2022 | AF101: 2022 | AG101: 2022 | AH101: 2022 | AI101: 2022 | AJ101: 2022 | AK101: 2022 | AM101: 2024
AM102: 2022

Sheet Year2023
B1: NA. | C1: Data | H1: Australia | I1: Bangladesh | J1: Brunei | K1: Cambodia | L1: Canada | M1: Chile | N1: China | O1: Taiwan | P1: Ecuador | Q1: Hong Kong, SAR | R1: India | S1: Indonesia | T1: Japan | U1: Laos | V1: Malaysia | W1: Mexico | X1: Myanmar | Y1: New Zealand | Z1: Pakistan | AA1: Papua New Guinea | AB1: Peru | AC1: Philippines | AD1: Russia | AE1: Singapore | AF1: South Korea | AG1: Sri Lanka | AH1: Thailand | AI1: United Kingdom | AJ1: United States | AK1: Vietnam
B2: 0verall STI | C2: 0verall STI
B4: 1. Economic Pillar | C4: Economic Pillar
A5: 1 | B5: 1.01 | C5: Consumer price inflation | H5: 2021 | I5: 2021 | J5: 2021 | K5: 2021 | L5: 2021 | M5: 2021 | N5: 2021 | O5: 2021 | P5: 2021 | Q5: 2021 | R5: 2021 | S5: 2021 | T5: 2021 | U5: 2021 | V5: 2021 | W5: 2021 | X5: 2021 | Y5: 2021 | Z5: 2021 | AA5: 2021 | AB5: 2021 | AC5: 2021 | AD5: 2021 | AE5: 2021 | AF5: 2021 | AG5: 2021 | AH5: 2021 | AI5: 2021 | AJ5: 2021 | AK5: 2021
A6: 2 | B6: 1.02 | C6: Real GDP Growth per capita, % GDP | H6: 2021 | I6: 2021 | J6: 2021 | K6: 2021 | L6: 2021 | M6: 2021 | N6: 2021 | O6: 2021 | P6: 2021 | Q6: 2021 | R6: 2021 | S6: 2021 | T6: 2021 | U6: 2021 | V6: 2021 | W6: 2021 | X6: 2021 | Y6: 2021 | Z6: 2021 | AA6: 2021 | AB6: 2021 | AC6: 2021 | AD6: 2021 | AE6: 2021 | AF6: 2021 | AG6: 2021 | AH6: 2021 | AI6: 2021 | AJ6: 2021 | AK6: 2021
A7: 3 | B7: 1.03 | C7: Growth in labor force, % | H7: 2021 | I7: 2021 | J7: 2021 | K7: 2021 | L7: 2021 | M7: 2021 | N7: 2021 | O7: 2021 | P7: 2021 | Q7: 2021 | R7: 2021 | S7: 2021 | T7: 2021 | U7: 2021 | V7: 2021 | W7: 2021 | X7: 2021 | Y7: 2021 | Z7: 2021 | AA7: 2021 | AB7: 2021 | AC7: 2021 | AD7: 2021 | AE7: 2021 | AF7: 2021 | AG7: 2021 | AH7: 2021 | AI7: 2021 | AJ7: 2021 | AK7: 2021
A8: 4 | B8: 1.04 | C8: Foreign direct investment, net inflows, % GDP | H8: 2020 | I8: 2020 | J8: 2020 | K8: 2020 | L8: 2020 | M8: 2020 | N8: 2020 | O8: 2020 | P8: 2020 | Q8: 2020 | R8: 2020 | S8: 2020 | T8: 2020 | U8: 2020 | V8: 2020 | W8: 2020 | X8: 2020 | Y8: 2020 | Z8: 2020 | AA8: 2020 | AB8: 2020 | AC8: 2020 | AD8: 2020 | AE8: 2020 | AF8: 2020 | AG8: 2020 | AH8: 2020 | AI8: 2020 | AJ8: 2020 | AK8: 2020
A9: 5 | B9: 1.05 | C9: Gross fixed capital formation, % GDP | H9: 2020 | I9: 2020 | J9: 2020 | K9: 2020 | L9: 2020 | M9: 2020 | N9: 2020 | O9: 2020 | P9: 2020 | Q9: 2020 | R9: 2020 | S9: 2020 | T9: 2020 | U9: 2020 | V9: 2020 | W9: 2020 | X9: 2020 | Y9: 2020 | Z9: 2020 | AA9: 2020 | AB9: 2020 | AC9: 2020 | AD9: 2020 | AE9: 2020 | AF9: 2020 | AG9: 2020 | AH9: 2020 | AI9: 2020 | AJ9: 2020 | AK9: 2020
A10: 6 | B10: 1.06 | C10: Tariff & non-tariff barriers
A11: 7 | B11: 1.06.01 | C11: Tariff barriers
A12: 8 | B12: 1.06.01.a | C12: Tariff barriers in force | H12: 2021 | I12: 2021 | K12: 2021 | L12: 2021 | M12: 2021 | N12: 2021 | O12: 2021 | P12: 2021 | Q12: 2021 | R12: 2021 | S12: 2021 | T12: 2021 | V12: 2021 | W12: 2021 | X12: 2021 | Y12: 2021 | Z12: 2021 | AA12: 2021 | AB12: 2021 | AC12: 2021 | AD12: 2021 | AE12: 2021 | AF12: 2021 | AG12: 2021 | AH12: 2021 | AI12: 2021 | AJ12: 2021 | AK12: 2021
A13: 9 | B13: 1.06.01.b | C13: New tariff barriers 2021 | H13: 2021 | I13: 2021 | K13: 2021 | L13: 2021 | M13: 2021 | N13: 2021 | O13: 2021 | P13: 2021 | Q13: 2021 | R13: 2021 | S13: 2021 | T13: 2021 | V13: 2021 | W13: 2021 | X13: 2021 | Y13: 2021 | Z13: 2021 | AA13: 2021 | AB13: 2021 | AC13: 2021 | AD13: 2021 | AE13: 2021 | AF13: 2021 | AG13: 2021 | AH13: 2021 | AI13: 2021 | AJ13: 2021 | AK13: 2021
A14: 10 | B14: 1.06.01.c | C14: Percentage of trade affected by tariff barrier (up to 2018) | H14: 2018 | I14: 2018 | K14: 2018 | L14: 2018 | M14: 2018 | N14: 2018 | P14: 2018 | R14: 2018 | S14: 2018 | T14: 2018 | V14: 2018 | W14: 2018 | Y14: 2018 | Z14: 2018 | AB14: 2018 | AC14: 2018 | AD14: 2018 | AE14: 2018 | AF14: 2018 | AG14: 2018 | AH14: 2018 | AI14: 2018 | AJ14: 2018 | AK14: 2018
A15: 11 | B15: 1.06.02 | C15: Non-tariff barriers
A16: 12 | B16: 1.06.02.a | C16: Non-tariff barriers in force | H16: 2021 | I16: 2021 | K16: 2021 | L16: 2021 | M16: 2021 | N16: 2021 | O16: 2021 | P16: 2021 | Q16: 2021 | R16: 2021 | S16: 2021 | T16: 2021 | V16: 2021 | W16: 2021 | X16: 2021 | Y16: 2021 | Z16: 2021 | AA16: 2021 | AB16: 2021 | AC16: 2021 | AD16: 2021 | AE16: 2021 | AF16: 2021 | AG16: 2021 | AH16: 2021 | AI16: 2021 | AJ16: 2021 | AK16: 2021
A17: 13 | B17: 1.06.02.b | C17: New non-tariff barriers 2021 | H17: 2021 | I17: 2021 | K17: 2021 | L17: 2021 | M17: 2021 | N17: 2021 | O17: 2021 | P17: 2021 | Q17: 2021 | R17: 2021 | S17: 2021 | T17: 2021 | V17: 2021 | W17: 2021 | X17: 2021 | Y17: 2021 | Z17: 2021 | AA17: 2021 | AB17: 2021 | AC17: 2021 | AD17: 2021 | AE17: 2021 | AF17: 2021 | AG17: 2021 | AH17: 2021 | AI17: 2021 | AJ17: 2021 | AK17: 2021
A18: 14 | B18: 1.06.02.c | C18: Percentage of trade affected by non-tariff barrier (up to 2018) | H18: 2018 | I18: 2018 | J18: 2018 | K18: 2018 | L18: 2018 | M18: 2018 | N18: 2018 | P18: 2018 | Q18: 2018 | R18: 2018 | S18: 2018 | T18: 2018 | V18: 2018 | W18: 2018 | Y18: 2018 | Z18: 2018 | AB18: 2018 | AC18: 2018 | AD18: 2018 | AE18: 2018 | AF18: 2018 | AG18: 2018 | AH18: 2018 | AI18: 2018 | AJ18: 2018 | AK18: 2018
A19: 15 | B19: 1.07 | C19: Trade liberalization
A20: 16 | B20: 1.07.01 | C20: Regional Trade Agreements, number in force | H20: 2022 | I20: 2022 | J20: 2022 | K20: 2022 | L20: 2022 | M20: 2022 | N20: 2022 | O20: 2022 | P20: 2022 | Q20: 2022 | R20: 2022 | S20: 2022 | T20: 2022 | U20: 2022 | V20: 2022 | W20: 2022 | X20: 2022 | Y20: 2022 | Z20: 2022 | AA20: 2022 | AB20: 2022 | AC20: 2022 | AD20: 2022 | AE20: 2022 | AF20: 2022 | AG20: 2022 | AH20: 2022 | AI20: 2022 | AJ20: 2022 | AK20: 2022
A21: 17 | B21: 1.07.02 | C21: Capital account liberalization, Index | H21: 2019 | I21: 2019 | K21: 2019 | L21: 2019 | M21: 2019 | N21: 2019 | P21: 2019 | Q21: 2019 | R21: 2019 | S21: 2019 | T21: 2019 | U21: 2019 | V21: 2019 | W21: 2019 | X21: 2019 | Y21: 2019 | Z21: 2019 | AA21: 2019 | AB21: 2019 | AC21: 2019 | AD21: 2019 | AE21: 2019 | AF21: 2019 | AG21: 2019 | AH21: 2019 | AI21: 2019 | AJ21: 2019 | AK21: 2019
A22: 18 | B22: 1.07.03 | C22: Investment Freedom, Index | H22: 2022 | I22: 2022 | J22: 2022 | K22: 2022 | L22: 2022 | M22: 2022 | N22: 2022 | O22: 2022 | P22: 2022 | Q22: 2020 | R22: 2022 | S22: 2022 | T22: 2022 | U22: 2022 | V22: 2022 | W22: 2022 | X22: 2022 | Y22: 2022 | Z22: 2022 | AA22: 2022 | AB22: 2022 | AC22: 2022 | AD22: 2022 | AE22: 2022 | AF22: 2022 | AG22: 2022 | AH22: 2022 | AI22: 2022 | AJ22: 2022 | AK22: 2022
A23: 19 | B23: 1.08 | C23: Exchange rate stability, parity change from national currency to SDR, 2022/2020 | H23: 2021 | I23: 2021 | J23: 2021 | K23: 2021 | L23: 2021 | M23: 2021 | N23: 2021 | O23: 2021 | P23: 2021 | Q23: 2021 | R23: 2021 | S23: 2021 | T23: 2021 | U23: 2020 | V23: 2021 | W23: 2021 | X23: 2020 | Y23: 2021 | Z23: 2021 | AA23: 2021 | AB23: 2021 | AC23: 2021 | AD23: 2021 | AE23: 2021 | AF23: 2021 | AG23: 2021 | AH23: 2021 | AI23: 2021 | AJ23: 2021 | AK23: 2021
A24: 20 | B24: 1.09 | C24: Domestic credit to private sector, % of GDP | H24: 2020 | I24: 2020 | J24: 2020 | K24: 2020 | M24: 2020 | N24: 2020 | P24: 2020 | Q24: 2020 | R24: 2020 | S24: 2020 | T24: 2020 | V24: 2020 | W24: 2020 | X24: 2020 | Y24: 2020 | Z24: 2020 | AA24: 2020 | AB24: 2020 | AC24: 2020 | AD24: 2020 | AE24: 2020 | AF24: 2020 | AG24: 2019 | AH24: 2020 | AI24: 2020 | AJ24: 2020 | AK24: 2020
A25: 21 | B25: 1.10 | C25: Foreign trade and payments risk
A26: 22 | B26: 1.10.01 | C26: Country credit rating | H26: 2022 | I26: 2022 | K26: 2022 | L26: 2022 | M26: 2022 | N26: 2022 | O26: 2022 | P26: 2022 | Q26: 2022 | R26: 2022 | S26: 2022 | T26: 2022 | U26: 2022 | V26: 2022 | W26: 2022 | Y26: 2022 | Z26: 2022 | AA26: 2022 | AB26: 2022 | AC26: 2022 | AD26: 2022 | AE26: 2022 | AF26: 2022 | AG26: 2022 | AH26: 2022 | AI26: 2022 | AJ26: 2022 | AK26: 2022
A27: 23 | B27: 1.10.02 | C27: Gross debt, % GDP | H27: 2021 | I27: 2021 | J27: 2021 | K27: 2021 | L27: 2021 | M27: 2021 | N27: 2021 | O27: 2021 | P27: 2021 | Q27: 2021 | R27: 2021 | S27: 2021 | T27: 2021 | U27: 2021 | V27: 2021 | W27: 2021 | X27: 2021 | Y27: 2021 | Z27: 2021 | AA27: 2021 | AB27: 2021 | AC27: 2021 | AD27: 2021 | AE27: 2021 | AF27: 2021 | AG27: 2021 | AH27: 2021 | AI27: 2021 | AJ27: 2021 | AK27: 2021
A28: 24 | B28: 1.11 | C28: Trade costs
A29: 25 | B29: 1.11.01 | C29: Logistics performance, index | H29: 2018 | I29: 2018 | J29: 2018 | K29: 2018 | L29: 2018 | M29: 2018 | N29: 2018 | P29: 2018 | Q29: 2018 | R29: 2018 | S29: 2018 | T29: 2018 | U29: 2018 | V29: 2018 | W29: 2018 | X29: 2018 | Y29: 2018 | Z29: 2018 | AA29: 2018 | AB29: 2018 | AC29: 2018 | AD29: 2018 | AE29: 2018 | AF29: 2018 | AG29: 2018 | AH29: 2018 | AI29: 2018 | AJ29: 2018 | AK29: 2018
A30: 26 | B30: 1.11.02 | C30: Corruption perceptions, index | H30: 2021 | I30: 2021 | J30: 2021 | K30: 2021 | L30: 2021 | M30: 2021 | N30: 2021 | O30: 2021 | P30: 2021 | Q30: 2021 | R30: 2021 | S30: 2021 | T30: 2021 | U30: 2021 | V30: 2021 | W30: 2021 | X30: 2021 | Y30: 2021 | Z30: 2021 | AA30: 2021 | AB30: 2021 | AC30: 2021 | AD30: 2021 | AE30: 2021 | AF30: 2021 | AG30: 2021 | AH30: 2021 | AI30: 2021 | AJ30: 2021 | AK30: 2021
A31: 27 | B31: 1.11.03 | C31: Rule of law, index | H31: 2020 | I31: 2020 | J31: 2020 | K31: 2020 | L31: 2020 | M31: 2020 | N31: 2020 | O31: 2020 | P31: 2020 | Q31: 2020 | R31: 2020 | S31: 2020 | T31: 2020 | U31: 2020 | V31: 2020 | W31: 2020 | X31: 2020 | Y31: 2020 | Z31: 2020 | AA31: 2020 | AB31: 2020 | AC31: 2020 | AD31: 2020 | AE31: 2020 | AF31: 2020 | AG31: 2020 | AH31: 2020 | AI31: 2020 | AJ31: 2020 | AK31: 2020
A32: 28 | B32: 1.12 | C32: Monetary policy intervention
A33: 29 | B33: 1.12.01 | C33: Current account balance, % GDP | H33: 2021 | I33: 2021 | J33: 2021 | K33: 2021 | L33: 2021 | M33: 2021 | N33: 2021 | O33: 2021 | P33: 2021 | Q33: 2021 | R33: 2021 | S33: 2021 | T33: 2021 | U33: 2021 | V33: 2021 | W33: 2021 | X33: 2021 | Y33: 2021 | Z33: 2021 | AA33: 2021 | AB33: 2021 | AC33: 2021 | AD33: 2021 | AE33: 2021 | AF33: 2021 | AG33: 2021 | AH33: 2021 | AI33: 2021 | AJ33: 2021 | AK33: 2021
A34: 30 | B34: 1.12.02 | C34: Change (1-year) in total reserves (includes gold), % GDP | H34: 2021 | I34: 2021 | J34: 2020 | K34: 2021 | L34: 2021 | M34: 2021 | N34: 2021 | O34: 2021 | P34: 2021 | Q34: 2021 | R34: 2021 | S34: 2021 | T34: 2021 | U34: 2021 | V34: 2021 | W34: 2021 | X34: 2020 | Y34: 2021 | Z34: 2021 | AA34: 2019 | AB34: 2020 | AC34: 2021 | AD34: 2021 | AE34: 2021 | AF34: 2021 | AG34: 2021 | AH34: 2021 | AI34: 2021 | AJ34: 2021 | AK34: 2021
A35: 31 | B35: 1.13 | C35: Export concentration
A36: 32 | B36: 1.13.01 | C36: Export market concentration, Top 5 as % total | H36: 2021 | I36: 2021 | J36: 2021 | K36: 2021 | L36: 2021 | M36: 2021 | N36: 2021 | O36: 2021 | P36: 2021 | Q36: 2021 | R36: 2021 | S36: 2021 | T36: 2021 | U36: 2021 | V36: 2021 | W36: 2021 | X36: 2021 | Y36: 2021 | Z36: 2021 | AA36: 2021 | AB36: 2021 | AC36: 2021 | AD36: 2021 | AE36: 2021 | AF36: 2021 | AG36: 2021 | AH36: 2021 | AI36: 2021 | AJ36: 2021 | AK36: 2021
A37: 33 | B37: 1.13.02 | C37: Export product concentration, Top 5 as % total | H37: 2021 | I37: 2021 | J37: 2021 | K37: 2021 | L37: 2021 | M37: 2021 | N37: 2021 | O37: 2021 | P37: 2021 | Q37: 2021 | R37: 2021 | S37: 2021 | T37: 2021 | U37: 2021 | V37: 2021 | W37: 2021 | X37: 2021 | Y37: 2021 | Z37: 2021 | AA37: 2021 | AB37: 2021 | AC37: 2021 | AD37: 2021 | AE37: 2021 | AF37: 2021 | AG37: 2021 | AH37: 2021 | AI37: 2021 | AJ37: 2021 | AK37: 2021
A38: 34 | B38: 1.14 | C38: Exports of goods and services
A39: 35 | B39: 1.14.01 | C39: Merchandise exports, US$ | H39: 2021 | I39: 2021 | J39: 2021 | K39: 2021 | L39: 2021 | M39: 2021 | N39: 2021 | O39: 2021 | P39: 2021 | Q39: 2021 | R39: 2021 | S39: 2021 | T39: 2021 | U39: 2021 | V39: 2021 | W39: 2021 | X39: 2021 | Y39: 2021 | Z39: 2021 | AA39: 2021 | AB39: 2021 | AC39: 2021 | AD39: 2021 | AE39: 2021 | AF39: 2021 | AG39: 2021 | AH39: 2021 | AI39: 2021 | AJ39: 2021 | AK39: 2021
A40: 36 | B40: 1.14.02 | C40: Commercial services exports, US$ | H40: 2021 | I40: 2021 | J40: 2021 | K40: 2021 | L40: 2021 | M40: 2021 | N40: 2021 | O40: 2021 | P40: 2021 | Q40: 2021 | R40: 2021 | S40: 2021 | T40: 2021 | U40: 2021 | V40: 2021 | W40: 2021 | X40: 2021 | Y40: 2021 | Z40: 2021 | AA40: 2021 | AB40: 2021 | AC40: 2021 | AD40: 2021 | AE40: 2021 | AF40: 2021 | AG40: 2021 | AH40: 2021 | AI40: 2021 | AJ40: 2021 | AK40: 2021
A41: 37 | B41: 1.15 | C41: Technological innovation
A42: 38 | B42: 1.15.01 | C42: R&D expenditure, % GDP | H42: 2019 | J42: 2018 | L42: 2020 | M42: 2019 | N42: 2020 | O42: 2020 | Q42: 2020 | R42: 2018 | S42: 2020 | T42: 2020 | V42: 2020 | W42: 2020 | X42: 2020 | Y42: 2019 | Z42: 2019 | AA42: 2016 | AB42: 2020 | AC42: 2018 | AD42: 2020 | AE42: 2019 | AF42: 2020 | AG42: 2018 | AH42: 2020 | AI42: 2019 | AJ42: 2020 | AK42: 2019
A43: 39 | B43: 1.15.02 | C43: Researchers in R&D, per capita | L43: 2018 | M43: 2019 | N43: 2020 | O43: 2020 | Q43: 2020 | R43: 2018 | S43: 2020 | T43: 2020 | V43: 2020 | W43: 2020 | X43: 2020 | Y43: 2019 | Z43: 2019 | AA43: 2016 | AC43: 2018 | AD43: 2020 | AE43: 2019 | AF43: 2020 | AG43: 2018 | AH43: 2020 | AI43: 2019 | AJ43: 2019 | AK43: 2019
A44: 40 | B44: 1.15.03 | C44: Patent applications, per million inhabitants | H44: 2020 | I44: 2020 | J44: 2020 | K44: 2020 | L44: 2020 | M44: 2020 | N44: 2020 | O44: 2019 | P44: 2020 | Q44: 2020 | R44: 2020 | S44: 2020 | T44: 2020 | U44: 2020 | V44: 2020 | W44: 2020 | X44: 2019 | Y44: 2020 | Z44: 2020 | AB44: 2020 | AC44: 2020 | AD44: 2020 | AE44: 2020 | AF44: 2020 | AG44: 2020 | AH44: 2020 | AI44: 2020 | AJ44: 2020 | AK44: 2020
A45: 41 | B45: 1.15.04 | C45: High-technology exports, % of manufactured exports | H45: 2020 | J45: 2020 | K45: 2020 | L45: 2020 | M45: 2020 | N45: 2020 | P45: 2020 | Q45: 2020 | R45: 2020 | S45: 2020 | T45: 2020 | U45: 2020 | V45: 2020 | W45: 2020 | X45: 2020 | Y45: 2020 | Z45: 2020 | AB45: 2020 | AC45: 2020 | AD45: 2020 | AE45: 2020 | AF45: 2020 | AG45: 2020 | AH45: 2020 | AI45: 2020 | AJ45: 2020 | AK45: 2020
A46: 42 | B46: 1.15.05 | C46: Scientific articles, per million people | H46: 2020 | I46: 2020 | J46: 2020 | K46: 2020 | L46: 2020 | M46: 2020 | N46: 2020 | O46: 2020 | P46: 2020 | Q46: 2020 | R46: 2020 | S46: 2020 | T46: 2020 | U46: 2020 | V46: 2020 | W46: 2020 | X46: 2020 | Y46: 2020 | Z46: 2020 | AA46: 2020 | AB46: 2020 | AC46: 2020 | AD46: 2020 | AE46: 2020 | AF46: 2020 | AG46: 2020 | AH46: 2020 | AI46: 2020 | AJ46: 2020 | AK46: 2020
A47: 43 | B47: 1.16 | C47: Technological infrastructure
A48: 44 | B48: 1.16.01 | C48: Fixed internet speed, Mbps | H48: 2021 | I48: 2021 | J48: 2021 | K48: 2021 | L48: 2021 | M48: 2021 | N48: 2021 | O48: 2021 | P48: 2021 | Q48: 2021 | R48: 2021 | S48: 2021 | T48: 2021 | U48: 2021 | V48: 2021 | W48: 2021 | X48: 2021 | Y48: 2021 | Z48: 2021 | AA48: 2021 | AB48: 2021 | AC48: 2021 | AD48: 2021 | AE48: 2021 | AF48: 2021 | AG48: 2021 | AH48: 2021 | AI48: 2021 | AJ48: 2021 | AK48: 2021
A49: 45 | B49: 1.16.02 | C49: Internet users, % population | H49: 2020 | I49: 2020 | J49: 2020 | K49: 2017 | L49: 2020 | M49: 2020 | N49: 2020 | O49: 2020 | P49: 2020 | Q49: 2020 | R49: 2020 | S49: 2020 | T49: 2020 | U49: 2020 | V49: 2020 | W49: 2020 | X49: 2020 | Y49: 2020 | Z49: 2020 | AA49: 2017 | AB49: 2020 | AC49: 2020 | AD49: 2020 | AE49: 2020 | AF49: 2020 | AG49: 2020 | AH49: 2020 | AI49: 2020 | AJ49: 2020 | AK49: 2020
A50: 46 | B50: 1.16.03 | C50: Fixed broadband subscriptions | H50: 2021 | I50: 2021 | J50: 2021 | K50: 2021 | L50: 2021 | M50: 2021 | N50: 2021 | O50: 2020 | P50: 2020 | Q50: 2021 | R50: 2021 | S50: 2021 | T50: 2021 | U50: 2021 | V50: 2021 | W50: 2021 | X50: 2021 | Y50: 2021 | Z50: 2021 | AA50: 2021 | AB50: 2021 | AC50: 2021 | AD50: 2021 | AE50: 2021 | AF50: 2021 | AG50: 2021 | AH50: 2021 | AI50: 2021 | AJ50: 2021 | AK50: 2021
A51: 47 | B51: 1.16.04 | C51: Mobile subscriptions (per 100 people) | H51: 2020 | I51: 2020 | J51: 2020 | K51: 2017 | L51: 2020 | M51: 2020 | N51: 2020 | O51: 2020 | P51: 2020 | Q51: 2020 | R51: 2020 | S51: 2020 | T51: 2020 | U51: 2020 | V51: 2020 | W51: 2020 | X51: 2020 | Y51: 2020 | Z51: 2020 | AA51: 2017 | AB51: 2020 | AC51: 2020 | AD51: 2020 | AE51: 2020 | AF51: 2020 | AG51: 2020 | AH51: 2020 | AI51: 2020 | AJ51: 2020 | AK51: 2020
B54: 2. Societal Pillar | C54: Societal Pillar
A55: 48 | B55: 2.01 | C55: Inequality (Gini coefficient) | H55: 2018 | I55: 2016 | L55: 2017 | M55: 2020 | N55: 2019 | O55: 2020 | P55: 2021 | Q55: 2016 | R55: 2019 | S55: 2021 | U55: 2018 | V55: 2015 | W55: 2020 | X55: 2017 | Y55: 2015 | Z55: 2018 | AB55: 2021 | AC55: 2021 | AD55: 2020 | AE55: 2020 | AG55: 2019 | AH55: 2021 | AI55: 2020 | AJ55: 2020 | AK55: 2020
A56: 49 | B56: 2.02 | C56: Educational attainment
A57: 50 | B57: 2.02.01 | C57: Mean years of schooling | H57: 2019 | I57: 2019 | J57: 2019 | K57: 2019 | L57: 2019 | M57: 2019 | N57: 2019 | O57: 2019 | P57: 2019 | Q57: 2019 | R57: 2019 | S57: 2019 | T57: 2019 | U57: 2019 | V57: 2019 | W57: 2019 | X57: 2019 | Y57: 2019 | Z57: 2019 | AA57: 2019 | AB57: 2019 | AC57: 2019 | AD57: 2019 | AE57: 2019 | AF57: 2019 | AG57: 2019 | AH57: 2019 | AI57: 2019 | AJ57: 2019 | AK57: 2019
A58: 51 | B58: 2.02.02 | C58: University education Index | H58: 2021 | I58: 2021 | J58: 2021 | K58: 2021 | L58: 2021 | M58: 2021 | N58: 2021 | O58: 2021 | P58: 2021 | Q58: 2021 | R58: 2021 | S58: 2021 | T58: 2021 | U58: 2021 | V58: 2021 | W58: 2021 | X58: 2021 | Y58: 2021 | Z58: 2021 | AA58: 2021 | AB58: 2021 | AC58: 2021 | AD58: 2021 | AE58: 2021 | AF58: 2021 | AG58: 2021 | AH58: 2021 | AI58: 2021 | AJ58: 2021 | AK58: 2021
A59: 52 | B59: 2.02.03 | C59: Tertiary enrollment | H59: 2020 | I59: 2020 | J59: 2020 | K59: 2019 | L59: 2020 | M59: 2020 | N59: 2020 | O59: 2021 | P59: 2020 | Q59: 2020 | R59: 2020 | S59: 2018 | T59: 2019 | U59: 2020 | V59: 2020 | W59: 2020 | X59: 2018 | Y59: 2020 | Z59: 2019 | AB59: 2017 | AC59: 2021 | AD59: 2019 | AE59: 2020 | AF59: 2020 | AG59: 2020 | AI59: 2020 | AJ59: 2020 | AK59: 2019
A60: 53 | B60: 2.03 | C60: Labor standards
A61: 54 | B61: 2.03.01 | C61: Gender non-discrimination in hiring | H61: 2022 | I61: 2022 | J61: 2022 | K61: 2022 | L61: 2022 | M61: 2022 | N61: 2022 | O61: 2022 | P61: 2022 | Q61: 2022 | R61: 2022 | S61: 2022 | T61: 2022 | U61: 2022 | V61: 2022 | W61: 2022 | X61: 2022 | Y61: 2022 | Z61: 2022 | AA61: 2022 | AB61: 2022 | AC61: 2022 | AD61: 2022 | AE61: 2022 | AF61: 2022 | AG61: 2022 | AH61: 2022 | AI61: 2022 | AJ61: 2022 | AK61: 2022
A62: 55 | B62: 2.03.02 | C62: Freedom of association and assembly | H62: 2021 | I62: 2021 | K62: 2021 | L62: 2021 | M62: 2021 | N62: 2021 | O62: 2021 | P62: 2021 | R62: 2021 | S62: 2021 | T62: 2021 | U62: 2021 | V62: 2021 | W62: 2021 | X62: 2021 | Y62: 2021 | Z62: 2021 | AA62: 2021 | AB62: 2021 | AC62: 2021 | AD62: 2021 | AE62: 2021 | AF62: 2021 | AG62: 2021 | AH62: 2021 | AI62: 2021 | AJ62: 2021 | AK62: 2021
A63: 56 | B63: 2.04 | C63: Political stability and absence of violence | H63: 2020 | I63: 2020 | J63: 2020 | K63: 2020 | L63: 2020 | M63: 2020 | N63: 2020 | O63: 2020 | P63: 2020 | Q63: 2020 | R63: 2020 | S63: 2020 | T63: 2020 | U63: 2020 | V63: 2020 | W63: 2020 | X63: 2020 | Y63: 2020 | Z63: 2020 | AA63: 2020 | AB63: 2020 | AC63: 2020 | AD63: 2020 | AE63: 2020 | AF63: 2020 | AG63: 2020 | AH63: 2020 | AI63: 2020 | AJ63: 2020 | AK63: 2020
A64: 57 | B64: 2.05 | C64: Goods produced by forced labor or child labor
A65: 58 | B65: 2.05.01 | C65: Goods produced by forced labor
A66: 59 | B66: 2.05.01.a | C66: Goods produced by forced labor, number of goods categories | H66: 2021 | I66: 2021 | J66: 2021 | K66: 2021 | L66: 2021 | M66: 2021 | N66: 2021 | O66: 2021 | P66: 2021 | Q66: 2021 | R66: 2021 | S66: 2021 | T66: 2021 | U66: 2021 | V66: 2021 | W66: 2021 | X66: 2021 | Y66: 2021 | Z66: 2021 | AA66: 2021 | AB66: 2021 | AC66: 2021 | AD66: 2021 | AE66: 2021 | AF66: 2021 | AG66: 2021 | AH66: 2021 | AI66: 2021 | AJ66: 2021 | AK66: 2021
A67: 60 | B67: 2.05.01.b | C67: % population in forced labor | H67: 2018 | I67: 2018 | J67: 2018 | K67: 2018 | L67: 2018 | M67: 2018 | N67: 2018 | O67: 2018 | P67: 2018 | Q67: 2018 | R67: 2018 | S67: 2018 | T67: 2018 | U67: 2018 | V67: 2018 | W67: 2018 | X67: 2018 | Y67: 2018 | Z67: 2018 | AA67: 2018 | AB67: 2018 | AC67: 2018 | AD67: 2018 | AE67: 2018 | AF67: 2018 | AG67: 2018 | AH67: 2018 | AI67: 2018 | AJ67: 2018 | AK67: 2018
A68: 61 | B68: 2.05.02 | C68: Goods produced by child labor, number of goods categories | H68: 2021 | I68: 2021 | J68: 2021 | K68: 2021 | L68: 2021 | M68: 2021 | N68: 2021 | O68: 2021 | P68: 2021 | Q68: 2021 | R68: 2021 | S68: 2021 | T68: 2021 | U68: 2021 | V68: 2021 | W68: 2021 | X68: 2021 | Y68: 2021 | Z68: 2021 | AA68: 2021 | AB68: 2021 | AC68: 2021 | AD68: 2021 | AE68: 2021 | AF68: 2021 | AG68: 2021 | AH68: 2021 | AI68: 2021 | AJ68: 2021 | AK68: 2021
A69: 62 | B69: 2.06 | C69: Government response to human trafficking
A70: 63 | B70: 2.06.01 | C70: Government response to human trafficking, Criminalization | H70: 2021 | I70: 2021 | J70: 2021 | K70: 2021 | L70: 2021 | M70: 2021 | N70: 2021 | P70: 2021 | Q70: 2021 | R70: 2021 | S70: 2021 | T70: 2021 | U70: 2021 | V70: 2021 | W70: 2021 | X70: 2021 | Y70: 2021 | Z70: 2021 | AA70: 2021 | AB70: 2021 | AC70: 2021 | AD70: 2021 | AE70: 2021 | AF70: 2021 | AG70: 2021 | AH70: 2021 | AI70: 2021 | AJ70: 2021 | AK70: 2021
A71: 64 | B71: 2.06.02 | C71: Government response to human trafficking, Strategy | H71: 2018 | I71: 2018 | J71: 2018 | K71: 2018 | L71: 2018 | M71: 2018 | N71: 2018 | O71: 2018 | P71: 2018 | Q71: 2018 | R71: 2018 | S71: 2018 | T71: 2018 | U71: 2018 | V71: 2018 | W71: 2018 | X71: 2018 | Y71: 2018 | Z71: 2018 | AA71: 2018 | AB71: 2018 | AC71: 2018 | AD71: 2018 | AE71: 2018 | AF71: 2018 | AG71: 2018 | AH71: 2018 | AI71: 2018 | AJ71: 2018 | AK71: 2018
A72: 65 | B72: 2.06.03 | C72: Government response to human trafficking, Action | H72: 2021 | I72: 2021 | J72: 2021 | K72: 2021 | L72: 2021 | M72: 2021 | N72: 2021 | O72: 2021 | P72: 2021 | Q72: 2021 | R72: 2021 | S72: 2021 | T72: 2021 | U72: 2021 | V72: 2021 | W72: 2021 | X72: 2021 | Y72: 2021 | Z72: 2021 | AA72: 2021 | AB72: 2021 | AC72: 2021 | AD72: 2021 | AE72: 2021 | AF72: 2021 | AG72: 2021 | AH72: 2021 | AI72: 2021 | AJ72: 2021 | AK72: 2021
A73: 66 | B73: 2.07 | C73: Trade in goods at risk of modern slavery
A74: 67 | B74: 2.07.01 | C74: Imports of goods at risk of modern slavery, US$ millions | H74: 2020 | I74: 2020 | J74: 2020 | K74: 2020 | L74: 2020 | M74: 2020 | N74: 2020 | O74: 2020 | P74: 2020 | Q74: 2020 | R74: 2020 | S74: 2020 | T74: 2020 | U74: 2020 | V74: 2020 | W74: 2020 | X74: 2020 | Y74: 2020 | Z74: 2020 | AA74: 2020 | AB74: 2020 | AC74: 2020 | AD74: 2020 | AE74: 2020 | AF74: 2020 | AG74: 2020 | AH74: 2020 | AI74: 2020 | AJ74: 2020 | AK74: 2020
A75: 68 | B75: 2.07.02 | C75: Exports of goods at risk of modern slavery, US$ millions | H75: 2020 | I75: 2020 | J75: 2020 | K75: 2020 | L75: 2020 | M75: 2020 | N75: 2020 | O75: 2020 | P75: 2020 | Q75: 2020 | R75: 2020 | S75: 2020 | T75: 2020 | U75: 2020 | V75: 2020 | W75: 2020 | X75: 2020 | Y75: 2020 | Z75: 2020 | AA75: 2020 | AB75: 2020 | AC75: 2020 | AD75: 2020 | AE75: 2020 | AF75: 2020 | AG75: 2020 | AH75: 2020 | AI75: 2020 | AJ75: 2020 | AK75: 2020
A76: 69 | B76: 2.08 | C76: Social mobility, Index | H76: 2020 | I76: 2020 | L76: 2020 | M76: 2020 | N76: 2020 | P76: 2020 | R76: 2020 | S76: 2020 | T76: 2020 | U76: 2020 | V76: 2020 | W76: 2020 | Y76: 2020 | Z76: 2020 | AB76: 2020 | AC76: 2020 | AD76: 2020 | AE76: 2020 | AF76: 2020 | AG76: 2020 | AH76: 2020 | AI76: 2020 | AJ76: 2020 | AK76: 2020
A77: 70 | B77: 2.09 | C77: Life expectancy at birth | H77: 2021 | I77: 2021 | J77: 2021 | K77: 2021 | L77: 2021 | M77: 2021 | N77: 2021 | O77: 2021 | P77: 2021 | Q77: 2021 | R77: 2021 | S77: 2021 | T77: 2021 | U77: 2021 | V77: 2021 | W77: 2021 | X77: 2021 | Y77: 2021 | Z77: 2021 | AA77: 2021 | AB77: 2021 | AC77: 2021 | AD77: 2021 | AE77: 2021 | AF77: 2021 | AG77: 2021 | AH77: 2021 | AI77: 2021 | AJ77: 2021 | AK77: 2021
A78: 71 | B78: 2.10 | C78: Uneven Economic Development | H78: 2023 | I78: 2023 | J78: 2023 | K78: 2023 | L78: 2023 | M78: 2023 | N78: 2023 | P78: 2023 | R78: 2023 | S78: 2023 | T78: 2023 | U78: 2023 | V78: 2023 | W78: 2023 | X78: 2023 | Y78: 2023 | Z78: 2023 | AA78: 2023 | AB78: 2023 | AC78: 2023 | AD78: 2023 | AE78: 2023 | AF78: 2023 | AG78: 2023 | AH78: 2023 | AI78: 2023 | AJ78: 2023 | AK78: 2023
B80: 3. Environmental Pillar | C80: Environmental Pillar
A81: 72 | B81: 3.01 | C81: Air pollution | H81: 2019 | I81: 2019 | J81: 2019 | K81: 2019 | L81: 2019 | M81: 2019 | N81: 2019 | O81: 2019 | P81: 2019 | Q81: 2019 | R81: 2019 | S81: 2019 | T81: 2019 | U81: 2019 | V81: 2019 | W81: 2019 | X81: 2019 | Y81: 2019 | Z81: 2019 | AA81: 2019 | AB81: 2019 | AC81: 2019 | AD81: 2019 | AE81: 2019 | AF81: 2019 | AG81: 2019 | AH81: 2019 | AI81: 2019 | AJ81: 2019 | AK81: 2019
A82: 73 | B82: 3.02 | C82: Deforestation | H82: 2020 | I82: 2020 | J82: 2020 | K82: 2020 | L82: 2020 | M82: 2020 | N82: 2020 | O82: 2020 | P82: 2020 | Q82: 2020 | R82: 2020 | S82: 2020 | T82: 2020 | U82: 2020 | V82: 2020 | W82: 2020 | X82: 2020 | Y82: 2020 | Z82: 2020 | AA82: 2020 | AB82: 2020 | AC82: 2020 | AD82: 2020 | AE82: 2020 | AF82: 2020 | AG82: 2020 | AH82: 2020 | AI82: 2020 | AJ82: 2020 | AK82: 2020
A83: 74 | B83: 3.03 | C83: % of wastewater treated | H83: 2020 | I83: 2020 | J83: 2020 | K83: 2020 | L83: 2020 | M83: 2020 | N83: 2020 | O83: 2020 | P83: 2020 | Q83: 2020 | R83: 2020 | S83: 2020 | T83: 2020 | U83: 2020 | V83: 2020 | W83: 2020 | X83: 2020 | Y83: 2020 | Z83: 2020 | AA83: 2020 | AB83: 2020 | AC83: 2020 | AD83: 2020 | AE83: 2020 | AF83: 2020 | AG83: 2020 | AH83: 2020 | AI83: 2020 | AJ83: 2020 | AK83: 2020
A84: 75 | B84: 3.04 | C84: Energy intensity | H84: 2019 | I84: 2019 | J84: 2019 | K84: 2019 | L84: 2019 | M84: 2019 | N84: 2019 | O84: 2019 | P84: 2019 | Q84: 2019 | R84: 2019 | S84: 2019 | T84: 2019 | U84: 2019 | V84: 2019 | W84: 2019 | X84: 2019 | Y84: 2019 | Z84: 2019 | AB84: 2019 | AC84: 2019 | AD84: 2019 | AE84: 2019 | AF84: 2019 | AG84: 2019 | AH84: 2019 | AI84: 2019 | AJ84: 2019 | AK84: 2019
A85: 76 | B85: 3.05 | C85: Ecological footprint | H85: 2018 | I85: 2018 | J85: 2018 | K85: 2018 | L85: 2018 | M85: 2018 | N85: 2018 | P85: 2018 | R85: 2018 | S85: 2018 | T85: 2018 | U85: 2018 | V85: 2018 | W85: 2018 | X85: 2018 | Y85: 2018 | Z85: 2018 | AA85: 2018 | AB85: 2018 | AC85: 2018 | AD85: 2018 | AE85: 2018 | AF85: 2018 | AG85: 2018 | AH85: 2018 | AI85: 2018 | AJ85: 2018 | AK85: 2018
A86: 77 | B86: 3.06 | C86: Renewable energy | H86: 2019 | I86: 2020 | J86: 2019 | K86: 2020 | L86: 2019 | M86: 2019 | N86: 2020 | O86: 2020 | P86: 2020 | Q86: 2020 | R86: 2020 | S86: 2020 | T86: 2019 | U86: 2020 | V86: 2020 | W86: 2019 | X86: 2020 | Y86: 2019 | Z86: 2020 | AB86: 2020 | AC86: 2020 | AD86: 2019 | AE86: 2020 | AF86: 2019 | AG86: 2020 | AH86: 2020 | AI86: 2019 | AJ86: 2019 | AK86: 2020
A87: 78 | B87: 3.07 | C87: Environmental standards in trade
A88: 79 | B88: 3.07.01 | C88: Convention: Hazardous Wastes | H88: 2021 | I88: 2021 | J88: 2021 | K88: 2021 | L88: 2021 | M88: 2021 | N88: 2021 | O88: 2021 | P88: 2021 | Q88: 2021 | R88: 2021 | S88: 2021 | T88: 2021 | U88: 2021 | V88: 2021 | W88: 2021 | X88: 2021 | Y88: 2021 | Z88: 2021 | AA88: 2021 | AB88: 2021 | AC88: 2021 | AD88: 2021 | AE88: 2021 | AF88: 2021 | AG88: 2021 | AH88: 2021 | AI88: 2021 | AJ88: 2021 | AK88: 2021
A89: 80 | B89: 3.07.02 | C89: Convention: Prevention of Marine Pollution | H89: 2021 | I89: 2021 | J89: 2021 | K89: 2021 | L89: 2021 | M89: 2021 | N89: 2021 | O89: 2021 | P89: 2021 | Q89: 2021 | R89: 2021 | S89: 2021 | T89: 2021 | U89: 2021 | V89: 2021 | W89: 2021 | X89: 2021 | Y89: 2021 | Z89: 2021 | AA89: 2021 | AB89: 2021 | AC89: 2021 | AD89: 2021 | AE89: 2021 | AF89: 2021 | AG89: 2021 | AH89: 2021 | AI89: 2021 | AJ89: 2021 | AK89: 2021
A90: 81 | B90: 3.07.03 | C90: Convention: Protection of the Ozone Layer (Vienna) | H90: 2021 | I90: 2021 | J90: 2021 | K90: 2021 | L90: 2021 | M90: 2021 | N90: 2021 | O90: 2021 | P90: 2021 | Q90: 2021 | R90: 2021 | S90: 2021 | T90: 2021 | U90: 2021 | V90: 2021 | W90: 2021 | X90: 2021 | Y90: 2021 | Z90: 2021 | AA90: 2021 | AB90: 2021 | AC90: 2021 | AD90: 2021 | AE90: 2021 | AF90: 2021 | AG90: 2021 | AH90: 2021 | AI90: 2021 | AJ90: 2021 | AK90: 2021
A91: 82 | B91: 3.07.04 | C91: Convention on Climate Change (Kyoto) | H91: 2021 | I91: 2021 | J91: 2021 | K91: 2021 | L91: 2021 | M91: 2021 | N91: 2021 | O91: 2021 | P91: 2021 | Q91: 2021 | R91: 2021 | S91: 2021 | T91: 2021 | U91: 2021 | V91: 2021 | W91: 2021 | X91: 2021 | Y91: 2021 | Z91: 2021 | AA91: 2021 | AB91: 2021 | AC91: 2021 | AD91: 2021 | AE91: 2021 | AF91: 2021 | AG91: 2021 | AH91: 2021 | AI91: 2021 | AJ91: 2021 | AK91: 2021
A92: 83 | B92: 3.07.05 | C92: The International Timber Agreement | H92: 2021 | I92: 2021 | J92: 2021 | K92: 2021 | L92: 2021 | M92: 2021 | N92: 2021 | O92: 2021 | P92: 2021 | Q92: 2021 | R92: 2021 | S92: 2021 | T92: 2021 | U92: 2021 | V92: 2021 | W92: 2021 | X92: 2021 | Y92: 2021 | Z92: 2021 | AA92: 2021 | AB92: 2021 | AC92: 2021 | AD92: 2021 | AE92: 2021 | AF92: 2021 | AG92: 2021 | AH92: 2021 | AI92: 2021 | AJ92: 2021 | AK92: 2021
A93: 84 | B93: 3.07.06 | C93: Convention: International Trade in Endangered Species | H93: 2021 | I93: 2021 | J93: 2021 | K93: 2021 | L93: 2021 | M93: 2021 | N93: 2021 | O93: 2021 | P93: 2021 | Q93: 2021 | R93: 2021 | S93: 2021 | T93: 2021 | U93: 2021 | V93: 2021 | W93: 2021 | X93: 2021 | Y93: 2021 | Z93: 2021 | AA93: 2021 | AB93: 2021 | AC93: 2021 | AD93: 2021 | AE93: 2021 | AF93: 2021 | AG93: 2021 | AH93: 2021 | AI93: 2021 | AJ93: 2021 | AK93: 2021
A94: 85 | B94: 3.07.07 | C94: Convention: Prior Informed Consent - Hazardous Chemicals (Rotterdam) | H94: 2021 | I94: 2021 | J94: 2021 | K94: 2021 | L94: 2021 | M94: 2021 | N94: 2021 | O94: 2021 | P94: 2021 | Q94: 2021 | R94: 2021 | S94: 2021 | T94: 2021 | U94: 2021 | V94: 2021 | W94: 2021 | X94: 2021 | Y94: 2021 | Z94: 2021 | AA94: 2021 | AB94: 2021 | AC94: 2021 | AD94: 2021 | AE94: 2021 | AF94: 2021 | AG94: 2021 | AH94: 2021 | AI94: 2021 | AJ94: 2021 | AK94: 2021
A95: 86 | B95: 3.08 | C95: Transfer emissions | H95: 2019 | I95: 2019 | J95: 2019 | K95: 2019 | L95: 2019 | M95: 2019 | N95: 2019 | O95: 2019 | P95: 2019 | Q95: 2019 | R95: 2019 | S95: 2019 | T95: 2019 | U95: 2019 | V95: 2019 | W95: 2019 | Y95: 2019 | Z95: 2019 | AB95: 2019 | AC95: 2019 | AD95: 2019 | AE95: 2019 | AF95: 2019 | AG95: 2019 | AH95: 2019 | AI95: 2019 | AJ95: 2019 | AK95: 2019
A96: 87 | B96: 3.09 | C96: Share of natural resources in trade | H96: 2020 | I96: 2020 | J96: 2020 | K96: 2020 | L96: 2020 | M96: 2020 | N96: 2020 | O96: 2020 | P96: 2020 | Q96: 2020 | R96: 2020 | S96: 2020 | T96: 2020 | U96: 2020 | V96: 2020 | W96: 2020 | X96: 2020 | Y96: 2020 | Z96: 2020 | AA96: 2020 | AB96: 2020 | AC96: 2020 | AD96: 2020 | AE96: 2020 | AF96: 2020 | AG96: 2020 | AH96: 2020 | AI96: 2020 | AJ96: 2020 | AK96: 2020
A97: 88 | B97: 3.10 | C97: Carbon
A98: 89 | B98: 3.10.1 | C98: Carbon pricing | H98: 2022 | I98: 2022 | J98: 2022 | K98: 2022 | L98: 2022 | M98: 2022 | N98: 2022 | O98: 2022 | P98: 2022 | Q98: 2022 | R98: 2022 | S98: 2022 | T98: 2022 | U98: 2022 | V98: 2022 | W98: 2022 | X98: 2022 | Y98: 2022 | Z98: 2022 | AA98: 2022 | AB98: 2022 | AC98: 2022 | AD98: 2022 | AE98: 2022 | AF98: 2022 | AG98: 2022 | AH98: 2022 | AI98: 2022 | AJ98: 2022 | AK98: 2022
A99: 90 | B99: 3.10.2 | C99: CO2 emissions per capita | H99: 2019 | I99: 2019 | J99: 2019 | K99: 2019 | L99: 2019 | M99: 2019 | N99: 2019 | O99: 2019 | P99: 2019 | Q99: 2019 | R99: 2019 | S99: 2019 | T99: 2019 | U99: 2019 | V99: 2019 | W99: 2019 | X99: 2019 | Y99: 2019 | Z99: 2019 | AA99: 2019 | AB99: 2019 | AC99: 2019 | AD99: 2019 | AE99: 2019 | AF99: 2019 | AG99: 2019 | AH99: 2019 | AI99: 2019 | AJ99: 2019 | AK99: 2019

Sheet 5 - Profile (Print)
A1: =OFFSET([1]PowerPivot!A3,A6,0) -> #VALUE! | CP1: =A1 -> #VALUE!
CP2: 31
B4: Filter | C4: Indicator | D4: Column1 | E4: Column12 | G4: Column4 | H4: Column5 | I4: Column3 | J4: Rank (of 30) | K4: Column2 | L4: Value | M4: Year | O4: Score (0-100)
B5: 1 Economic Pillar | C5: 1 Economic Pillar | J5: Rank | K5: Rank +/- | L5: Value | M5: Year | O5: Score (and 30-country average ◊)
A6: =CP2 -> 31 | B6: 1 Economic Pillar | C6: 1.01 | D6: Consumer price inflation | J6: =IF(INDEX(Rank2025!5:5,MATCH($A$1,Rank2025!$1:$1,0))="","-",(INDEX(Rank2025!5:5,MATCH($A$1,Rank2025!$1:$1,0)))) -> #VALUE! | K6: =W6 -> - | L6: =IF(INDEX([1]Value2024!5:5,MATCH($A$1,[1]Value2024!$1:$1,0))="","-",(INDEX([1]Value2024!5:5,MATCH($A$1,[1]Value2024!$1:$1,0)))) -> #VALUE! | M6: =IF(INDEX([1]Year2024!5:5,MATCH($A$1,[1]Year2024!$1:$1,0))="","-",(INDEX([1]Year2024!5:5,MATCH($A$1,[1]Year2024!$1:$1,0)))) -> #VALUE! | O6: =IF(INDEX([1]Score2024!5:5,MATCH($A$1,[1]Score2024!$1:$1,0))="","-",(INDEX([1]Score2024!5:5,MATCH($A$1,[1]Score2024!$1:$1,0)))) -> #VALUE! | P6: =IF(Table137[[#This Row],[Score (0-100)]]="-","",Table137[[#This Row],[Score (0-100)]]+5) -> #VALUE! | R6: =IF(V6="-",0,[1]Score2024!AO5+5) -> #VALUE! | S6: 1 | U6: =IF(INDEX([1]Rank2023!5:5,MATCH($A$1,[1]Rank2023!$1:$1,0))="","-",(INDEX([1]Rank2023!5:5,MATCH($A$1,[1]Rank2023!$1:$1,0)))) -> #VALUE! | V6: =Table137[[#This Row],[Rank (of 30)]] -> #VALUE! | W6: =IFERROR(U6-V6,"-") -> -
B7: 1 Economic Pillar | C7: 1.02 | D7: Real GDP Growth per capita, % GDP | J7: =IF(INDEX(Rank2025!6:6,MATCH($A$1,Rank2025!$1:$1,0))="","-",(INDEX(Rank2025!6:6,MATCH($A$1,Rank2025!$1:$1,0)))) -> #VALUE! | K7: =W7 -> - | L7: =IF(INDEX([1]Value2024!6:6,MATCH($A$1,[1]Value2024!$1:$1,0))="","-",(INDEX([1]Value2024!6:6,MATCH($A$1,[1]Value2024!$1:$1,0)))) -> #VALUE! | M7: =IF(INDEX([1]Year2024!6:6,MATCH($A$1,[1]Year2024!$1:$1,0))="","-",(INDEX([1]Year2024!6:6,MATCH($A$1,[1]Year2024!$1:$1,0)))) -> #VALUE! | O7: =IF(INDEX([1]Score2024!6:6,MATCH($A$1,[1]Score2024!$1:$1,0))="","-",(INDEX([1]Score2024!6:6,MATCH($A$1,[1]Score2024!$1:$1,0)))) -> #VALUE! | P7: =IF(Table137[[#This Row],[Score (0-100)]]="-","",Table137[[#This Row],[Score (0-100)]]+5) -> #VALUE! | R7: =IF(V7="-",0,[1]Score2024!AO6+5) -> #VALUE! | S7: 2 | U7: =IF(INDEX([1]Rank2023!6:6,MATCH($A$1,[1]Rank2023!$1:$1,0))="","-",(INDEX([1]Rank2023!6:6,MATCH($A$1,[1]Rank2023!$1:$1,0)))) -> #VALUE! | V7: =Table137[[#This Row],[Rank (of 30)]] -> #VALUE! | W7: =IFERROR(U7-V7,"-") -> -
B8: 1 Economic Pillar | C8: 1.03 | D8: Growth in labor force, % | J8: =IF(INDEX(Rank2025!7:7,MATCH($A$1,Rank2025!$1:$1,0))="","-",(INDEX(Rank2025!7:7,MATCH($A$1,Rank2025!$1:$1,0)))) -> #VALUE! | K8: =W8 -> - | L8: =IF(INDEX([1]Value2024!7:7,MATCH($A$1,[1]Value2024!$1:$1,0))="","-",(INDEX([1]Value2024!7:7,MATCH($A$1,[1]Value2024!$1:$1,0)))) -> #VALUE! | M8: =IF(INDEX([1]Year2024!7:7,MATCH($A$1,[1]Year2024!$1:$1,0))="","-",(INDEX([1]Year2024!7:7,MATCH($A$1,[1]Year2024!$1:$1,0)))) -> #VALUE! | O8: =IF(INDEX([1]Score2024!7:7,MATCH($A$1,[1]Score2024!$1:$1,0))="","-",(INDEX([1]Score2024!7:7,MATCH($A$1,[1]Score2024!$1:$1,0)))) -> #VALUE! | P8: =IF(Table137[[#This Row],[Score (0-100)]]="-","",Table137[[#This Row],[Score (0-100)]]+5) -> #VALUE! | R8: =IF(V8="-",0,[1]Score2024!AO7+5) -> #VALUE! | S8: 3 | U8: =IF(INDEX([1]Rank2023!7:7,MATCH($A$1,[1]Rank2023!$1:$1,0))="","-",(INDEX([1]Rank2023!7:7,MATCH($A$1,[1]Rank2023!$1:$1,0)))) -> #VALUE! | V8: =Table137[[#This Row],[Rank (of 30)]] -> #VALUE! | W8: =IFERROR(U8-V8,"-") -> -
B9: 1 Economic Pillar | C9: 1.04 | D9: Foreign direct investment, net inflows, % GDP | J9: =IF(INDEX(Rank2025!8:8,MATCH($A$1,Rank2025!$1:$1,0))="","-",(INDEX(Rank2025!8:8,MATCH($A$1,Rank2025!$1:$1,0)))) -> #VALUE! | K9: =W9 -> - | L9: =IF(INDEX([1]Value2024!8:8,MATCH($A$1,[1]Value2024!$1:$1,0))="","-",(INDEX([1]Value2024!8:8,MATCH($A$1,[1]Value2024!$1:$1,0)))) -> #VALUE! | M9: =IF(INDEX([1]Year2024!8:8,MATCH($A$1,[1]Year2024!$1:$1,0))="","-",(INDEX([1]Year2024!8:8,MATCH($A$1,[1]Year2024!$1:$1,0)))) -> #VALUE! | O9: =IF(INDEX([1]Score2024!8:8,MATCH($A$1,[1]Score2024!$1:$1,0))="","-",(INDEX([1]Score2024!8:8,MATCH($A$1,[1]Score2024!$1:$1,0)))) -> #VALUE! | P9: =IF(Table137[[#This Row],[Score (0-100)]]="-","",Table137[[#This Row],[Score (0-100)]]+5) -> #VALUE! | R9: =IF(V9="-",0,[1]Score2024!AO8+5) -> #VALUE! | S9: 4 | U9: =IF(INDEX([1]Rank2023!8:8,MATCH($A$1,[1]Rank2023!$1:$1,0))="","-",(INDEX([1]Rank2023!8:8,MATCH($A$1,[1]Rank2023!$1:$1,0)))) -> #VALUE! | V9: =Table137[[#This Row],[Rank (of 30)]] -> #VALUE! | W9: =IFERROR(U9-V9,"-") -> -
B10: 1 Economic Pillar | C10: 1.05 | D10: Gross fixed capital formation, % GDP | J10: =IF(INDEX(Rank2025!9:9,MATCH($A$1,Rank2025!$1:$1,0))="","-",(INDEX(Rank2025!9:9,MATCH($A$1,Rank2025!$1:$1,0)))) -> #VALUE! | K10: =W10 -> - | L10: =IF(INDEX([1]Value2024!9:9,MATCH($A$1,[1]Value2024!$1:$1,0))="","-",(INDEX([1]Value2024!9:9,MATCH($A$1,[1]Value2024!$1:$1,0)))) -> #VALUE! | M10: =IF(INDEX([1]Year2024!9:9,MATCH($A$1,[1]Year2024!$1:$1,0))="","-",(INDEX([1]Year2024!9:9,MATCH($A$1,[1]Year2024!$1:$1,0)))) -> #VALUE! | O10: =IF(INDEX([1]Score2024!9:9,MATCH($A$1,[1]Score2024!$1:$1,0))="","-",(INDEX([1]Score2024!9:9,MATCH($A$1,[1]Score2024!$1:$1,0)))) -> #VALUE! | P10: =IF(Table137[[#This Row],[Score (0-100)]]="-","",Table137[[#This Row],[Score (0-100)]]+5) -> #VALUE! | R10: =IF(V10="-",0,[1]Score2024!AO9+5) -> #VALUE! | S10: 5 | U10: =IF(INDEX([1]Rank2023!9:9,MATCH($A$1,[1]Rank2023!$1:$1,0))="","-",(INDEX([1]Rank2023!9:9,MATCH($A$1,[1]Rank2023!$1:$1,0)))) -> #VALUE! | V10: =Table137[[#This Row],[Rank (of 30)]] -> #VALUE! | W10: =IFERROR(U10-V10,"-") -> -
B11: 1 Economic Pillar | C11: 1.06 | D11: Tariff & non-tariff barriers | J11: =IF(INDEX(Rank2025!10:10,MATCH($A$1,Rank2025!$1:$1,0))="","-",(INDEX(Rank2025!10:10,MATCH($A$1,Rank2025!$1:$1,0)))) -> #VALUE! | K11: =W11 -> - | L11: =IF(INDEX([1]Value2024!10:10,MATCH($A$1,[1]Value2024!$1:$1,0))="","-",(INDEX([1]Value2024!10:10,MATCH($A$1,[1]Value2024!$1:$1,0)))) -> #VALUE! | M11: =IF(INDEX([1]Year2024!10:10,MATCH($A$1,[1]Year2024!$1:$1,0))="","-",(INDEX([1]Year2024!10:10,MATCH($A$1,[1]Year2024!$1:$1,0)))) -> #VALUE! | O11: =IF(INDEX([1]Score2024!10:10,MATCH($A$1,[1]Score2024!$1:$1,0))="","-",(INDEX([1]Score2024!10:10,MATCH($A$1,[1]Score2024!$1:$1,0)))) -> #VALUE! | P11: =IF(Table137[[#This Row],[Score (0-100)]]="-","",Table137[[#This Row],[Score (0-100)]]+5) -> #VALUE! | R11: =IF(V11="-",0,[1]Score2024!AO10+5) -> #VALUE! | S11: 6 | U11: =IF(INDEX([1]Rank2023!10:10,MATCH($A$1,[1]Rank2023!$1:$1,0))="","-",(INDEX([1]Rank2023!10:10,MATCH($A$1,[1]Rank2023!$1:$1,0)))) -> #VALUE! | V11: =Table137[[#This Row],[Rank (of 30)]] -> #VALUE! | W11: =IFERROR(U11-V11,"-") -> -
B12: 1 Economic Pillar | C12: 1.06.01 | D12: Tariff barriers | J12: =IF(INDEX(Rank2025!11:11,MATCH($A$1,Rank2025!$1:$1,0))="","-",(INDEX(Rank2025!11:11,MATCH($A$1,Rank2025!$1:$1,0)))) -> #VALUE! | K12: =W12 -> - | L12: =IF(INDEX([1]Value2024!11:11,MATCH($A$1,[1]Value2024!$1:$1,0))="","-",(INDEX([1]Value2024!11:11,MATCH($A$1,[1]Value2024!$1:$1,0)))) -> #VALUE! | M12: =IF(INDEX([1]Year2024!11:11,MATCH($A$1,[1]Year2024!$1:$1,0))="","-",(INDEX([1]Year2024!11:11,MATCH($A$1,[1]Year2024!$1:$1,0)))) -> #VALUE! | O12: =IF(INDEX([1]Score2024!11:11,MATCH($A$1,[1]Score2024!$1:$1,0))="","-",(INDEX([1]Score2024!11:11,MATCH($A$1,[1]Score2024!$1:$1,0)))) -> #VALUE! | P12: =IF(Table137[[#This Row],[Score (0-100)]]="-","",Table137[[#This Row],[Score (0-100)]]+5) -> #VALUE! | R12: =IF(V12="-",0,[1]Score2024!AO11+5) -> #VALUE! | S12: 7 | U12: =IF(INDEX([1]Rank2023!11:11,MATCH($A$1,[1]Rank2023!$1:$1,0))="","-",(INDEX([1]Rank2023!11:11,MATCH($A$1,[1]Rank2023!$1:$1,0)))) -> #VALUE! | V12: =Table137[[#This Row],[Rank (of 30)]] -> #VALUE! | W12: =IFERROR(U12-V12,"-") -> -
B13: 1 Economic Pillar | C13: 1.06.01.a | D13: Tariff barriers in force | J13: =IF(INDEX(Rank2025!12:12,MATCH($A$1,Rank2025!$1:$1,0))="","-",(INDEX(Rank2025!12:12,MATCH($A$1,Rank2025!$1:$1,0)))) -> #VALUE! | K13: =W13 -> - | L13: =IF(INDEX([1]Value2024!12:12,MATCH($A$1,[1]Value2024!$1:$1,0))="","-",(INDEX([1]Value2024!12:12,MATCH($A$1,[1]Value2024!$1:$1,0)))) -> #VALUE! | M13: =IF(INDEX([1]Year2024!12:12,MATCH($A$1,[1]Year2024!$1:$1,0))="","-",(INDEX([1]Year2024!12:12,MATCH($A$1,[1]Year2024!$1:$1,0)))) -> #VALUE! | O13: =IF(INDEX([1]Score2024!12:12,MATCH($A$1,[1]Score2024!$1:$1,0))="","-",(INDEX([1]Score2024!12:12,MATCH($A$1,[1]Score2024!$1:$1,0)))) -> #VALUE! | P13: =IF(Table137[[#This Row],[Score (0-100)]]="-","",Table137[[#This Row],[Score (0-100)]]+5) -> #VALUE! | R13: =IF(V13="-",0,[1]Score2024!AO12+5) -> #VALUE! | S13: 8 | U13: =IF(INDEX([1]Rank2023!12:12,MATCH($A$1,[1]Rank2023!$1:$1,0))="","-",(INDEX([1]Rank2023!12:12,MATCH($A$1,[1]Rank2023!$1:$1,0)))) -> #VALUE! | V13: =Table137[[#This Row],[Rank (of 30)]] -> #VALUE! | W13: =IFERROR(U13-V13,"-") -> -
B14: 1 Economic Pillar | C14: 1.06.01.b | D14: New tariff barriers 2023 | J14: =IF(INDEX(Rank2025!13:13,MATCH($A$1,Rank2025!$1:$1,0))="","-",(INDEX(Rank2025!13:13,MATCH($A$1,Rank2025!$1:$1,0)))) -> #VALUE! | K14: =W14 -> - | L14: =IF(INDEX([1]Value2024!13:13,MATCH($A$1,[1]Value2024!$1:$1,0))="","-",(INDEX([1]Value2024!13:13,MATCH($A$1,[1]Value2024!$1:$1,0)))) -> #VALUE! | M14: =IF(INDEX([1]Year2024!13:13,MATCH($A$1,[1]Year2024!$1:$1,0))="","-",(INDEX([1]Year2024!13:13,MATCH($A$1,[1]Year2024!$1:$1,0)))) -> #VALUE! | O14: =IF(INDEX([1]Score2024!13:13,MATCH($A$1,[1]Score2024!$1:$1,0))="","-",(INDEX([1]Score2024!13:13,MATCH($A$1,[1]Score2024!$1:$1,0)))) -> #VALUE! | P14: =IF(Table137[[#This Row],[Score (0-100)]]="-","",Table137[[#This Row],[Score (0-100)]]+5) -> #VALUE! | R14: =IF(V14="-",0,[1]Score2024!AO13+5) -> #VALUE! | S14: 9 | U14: =IF(INDEX([1]Rank2023!13:13,MATCH($A$1,[1]Rank2023!$1:$1,0))="","-",(INDEX([1]Rank2023!13:13,MATCH($A$1,[1]Rank2023!$1:$1,0)))) -> #VALUE! | V14: =Table137[[#This Row],[Rank (of 30)]] -> #VALUE! | W14: =IFERROR(U14-V14,"-") -> -
B15: 1 Economic Pillar | C15: 1.06.01.c | D15: Net percentage of imports affected by new tariff barriers (2023) | J15: =IF(INDEX(Rank2025!14:14,MATCH($A$1,Rank2025!$1:$1,0))="","-",(INDEX(Rank2025!14:14,MATCH($A$1,Rank2025!$1:$1,0)))) -> #VALUE! | K15: =W15 -> - | L15: =IF(INDEX([1]Value2024!14:14,MATCH($A$1,[1]Value2024!$1:$1,0))="","-",(INDEX([1]Value2024!14:14,MATCH($A$1,[1]Value2024!$1:$1,0)))) -> #VALUE! | M15: =IF(INDEX([1]Year2024!14:14,MATCH($A$1,[1]Year2024!$1:$1,0))="","-",(INDEX([1]Year2024!14:14,MATCH($A$1,[1]Year2024!$1:$1,0)))) -> #VALUE! | O15: =IF(INDEX([1]Score2024!14:14,MATCH($A$1,[1]Score2024!$1:$1,0))="","-",(INDEX([1]Score2024!14:14,MATCH($A$1,[1]Score2024!$1:$1,0)))) -> #VALUE! | P15: =IF(Table137[[#This Row],[Score (0-100)]]="-","",Table137[[#This Row],[Score (0-100)]]+5) -> #VALUE! | R15: =IF(V15="-",0,[1]Score2024!AO14+5) -> #VALUE! | S15: 10 | U15: =IF(INDEX([1]Rank2023!14:14,MATCH($A$1,[1]Rank2023!$1:$1,0))="","-",(INDEX([1]Rank2023!14:14,MATCH($A$1,[1]Rank2023!$1:$1,0)))) -> #VALUE! | V15: =Table137[[#This Row],[Rank (of 30)]] -> #VALUE! | W15: =IFERROR(U15-V15,"-") -> -
B16: 1 Economic Pillar | C16: 1.06.02 | D16: Non-tariff barriers | J16: =IF(INDEX(Rank2025!15:15,MATCH($A$1,Rank2025!$1:$1,0))="","-",(INDEX(Rank2025!15:15,MATCH($A$1,Rank2025!$1:$1,0)))) -> #VALUE! | K16: =W16 -> - | L16: =IF(INDEX([1]Value2024!15:15,MATCH($A$1,[1]Value2024!$1:$1,0))="","-",(INDEX([1]Value2024!15:15,MATCH($A$1,[1]Value2024!$1:$1,0)))) -> #VALUE! | M16: =IF(INDEX([1]Year2024!15:15,MATCH($A$1,[1]Year2024!$1:$1,0))="","-",(INDEX([1]Year2024!15:15,MATCH($A$1,[1]Year2024!$1:$1,0)))) -> #VALUE! | O16: =IF(INDEX([1]Score2024!15:15,MATCH($A$1,[1]Score2024!$1:$1,0))="","-",(INDEX([1]Score2024!15:15,MATCH($A$1,[1]Score2024!$1:$1,0)))) -> #VALUE! | P16: =IF(Table137[[#This Row],[Score (0-100)]]="-","",Table137[[#This Row],[Score (0-100)]]+5) -> #VALUE! | R16: =IF(V16="-",0,[1]Score2024!AO15+5) -> #VALUE! | S16: 11 | U16: =IF(INDEX([1]Rank2023!15:15,MATCH($A$1,[1]Rank2023!$1:$1,0))="","-",(INDEX([1]Rank2023!15:15,MATCH($A$1,[1]Rank2023!$1:$1,0)))) -> #VALUE! | V16: =Table137[[#This Row],[Rank (of 30)]] -> #VALUE! | W16: =IFERROR(U16-V16,"-") -> -
B17: 1 Economic Pillar | C17: 1.06.02.a | D17: Non-tariff barriers in force | J17: =IF(INDEX(Rank2025!16:16,MATCH($A$1,Rank2025!$1:$1,0))="","-",(INDEX(Rank2025!16:16,MATCH($A$1,Rank2025!$1:$1,0)))) -> #VALUE! | K17: =W17 -> - | L17: =IF(INDEX([1]Value2024!16:16,MATCH($A$1,[1]Value2024!$1:$1,0))="","-",(INDEX([1]Value2024!16:16,MATCH($A$1,[1]Value2024!$1:$1,0)))) -> #VALUE! | M17: =IF(INDEX([1]Year2024!16:16,MATCH($A$1,[1]Year2024!$1:$1,0))="","-",(INDEX([1]Year2024!16:16,MATCH($A$1,[1]Year2024!$1:$1,0)))) -> #VALUE! | O17: =IF(INDEX([1]Score2024!16:16,MATCH($A$1,[1]Score2024!$1:$1,0))="","-",(INDEX([1]Score2024!16:16,MATCH($A$1,[1]Score2024!$1:$1,0)))) -> #VALUE! | P17: =IF(Table137[[#This Row],[Score (0-100)]]="-","",Table137[[#This Row],[Score (0-100)]]+5) -> #VALUE! | R17: =IF(V17="-",0,[1]Score2024!AO16+5) -> #VALUE! | S17: 12 | U17: =IF(INDEX([1]Rank2023!16:16,MATCH($A$1,[1]Rank2023!$1:$1,0))="","-",(INDEX([1]Rank2023!16:16,MATCH($A$1,[1]Rank2023!$1:$1,0)))) -> #VALUE! | V17: =Table137[[#This Row],[Rank (of 30)]] -> #VALUE! | W17: =IFERROR(U17-V17,"-") -> -
B18: 1 Economic Pillar | C18: 1.06.02.b | D18: New non-tariff barriers 2023 | J18: =IF(INDEX(Rank2025!17:17,MATCH($A$1,Rank2025!$1:$1,0))="","-",(INDEX(Rank2025!17:17,MATCH($A$1,Rank2025!$1:$1,0)))) -> #VALUE! | K18: =W18 -> - | L18: =IF(INDEX([1]Value2024!17:17,MATCH($A$1,[1]Value2024!$1:$1,0))="","-",(INDEX([1]Value2024!17:17,MATCH($A$1,[1]Value2024!$1:$1,0)))) -> #VALUE! | M18: =IF(INDEX([1]Year2024!17:17,MATCH($A$1,[1]Year2024!$1:$1,0))="","-",(INDEX([1]Year2024!17:17,MATCH($A$1,[1]Year2024!$1:$1,0)))) -> #VALUE! | O18: =IF(INDEX([1]Score2024!17:17,MATCH($A$1,[1]Score2024!$1:$1,0))="","-",(INDEX([1]Score2024!17:17,MATCH($A$1,[1]Score2024!$1:$1,0)))) -> #VALUE! | P18: =IF(Table137[[#This Row],[Score (0-100)]]="-","",Table137[[#This Row],[Score (0-100)]]+5) -> #VALUE! | R18: =IF(V18="-",0,[1]Score2024!AO17+5) -> #VALUE! | S18: 13 | U18: =IF(INDEX([1]Rank2023!17:17,MATCH($A$1,[1]Rank2023!$1:$1,0))="","-",(INDEX([1]Rank2023!17:17,MATCH($A$1,[1]Rank2023!$1:$1,0)))) -> #VALUE! | V18: =Table137[[#This Row],[Rank (of 30)]] -> #VALUE! | W18: =IFERROR(U18-V18,"-") -> -
B19: 1 Economic Pillar | C19: 1.06.02.c | D19: Net percentage of imports affected by new non-tariff barriers (2023) | J19: =IF(INDEX(Rank2025!18:18,MATCH($A$1,Rank2025!$1:$1,0))="","-",(INDEX(Rank2025!18:18,MATCH($A$1,Rank2025!$1:$1,0)))) -> #VALUE! | K19: =W19 -> - | L19: =IF(INDEX([1]Value2024!18:18,MATCH($A$1,[1]Value2024!$1:$1,0))="","-",(INDEX([1]Value2024!18:18,MATCH($A$1,[1]Value2024!$1:$1,0)))) -> #VALUE! | M19: =IF(INDEX([1]Year2024!18:18,MATCH($A$1,[1]Year2024!$1:$1,0))="","-",(INDEX([1]Year2024!18:18,MATCH($A$1,[1]Year2024!$1:$1,0)))) -> #VALUE! | O19: =IF(INDEX([1]Score2024!18:18,MATCH($A$1,[1]Score2024!$1:$1,0))="","-",(INDEX([1]Score2024!18:18,MATCH($A$1,[1]Score2024!$1:$1,0)))) -> #VALUE! | P19: =IF(Table137[[#This Row],[Score (0-100)]]="-","",Table137[[#This Row],[Score (0-100)]]+5) -> #VALUE! | R19: =IF(V19="-",0,[1]Score2024!AO18+5) -> #VALUE! | S19: 14 | U19: =IF(INDEX([1]Rank2023!18:18,MATCH($A$1,[1]Rank2023!$1:$1,0))="","-",(INDEX([1]Rank2023!18:18,MATCH($A$1,[1]Rank2023!$1:$1,0)))) -> #VALUE! | V19: =Table137[[#This Row],[Rank (of 30)]] -> #VALUE! | W19: =IFERROR(U19-V19,"-") -> -
B20: 1 Economic Pillar | C20: 1.07 | D20: Trade liberalization | J20: =IF(INDEX(Rank2025!19:19,MATCH($A$1,Rank2025!$1:$1,0))="","-",(INDEX(Rank2025!19:19,MATCH($A$1,Rank2025!$1:$1,0)))) -> #VALUE! | K20: =W20 -> - | L20: =IF(INDEX([1]Value2024!19:19,MATCH($A$1,[1]Value2024!$1:$1,0))="","-",(INDEX([1]Value2024!19:19,MATCH($A$1,[1]Value2024!$1:$1,0)))) -> #VALUE! | M20: =IF(INDEX([1]Year2024!19:19,MATCH($A$1,[1]Year2024!$1:$1,0))="","-",(INDEX([1]Year2024!19:19,MATCH($A$1,[1]Year2024!$1:$1,0)))) -> #VALUE! | O20: =IF(INDEX([1]Score2024!19:19,MATCH($A$1,[1]Score2024!$1:$1,0))="","-",(INDEX([1]Score2024!19:19,MATCH($A$1,[1]Score2024!$1:$1,0)))) -> #VALUE! | P20: =IF(Table137[[#This Row],[Score (0-100)]]="-","",Table137[[#This Row],[Score (0-100)]]+5) -> #VALUE! | R20: =IF(V20="-",0,[1]Score2024!AO19+5) -> #VALUE! | S20: 15 | U20: =IF(INDEX([1]Rank2023!19:19,MATCH($A$1,[1]Rank2023!$1:$1,0))="","-",(INDEX([1]Rank2023!19:19,MATCH($A$1,[1]Rank2023!$1:$1,0)))) -> #VALUE! | V20: =Table137[[#This Row],[Rank (of 30)]] -> #VALUE! | W20: =IFERROR(U20-V20,"-") -> -
B21: 1 Economic Pillar | C21: 1.07.01 | D21: Regional Trade Agreements, number in force | J21: =IF(INDEX(Rank2025!20:20,MATCH($A$1,Rank2025!$1:$1,0))="","-",(INDEX(Rank2025!20:20,MATCH($A$1,Rank2025!$1:$1,0)))) -> #VALUE! | K21: =W21 -> - | L21: =IF(INDEX([1]Value2024!20:20,MATCH($A$1,[1]Value2024!$1:$1,0))="","-",(INDEX([1]Value2024!20:20,MATCH($A$1,[1]Value2024!$1:$1,0)))) -> #VALUE! | M21: =IF(INDEX([1]Year2024!20:20,MATCH($A$1,[1]Year2024!$1:$1,0))="","-",(INDEX([1]Year2024!20:20,MATCH($A$1,[1]Year2024!$1:$1,0)))) -> #VALUE! | O21: =IF(INDEX([1]Score2024!20:20,MATCH($A$1,[1]Score2024!$1:$1,0))="","-",(INDEX([1]Score2024!20:20,MATCH($A$1,[1]Score2024!$1:$1,0)))) -> #VALUE! | P21: =IF(Table137[[#This Row],[Score (0-100)]]="-","",Table137[[#This Row],[Score (0-100)]]+5) -> #VALUE! | R21: =IF(V21="-",0,[1]Score2024!AO20+5) -> #VALUE! | S21: 16 | U21: =IF(INDEX([1]Rank2023!20:20,MATCH($A$1,[1]Rank2023!$1:$1,0))="","-",(INDEX([1]Rank2023!20:20,MATCH($A$1,[1]Rank2023!$1:$1,0)))) -> #VALUE! | V21: =Table137[[#This Row],[Rank (of 30)]] -> #VALUE! | W21: =IFERROR(U21-V21,"-") -> -
B22: 1 Economic Pillar | C22: 1.07.02 | D22: Capital account liberalization, index | J22: =IF(INDEX(Rank2025!21:21,MATCH($A$1,Rank2025!$1:$1,0))="","-",(INDEX(Rank2025!21:21,MATCH($A$1,Rank2025!$1:$1,0)))) -> #VALUE! | K22: =W22 -> - | L22: =IF(INDEX([1]Value2024!21:21,MATCH($A$1,[1]Value2024!$1:$1,0))="","-",(INDEX([1]Value2024!21:21,MATCH($A$1,[1]Value2024!$1:$1,0)))) -> #VALUE! | M22: =IF(INDEX([1]Year2024!21:21,MATCH($A$1,[1]Year2024!$1:$1,0))="","-",(INDEX([1]Year2024!21:21,MATCH($A$1,[1]Year2024!$1:$1,0)))) -> #VALUE! | O22: =IF(INDEX([1]Score2024!21:21,MATCH($A$1,[1]Score2024!$1:$1,0))="","-",(INDEX([1]Score2024!21:21,MATCH($A$1,[1]Score2024!$1:$1,0)))) -> #VALUE! | P22: =IF(Table137[[#This Row],[Score (0-100)]]="-","",Table137[[#This Row],[Score (0-100)]]+5) -> #VALUE! | R22: =IF(V22="-",0,[1]Score2024!AO21+5) -> #VALUE! | S22: 17 | U22: =IF(INDEX([1]Rank2023!21:21,MATCH($A$1,[1]Rank2023!$1:$1,0))="","-",(INDEX([1]Rank2023!21:21,MATCH($A$1,[1]Rank2023!$1:$1,0)))) -> #VALUE! | V22: =Table137[[#This Row],[Rank (of 30)]] -> #VALUE! | W22: =IFERROR(U22-V22,"-") -> -
B23: 1 Economic Pillar | C23: 1.07.03 | D23: Investment Freedom, index | J23: =IF(INDEX(Rank2025!22:22,MATCH($A$1,Rank2025!$1:$1,0))="","-",(INDEX(Rank2025!22:22,MATCH($A$1,Rank2025!$1:$1,0)))) -> #VALUE! | K23: =W23 -> - | L23: =IF(INDEX([1]Value2024!22:22,MATCH($A$1,[1]Value2024!$1:$1,0))="","-",(INDEX([1]Value2024!22:22,MATCH($A$1,[1]Value2024!$1:$1,0)))) -> #VALUE! | M23: =IF(INDEX([1]Year2024!22:22,MATCH($A$1,[1]Year2024!$1:$1,0))="","-",(INDEX([1]Year2024!22:22,MATCH($A$1,[1]Year2024!$1:$1,0)))) -> #VALUE! | O23: =IF(INDEX([1]Score2024!22:22,MATCH($A$1,[1]Score2024!$1:$1,0))="","-",(INDEX([1]Score2024!22:22,MATCH($A$1,[1]Score2024!$1:$1,0)))) -> #VALUE! | P23: =IF(Table137[[#This Row],[Score (0-100)]]="-","",Table137[[#This Row],[Score (0-100)]]+5) -> #VALUE! | R23: =IF(V23="-",0,[1]Score2024!AO22+5) -> #VALUE! | S23: 18 | U23: =IF(INDEX([1]Rank2023!22:22,MATCH($A$1,[1]Rank2023!$1:$1,0))="","-",(INDEX([1]Rank2023!22:22,MATCH($A$1,[1]Rank2023!$1:$1,0)))) -> #VALUE! | V23: =Table137[[#This Row],[Rank (of 30)]] -> #VALUE! | W23: =IFERROR(U23-V23,"-") -> -
B24: 1 Economic Pillar | C24: 1.08 | D24: Exchange rate stability, parity change from national currency to SDR, 2023/2021 | J24: =IF(INDEX(Rank2025!23:23,MATCH($A$1,Rank2025!$1:$1,0))="","-",(INDEX(Rank2025!23:23,MATCH($A$1,Rank2025!$1:$1,0)))) -> #VALUE! | K24: =W24 -> - | L24: =IF(INDEX([1]Value2024!23:23,MATCH($A$1,[1]Value2024!$1:$1,0))="","-",(INDEX([1]Value2024!23:23,MATCH($A$1,[1]Value2024!$1:$1,0)))) -> #VALUE! | M24: =IF(INDEX([1]Year2024!23:23,MATCH($A$1,[1]Year2024!$1:$1,0))="","-",(INDEX([1]Year2024!23:23,MATCH($A$1,[1]Year2024!$1:$1,0)))) -> #VALUE! | O24: =IF(INDEX([1]Score2024!23:23,MATCH($A$1,[1]Score2024!$1:$1,0))="","-",(INDEX([1]Score2024!23:23,MATCH($A$1,[1]Score2024!$1:$1,0)))) -> #VALUE! | P24: =IF(Table137[[#This Row],[Score (0-100)]]="-","",Table137[[#This Row],[Score (0-100)]]+5) -> #VALUE! | R24: =IF(V24="-",0,[1]Score2024!AO23+5) -> #VALUE! | S24: 19 | U24: =IF(INDEX([1]Rank2023!23:23,MATCH($A$1,[1]Rank2023!$1:$1,0))="","-",(INDEX([1]Rank2023!23:23,MATCH($A$1,[1]Rank2023!$1:$1,0)))) -> #VALUE! | V24: =Table137[[#This Row],[Rank (of 30)]] -> #VALUE! | W24: =IFERROR(U24-V24,"-") -> -
B25: 1 Economic Pillar | C25: 1.09 | D25: Domestic credit to private sector, % of GDP | J25: =IF(INDEX(Rank2025!24:24,MATCH($A$1,Rank2025!$1:$1,0))="","-",(INDEX(Rank2025!24:24,MATCH($A$1,Rank2025!$1:$1,0)))) -> #VALUE! | K25: =W25 -> - | L25: =IF(INDEX([1]Value2024!24:24,MATCH($A$1,[1]Value2024!$1:$1,0))="","-",(INDEX([1]Value2024!24:24,MATCH($A$1,[1]Value2024!$1:$1,0)))) -> #VALUE! | M25: =IF(INDEX([1]Year2024!24:24,MATCH($A$1,[1]Year2024!$1:$1,0))="","-",(INDEX([1]Year2024!24:24,MATCH($A$1,[1]Year2024!$1:$1,0)))) -> #VALUE! | O25: =IF(INDEX([1]Score2024!24:24,MATCH($A$1,[1]Score2024!$1:$1,0))="","-",(INDEX([1]Score2024!24:24,MATCH($A$1,[1]Score2024!$1:$1,0)))) -> #VALUE! | P25: =IF(Table137[[#This Row],[Score (0-100)]]="-","",Table137[[#This Row],[Score (0-100)]]+5) -> #VALUE! | R25: =IF(V25="-",0,[1]Score2024!AO24+5) -> #VALUE! | S25: 20 | U25: =IF(INDEX([1]Rank2023!24:24,MATCH($A$1,[1]Rank2023!$1:$1,0))="","-",(INDEX([1]Rank2023!24:24,MATCH($A$1,[1]Rank2023!$1:$1,0)))) -> #VALUE! | V25: =Table137[[#This Row],[Rank (of 30)]] -> #VALUE! | W25: =IFERROR(U25-V25,"-") -> -
B26: 1 Economic Pillar | C26: 1.10 | D26: Foreign trade and payments risk | J26: =IF(INDEX(Rank2025!25:25,MATCH($A$1,Rank2025!$1:$1,0))="","-",(INDEX(Rank2025!25:25,MATCH($A$1,Rank2025!$1:$1,0)))) -> #VALUE! | K26: =W26 -> - | L26: =IF(INDEX([1]Value2024!25:25,MATCH($A$1,[1]Value2024!$1:$1,0))="","-",(INDEX([1]Value2024!25:25,MATCH($A$1,[1]Value2024!$1:$1,0)))) -> #VALUE! | M26: =IF(INDEX([1]Year2024!25:25,MATCH($A$1,[1]Year2024!$1:$1,0))="","-",(INDEX([1]Year2024!25:25,MATCH($A$1,[1]Year2024!$1:$1,0)))) -> #VALUE! | O26: =IF(INDEX([1]Score2024!25:25,MATCH($A$1,[1]Score2024!$1:$1,0))="","-",(INDEX([1]Score2024!25:25,MATCH($A$1,[1]Score2024!$1:$1,0)))) -> #VALUE! | P26: =IF(Table137[[#This Row],[Score (0-100)]]="-","",Table137[[#This Row],[Score (0-100)]]+5) -> #VALUE! | R26: =IF(V26="-",0,[1]Score2024!AO25+5) -> #VALUE! | S26: 21 | U26: =IF(INDEX([1]Rank2023!25:25,MATCH($A$1,[1]Rank2023!$1:$1,0))="","-",(INDEX([1]Rank2023!25:25,MATCH($A$1,[1]Rank2023!$1:$1,0)))) -> #VALUE! | V26: =Table137[[#This Row],[Rank (of 30)]] -> #VALUE! | W26: =IFERROR(U26-V26,"-") -> -
B27: 1 Economic Pillar | C27: 1.10.01 | D27: Country credit rating | J27: =IF(INDEX(Rank2025!26:26,MATCH($A$1,Rank2025!$1:$1,0))="","-",(INDEX(Rank2025!26:26,MATCH($A$1,Rank2025!$1:$1,0)))) -> #VALUE! | K27: =W27 -> - | L27: =IF(INDEX([1]Value2024!26:26,MATCH($A$1,[1]Value2024!$1:$1,0))="","-",(INDEX([1]Value2024!26:26,MATCH($A$1,[1]Value2024!$1:$1,0)))) -> #VALUE! | M27: =IF(INDEX([1]Year2024!26:26,MATCH($A$1,[1]Year2024!$1:$1,0))="","-",(INDEX([1]Year2024!26:26,MATCH($A$1,[1]Year2024!$1:$1,0)))) -> #VALUE! | O27: =IF(INDEX([1]Score2024!26:26,MATCH($A$1,[1]Score2024!$1:$1,0))="","-",(INDEX([1]Score2024!26:26,MATCH($A$1,[1]Score2024!$1:$1,0)))) -> #VALUE! | P27: =IF(Table137[[#This Row],[Score (0-100)]]="-","",Table137[[#This Row],[Score (0-100)]]+5) -> #VALUE! | R27: =IF(V27="-",0,[1]Score2024!AO26+5) -> #VALUE! | S27: 22 | U27: =IF(INDEX([1]Rank2023!26:26,MATCH($A$1,[1]Rank2023!$1:$1,0))="","-",(INDEX([1]Rank2023!26:26,MATCH($A$1,[1]Rank2023!$1:$1,0)))) -> #VALUE! | V27: =Table137[[#This Row],[Rank (of 30)]] -> #VALUE! | W27: =IFERROR(U27-V27,"-") -> -
B28: 1 Economic Pillar | C28: 1.10.02 | D28: Gross debt, % GDP | J28: =IF(INDEX(Rank2025!27:27,MATCH($A$1,Rank2025!$1:$1,0))="","-",(INDEX(Rank2025!27:27,MATCH($A$1,Rank2025!$1:$1,0)))) -> #VALUE! | K28: =W28 -> - | L28: =IF(INDEX([1]Value2024!27:27,MATCH($A$1,[1]Value2024!$1:$1,0))="","-",(INDEX([1]Value2024!27:27,MATCH($A$1,[1]Value2024!$1:$1,0)))) -> #VALUE! | M28: =IF(INDEX([1]Year2024!27:27,MATCH($A$1,[1]Year2024!$1:$1,0))="","-",(INDEX([1]Year2024!27:27,MATCH($A$1,[1]Year2024!$1:$1,0)))) -> #VALUE! | O28: =IF(INDEX([1]Score2024!27:27,MATCH($A$1,[1]Score2024!$1:$1,0))="","-",(INDEX([1]Score2024!27:27,MATCH($A$1,[1]Score2024!$1:$1,0)))) -> #VALUE! | P28: =IF(Table137[[#This Row],[Score (0-100)]]="-","",Table137[[#This Row],[Score (0-100)]]+5) -> #VALUE! | R28: =IF(V28="-",0,[1]Score2024!AO27+5) -> #VALUE! | S28: 23 | U28: =IF(INDEX([1]Rank2023!27:27,MATCH($A$1,[1]Rank2023!$1:$1,0))="","-",(INDEX([1]Rank2023!27:27,MATCH($A$1,[1]Rank2023!$1:$1,0)))) -> #VALUE! | V28: =Table137[[#This Row],[Rank (of 30)]] -> #VALUE! | W28: =IFERROR(U28-V28,"-") -> -
B29: 1 Economic Pillar | C29: 1.11 | D29: Trade costs | J29: =IF(INDEX(Rank2025!28:28,MATCH($A$1,Rank2025!$1:$1,0))="","-",(INDEX(Rank2025!28:28,MATCH($A$1,Rank2025!$1:$1,0)))) -> #VALUE! | K29: =W29 -> - | L29: =IF(INDEX([1]Value2024!28:28,MATCH($A$1,[1]Value2024!$1:$1,0))="","-",(INDEX([1]Value2024!28:28,MATCH($A$1,[1]Value2024!$1:$1,0)))) -> #VALUE! | M29: =IF(INDEX([1]Year2024!28:28,MATCH($A$1,[1]Year2024!$1:$1,0))="","-",(INDEX([1]Year2024!28:28,MATCH($A$1,[1]Year2024!$1:$1,0)))) -> #VALUE! | O29: =IF(INDEX([1]Score2024!28:28,MATCH($A$1,[1]Score2024!$1:$1,0))="","-",(INDEX([1]Score2024!28:28,MATCH($A$1,[1]Score2024!$1:$1,0)))) -> #VALUE! | P29: =IF(Table137[[#This Row],[Score (0-100)]]="-","",Table137[[#This Row],[Score (0-100)]]+5) -> #VALUE! | R29: =IF(V29="-",0,[1]Score2024!AO28+5) -> #VALUE! | S29: 24 | U29: =IF(INDEX([1]Rank2023!28:28,MATCH($A$1,[1]Rank2023!$1:$1,0))="","-",(INDEX([1]Rank2023!28:28,MATCH($A$1,[1]Rank2023!$1:$1,0)))) -> #VALUE! | V29: =Table137[[#This Row],[Rank (of 30)]] -> #VALUE! | W29: =IFERROR(U29-V29,"-") -> -
B30: 1 Economic Pillar | C30: 1.11.01 | D30: Logistics performance, index | J30: =IF(INDEX(Rank2025!29:29,MATCH($A$1,Rank2025!$1:$1,0))="","-",(INDEX(Rank2025!29:29,MATCH($A$1,Rank2025!$1:$1,0)))) -> #VALUE! | K30: =W30 -> - | L30: =IF(INDEX([1]Value2024!29:29,MATCH($A$1,[1]Value2024!$1:$1,0))="","-",(INDEX([1]Value2024!29:29,MATCH($A$1,[1]Value2024!$1:$1,0)))) -> #VALUE! | M30: =IF(INDEX([1]Year2024!29:29,MATCH($A$1,[1]Year2024!$1:$1,0))="","-",(INDEX([1]Year2024!29:29,MATCH($A$1,[1]Year2024!$1:$1,0)))) -> #VALUE! | O30: =IF(INDEX([1]Score2024!29:29,MATCH($A$1,[1]Score2024!$1:$1,0))="","-",(INDEX([1]Score2024!29:29,MATCH($A$1,[1]Score2024!$1:$1,0)))) -> #VALUE! | P30: =IF(Table137[[#This Row],[Score (0-100)]]="-","",Table137[[#This Row],[Score (0-100)]]+5) -> #VALUE! | R30: =IF(V30="-",0,[1]Score2024!AO29+5) -> #VALUE! | S30: 25 | U30: =IF(INDEX([1]Rank2023!29:29,MATCH($A$1,[1]Rank2023!$1:$1,0))="","-",(INDEX([1]Rank2023!29:29,MATCH($A$1,[1]Rank2023!$1:$1,0)))) -> #VALUE! | V30: =Table137[[#This Row],[Rank (of 30)]] -> #VALUE! | W30: =IFERROR(U30-V30,"-") -> -
B31: 1 Economic Pillar | C31: 1.11.02 | D31: Corruption perceptions, index | J31: =IF(INDEX(Rank2025!30:30,MATCH($A$1,Rank2025!$1:$1,0))="","-",(INDEX(Rank2025!30:30,MATCH($A$1,Rank2025!$1:$1,0)))) -> #VALUE! | K31: =W31 -> - | L31: =IF(INDEX([1]Value2024!30:30,MATCH($A$1,[1]Value2024!$1:$1,0))="","-",(INDEX([1]Value2024!30:30,MATCH($A$1,[1]Value2024!$1:$1,0)))) -> #VALUE! | M31: =IF(INDEX([1]Year2024!30:30,MATCH($A$1,[1]Year2024!$1:$1,0))="","-",(INDEX([1]Year2024!30:30,MATCH($A$1,[1]Year2024!$1:$1,0)))) -> #VALUE! | O31: =IF(INDEX([1]Score2024!30:30,MATCH($A$1,[1]Score2024!$1:$1,0))="","-",(INDEX([1]Score2024!30:30,MATCH($A$1,[1]Score2024!$1:$1,0)))) -> #VALUE! | P31: =IF(Table137[[#This Row],[Score (0-100)]]="-","",Table137[[#This Row],[Score (0-100)]]+5) -> #VALUE! | R31: =IF(V31="-",0,[1]Score2024!AO30+5) -> #VALUE! | S31: 26 | U31: =IF(INDEX([1]Rank2023!30:30,MATCH($A$1,[1]Rank2023!$1:$1,0))="","-",(INDEX([1]Rank2023!30:30,MATCH($A$1,[1]Rank2023!$1:$1,0)))) -> #VALUE! | V31: =Table137[[#This Row],[Rank (of 30)]] -> #VALUE! | W31: =IFERROR(U31-V31,"-") -> -
B32: 1 Economic Pillar | C32: 1.11.03 | D32: Rule of law, index | J32: =IF(INDEX(Rank2025!31:31,MATCH($A$1,Rank2025!$1:$1,0))="","-",(INDEX(Rank2025!31:31,MATCH($A$1,Rank2025!$1:$1,0)))) -> #VALUE! | K32: =W32 -> - | L32: =IF(INDEX([1]Value2024!31:31,MATCH($A$1,[1]Value2024!$1:$1,0))="","-",(INDEX([1]Value2024!31:31,MATCH($A$1,[1]Value2024!$1:$1,0)))) -> #VALUE! | M32: =IF(INDEX([1]Year2024!31:31,MATCH($A$1,[1]Year2024!$1:$1,0))="","-",(INDEX([1]Year2024!31:31,MATCH($A$1,[1]Year2024!$1:$1,0)))) -> #VALUE! | O32: =IF(INDEX([1]Score2024!31:31,MATCH($A$1,[1]Score2024!$1:$1,0))="","-",(INDEX([1]Score2024!31:31,MATCH($A$1,[1]Score2024!$1:$1,0)))) -> #VALUE! | P32: =IF(Table137[[#This Row],[Score (0-100)]]="-","",Table137[[#This Row],[Score (0-100)]]+5) -> #VALUE! | R32: =IF(V32="-",0,[1]Score2024!AO31+5) -> #VALUE! | S32: 27 | U32: =IF(INDEX([1]Rank2023!31:31,MATCH($A$1,[1]Rank2023!$1:$1,0))="","-",(INDEX([1]Rank2023!31:31,MATCH($A$1,[1]Rank2023!$1:$1,0)))) -> #VALUE! | V32: =Table137[[#This Row],[Rank (of 30)]] -> #VALUE! | W32: =IFERROR(U32-V32,"-") -> -
B33: 1 Economic Pillar | C33: 1.12 | D33: Monetary policy intervention | J33: =IF(INDEX(Rank2025!32:32,MATCH($A$1,Rank2025!$1:$1,0))="","-",(INDEX(Rank2025!32:32,MATCH($A$1,Rank2025!$1:$1,0)))) -> #VALUE! | K33: =W33 -> - | L33: =IF(INDEX([1]Value2024!32:32,MATCH($A$1,[1]Value2024!$1:$1,0))="","-",(INDEX([1]Value2024!32:32,MATCH($A$1,[1]Value2024!$1:$1,0)))) -> #VALUE! | M33: =IF(INDEX([1]Year2024!32:32,MATCH($A$1,[1]Year2024!$1:$1,0))="","-",(INDEX([1]Year2024!32:32,MATCH($A$1,[1]Year2024!$1:$1,0)))) -> #VALUE! | O33: =IF(INDEX([1]Score2024!32:32,MATCH($A$1,[1]Score2024!$1:$1,0))="","-",(INDEX([1]Score2024!32:32,MATCH($A$1,[1]Score2024!$1:$1,0)))) -> #VALUE! | P33: =IF(Table137[[#This Row],[Score (0-100)]]="-","",Table137[[#This Row],[Score (0-100)]]+5) -> #VALUE! | R33: =IF(V33="-",0,[1]Score2024!AO32+5) -> #VALUE! | S33: 28 | U33: =IF(INDEX([1]Rank2023!32:32,MATCH($A$1,[1]Rank2023!$1:$1,0))="","-",(INDEX([1]Rank2023!32:32,MATCH($A$1,[1]Rank2023!$1:$1,0)))) -> #VALUE! | V33: =Table137[[#This Row],[Rank (of 30)]] -> #VALUE! | W33: =IFERROR(U33-V33,"-") -> -
B34: 1 Economic Pillar | C34: 1.12.01 | D34: Current account balance, % GDP | J34: =IF(INDEX(Rank2025!33:33,MATCH($A$1,Rank2025!$1:$1,0))="","-",(INDEX(Rank2025!33:33,MATCH($A$1,Rank2025!$1:$1,0)))) -> #VALUE! | K34: =W34 -> - | L34: =IF(INDEX([1]Value2024!33:33,MATCH($A$1,[1]Value2024!$1:$1,0))="","-",(INDEX([1]Value2024!33:33,MATCH($A$1,[1]Value2024!$1:$1,0)))) -> #VALUE! | M34: =IF(INDEX([1]Year2024!33:33,MATCH($A$1,[1]Year2024!$1:$1,0))="","-",(INDEX([1]Year2024!33:33,MATCH($A$1,[1]Year2024!$1:$1,0)))) -> #VALUE! | O34: =IF(INDEX([1]Score2024!33:33,MATCH($A$1,[1]Score2024!$1:$1,0))="","-",(INDEX([1]Score2024!33:33,MATCH($A$1,[1]Score2024!$1:$1,0)))) -> #VALUE! | P34: =IF(Table137[[#This Row],[Score (0-100)]]="-","",Table137[[#This Row],[Score (0-100)]]+5) -> #VALUE! | R34: =IF(V34="-",0,[1]Score2024!AO33+5) -> #VALUE! | S34: 29 | U34: =IF(INDEX([1]Rank2023!33:33,MATCH($A$1,[1]Rank2023!$1:$1,0))="","-",(INDEX([1]Rank2023!33:33,MATCH($A$1,[1]Rank2023!$1:$1,0)))) -> #VALUE! | V34: =Table137[[#This Row],[Rank (of 30)]] -> #VALUE! | W34: =IFERROR(U34-V34,"-") -> -
B35: 1 Economic Pillar | C35: 1.12.02 | D35: Change (1-year) in total reserves (includes gold), % GDP | J35: =IF(INDEX(Rank2025!34:34,MATCH($A$1,Rank2025!$1:$1,0))="","-",(INDEX(Rank2025!34:34,MATCH($A$1,Rank2025!$1:$1,0)))) -> #VALUE! | K35: =W35 -> - | L35: =IF(INDEX([1]Value2024!34:34,MATCH($A$1,[1]Value2024!$1:$1,0))="","-",(INDEX([1]Value2024!34:34,MATCH($A$1,[1]Value2024!$1:$1,0)))) -> #VALUE! | M35: =IF(INDEX([1]Year2024!34:34,MATCH($A$1,[1]Year2024!$1:$1,0))="","-",(INDEX([1]Year2024!34:34,MATCH($A$1,[1]Year2024!$1:$1,0)))) -> #VALUE! | O35: =IF(INDEX([1]Score2024!34:34,MATCH($A$1,[1]Score2024!$1:$1,0))="","-",(INDEX([1]Score2024!34:34,MATCH($A$1,[1]Score2024!$1:$1,0)))) -> #VALUE! | P35: =IF(Table137[[#This Row],[Score (0-100)]]="-","",Table137[[#This Row],[Score (0-100)]]+5) -> #VALUE! | R35: =IF(V35="-",0,[1]Score2024!AO34+5) -> #VALUE! | S35: 30 | U35: =IF(INDEX([1]Rank2023!34:34,MATCH($A$1,[1]Rank2023!$1:$1,0))="","-",(INDEX([1]Rank2023!34:34,MATCH($A$1,[1]Rank2023!$1:$1,0)))) -> #VALUE! | V35: =Table137[[#This Row],[Rank (of 30)]] -> #VALUE! | W35: =IFERROR(U35-V35,"-") -> -
B36: 1 Economic Pillar | C36: 1.13 | D36: Export concentration | J36: =IF(INDEX(Rank2025!35:35,MATCH($A$1,Rank2025!$1:$1,0))="","-",(INDEX(Rank2025!35:35,MATCH($A$1,Rank2025!$1:$1,0)))) -> #VALUE! | K36: =W36 -> - | L36: =IF(INDEX([1]Value2024!35:35,MATCH($A$1,[1]Value2024!$1:$1,0))="","-",(INDEX([1]Value2024!35:35,MATCH($A$1,[1]Value2024!$1:$1,0)))) -> #VALUE! | M36: =IF(INDEX([1]Year2024!35:35,MATCH($A$1,[1]Year2024!$1:$1,0))="","-",(INDEX([1]Year2024!35:35,MATCH($A$1,[1]Year2024!$1:$1,0)))) -> #VALUE! | O36: =IF(INDEX([1]Score2024!35:35,MATCH($A$1,[1]Score2024!$1:$1,0))="","-",(INDEX([1]Score2024!35:35,MATCH($A$1,[1]Score2024!$1:$1,0)))) -> #VALUE! | P36: =IF(Table137[[#This Row],[Score (0-100)]]="-","",Table137[[#This Row],[Score (0-100)]]+5) -> #VALUE! | R36: =IF(V36="-",0,[1]Score2024!AO35+5) -> #VALUE! | S36: 31 | U36: =IF(INDEX([1]Rank2023!35:35,MATCH($A$1,[1]Rank2023!$1:$1,0))="","-",(INDEX([1]Rank2023!35:35,MATCH($A$1,[1]Rank2023!$1:$1,0)))) -> #VALUE! | V36: =Table137[[#This Row],[Rank (of 30)]] -> #VALUE! | W36: =IFERROR(U36-V36,"-") -> -
B37: 1 Economic Pillar | C37: 1.13.01 | D37: Export market concentration, Top 5 as % total | J37: =IF(INDEX(Rank2025!36:36,MATCH($A$1,Rank2025!$1:$1,0))="","-",(INDEX(Rank2025!36:36,MATCH($A$1,Rank2025!$1:$1,0)))) -> #VALUE! | K37: =W37 -> - | L37: =IF(INDEX([1]Value2024!36:36,MATCH($A$1,[1]Value2024!$1:$1,0))="","-",(INDEX([1]Value2024!36:36,MATCH($A$1,[1]Value2024!$1:$1,0)))) -> #VALUE! | M37: =IF(INDEX([1]Year2024!36:36,MATCH($A$1,[1]Year2024!$1:$1,0))="","-",(INDEX([1]Year2024!36:36,MATCH($A$1,[1]Year2024!$1:$1,0)))) -> #VALUE! | O37: =IF(INDEX([1]Score2024!36:36,MATCH($A$1,[1]Score2024!$1:$1,0))="","-",(INDEX([1]Score2024!36:36,MATCH($A$1,[1]Score2024!$1:$1,0)))) -> #VALUE! | P37: =IF(Table137[[#This Row],[Score (0-100)]]="-","",Table137[[#This Row],[Score (0-100)]]+5) -> #VALUE! | R37: =IF(V37="-",0,[1]Score2024!AO36+5) -> #VALUE! | S37: 32 | U37: =IF(INDEX([1]Rank2023!36:36,MATCH($A$1,[1]Rank2023!$1:$1,0))="","-",(INDEX([1]Rank2023!36:36,MATCH($A$1,[1]Rank2023!$1:$1,0)))) -> #VALUE! | V37: =Table137[[#This Row],[Rank (of 30)]] -> #VALUE! | W37: =IFERROR(U37-V37,"-") -> -
B38: 1 Economic Pillar | C38: 1.13.02 | D38: Export product concentration, Top 5 as % total | J38: =IF(INDEX(Rank2025!37:37,MATCH($A$1,Rank2025!$1:$1,0))="","-",(INDEX(Rank2025!37:37,MATCH($A$1,Rank2025!$1:$1,0)))) -> #VALUE! | K38: =W38 -> - | L38: =IF(INDEX([1]Value2024!37:37,MATCH($A$1,[1]Value2024!$1:$1,0))="","-",(INDEX([1]Value2024!37:37,MATCH($A$1,[1]Value2024!$1:$1,0)))) -> #VALUE! | M38: =IF(INDEX([1]Year2024!37:37,MATCH($A$1,[1]Year2024!$1:$1,0))="","-",(INDEX([1]Year2024!37:37,MATCH($A$1,[1]Year2024!$1:$1,0)))) -> #VALUE! | O38: =IF(INDEX([1]Score2024!37:37,MATCH($A$1,[1]Score2024!$1:$1,0))="","-",(INDEX([1]Score2024!37:37,MATCH($A$1,[1]Score2024!$1:$1,0)))) -> #VALUE! | P38: =IF(Table137[[#This Row],[Score (0-100)]]="-","",Table137[[#This Row],[Score (0-100)]]+5) -> #VALUE! | R38: =IF(V38="-",0,[1]Score2024!AO37+5) -> #VALUE! | S38: 33 | U38: =IF(INDEX([1]Rank2023!37:37,MATCH($A$1,[1]Rank2023!$1:$1,0))="","-",(INDEX([1]Rank2023!37:37,MATCH($A$1,[1]Rank2023!$1:$1,0)))) -> #VALUE! | V38: =Table137[[#This Row],[Rank (of 30)]] -> #VALUE! | W38: =IFERROR(U38-V38,"-") -> -
B39: 1 Economic Pillar | C39: 1.14 | D39: Exports of goods and services | J39: =IF(INDEX(Rank2025!38:38,MATCH($A$1,Rank2025!$1:$1,0))="","-",(INDEX(Rank2025!38:38,MATCH($A$1,Rank2025!$1:$1,0)))) -> #VALUE! | K39: =W39 -> - | L39: =IF(INDEX([1]Value2024!38:38,MATCH($A$1,[1]Value2024!$1:$1,0))="","-",(INDEX([1]Value2024!38:38,MATCH($A$1,[1]Value2024!$1:$1,0)))) -> #VALUE! | M39: =IF(INDEX([1]Year2024!38:38,MATCH($A$1,[1]Year2024!$1:$1,0))="","-",(INDEX([1]Year2024!38:38,MATCH($A$1,[1]Year2024!$1:$1,0)))) -> #VALUE! | O39: =IF(INDEX([1]Score2024!38:38,MATCH($A$1,[1]Score2024!$1:$1,0))="","-",(INDEX([1]Score2024!38:38,MATCH($A$1,[1]Score2024!$1:$1,0)))) -> #VALUE! | P39: =IF(Table137[[#This Row],[Score (0-100)]]="-","",Table137[[#This Row],[Score (0-100)]]+5) -> #VALUE! | R39: =IF(V39="-",0,[1]Score2024!AO38+5) -> #VALUE! | S39: 34 | U39: =IF(INDEX([1]Rank2023!38:38,MATCH($A$1,[1]Rank2023!$1:$1,0))="","-",(INDEX([1]Rank2023!38:38,MATCH($A$1,[1]Rank2023!$1:$1,0)))) -> #VALUE! | V39: =Table137[[#This Row],[Rank (of 30)]] -> #VALUE! | W39: =IFERROR(U39-V39,"-") -> -
B40: 1 Economic Pillar | C40: 1.14.01 | D40: Merchandise exports, US$ millions | J40: =IF(INDEX(Rank2025!39:39,MATCH($A$1,Rank2025!$1:$1,0))="","-",(INDEX(Rank2025!39:39,MATCH($A$1,Rank2025!$1:$1,0)))) -> #VALUE! | K40: =W40 -> - | L40: =IF(INDEX([1]Value2024!39:39,MATCH($A$1,[1]Value2024!$1:$1,0))="","-",(INDEX([1]Value2024!39:39,MATCH($A$1,[1]Value2024!$1:$1,0)))) -> #VALUE! | M40: =IF(INDEX([1]Year2024!39:39,MATCH($A$1,[1]Year2024!$1:$1,0))="","-",(INDEX([1]Year2024!39:39,MATCH($A$1,[1]Year2024!$1:$1,0)))) -> #VALUE! | O40: =IF(INDEX([1]Score2024!39:39,MATCH($A$1,[1]Score2024!$1:$1,0))="","-",(INDEX([1]Score2024!39:39,MATCH($A$1,[1]Score2024!$1:$1,0)))) -> #VALUE! | P40: =IF(Table137[[#This Row],[Score (0-100)]]="-","",Table137[[#This Row],[Score (0-100)]]+5) -> #VALUE! | R40: =IF(V40="-",0,[1]Score2024!AO39+5) -> #VALUE! | S40: 35 | U40: =IF(INDEX([1]Rank2023!39:39,MATCH($A$1,[1]Rank2023!$1:$1,0))="","-",(INDEX([1]Rank2023!39:39,MATCH($A$1,[1]Rank2023!$1:$1,0)))) -> #VALUE! | V40: =Table137[[#This Row],[Rank (of 30)]] -> #VALUE! | W40: =IFERROR(U40-V40,"-") -> -
B41: 1 Economic Pillar | C41: 1.14.02 | D41: Commercial services exports, US$ millions | J41: =IF(INDEX(Rank2025!40:40,MATCH($A$1,Rank2025!$1:$1,0))="","-",(INDEX(Rank2025!40:40,MATCH($A$1,Rank2025!$1:$1,0)))) -> #VALUE! | K41: =W41 -> - | L41: =IF(INDEX([1]Value2024!40:40,MATCH($A$1,[1]Value2024!$1:$1,0))="","-",(INDEX([1]Value2024!40:40,MATCH($A$1,[1]Value2024!$1:$1,0)))) -> #VALUE! | M41: =IF(INDEX([1]Year2024!40:40,MATCH($A$1,[1]Year2024!$1:$1,0))="","-",(INDEX([1]Year2024!40:40,MATCH($A$1,[1]Year2024!$1:$1,0)))) -> #VALUE! | O41: =IF(INDEX([1]Score2024!40:40,MATCH($A$1,[1]Score2024!$1:$1,0))="","-",(INDEX([1]Score2024!40:40,MATCH($A$1,[1]Score2024!$1:$1,0)))) -> #VALUE! | P41: =IF(Table137[[#This Row],[Score (0-100)]]="-","",Table137[[#This Row],[Score (0-100)]]+5) -> #VALUE! | R41: =IF(V41="-",0,[1]Score2024!AO40+5) -> #VALUE! | S41: 36 | U41: =IF(INDEX([1]Rank2023!40:40,MATCH($A$1,[1]Rank2023!$1:$1,0))="","-",(INDEX([1]Rank2023!40:40,MATCH($A$1,[1]Rank2023!$1:$1,0)))) -> #VALUE! | V41: =Table137[[#This Row],[Rank (of 30)]] -> #VALUE! | W41: =IFERROR(U41-V41,"-") -> -
B42: 1 Economic Pillar | C42: 1.15 | D42: Technological innovation | J42: =IF(INDEX(Rank2025!41:41,MATCH($A$1,Rank2025!$1:$1,0))="","-",(INDEX(Rank2025!41:41,MATCH($A$1,Rank2025!$1:$1,0)))) -> #VALUE! | K42: =W42 -> - | L42: =IF(INDEX([1]Value2024!41:41,MATCH($A$1,[1]Value2024!$1:$1,0))="","-",(INDEX([1]Value2024!41:41,MATCH($A$1,[1]Value2024!$1:$1,0)))) -> #VALUE! | M42: =IF(INDEX([1]Year2024!41:41,MATCH($A$1,[1]Year2024!$1:$1,0))="","-",(INDEX([1]Year2024!41:41,MATCH($A$1,[1]Year2024!$1:$1,0)))) -> #VALUE! | O42: =IF(INDEX([1]Score2024!41:41,MATCH($A$1,[1]Score2024!$1:$1,0))="","-",(INDEX([1]Score2024!41:41,MATCH($A$1,[1]Score2024!$1:$1,0)))) -> #VALUE! | P42: =IF(Table137[[#This Row],[Score (0-100)]]="-","",Table137[[#This Row],[Score (0-100)]]+5) -> #VALUE! | R42: =IF(V42="-",0,[1]Score2024!AO41+5) -> #VALUE! | S42: 37 | U42: =IF(INDEX([1]Rank2023!41:41,MATCH($A$1,[1]Rank2023!$1:$1,0))="","-",(INDEX([1]Rank2023!41:41,MATCH($A$1,[1]Rank2023!$1:$1,0)))) -> #VALUE! | V42: =Table137[[#This Row],[Rank (of 30)]] -> #VALUE! | W42: =IFERROR(U42-V42,"-") -> -
B43: 1 Economic Pillar | C43: 1.15.01 | D43: R&D expenditure, % GDP | J43: =IF(INDEX(Rank2025!42:42,MATCH($A$1,Rank2025!$1:$1,0))="","-",(INDEX(Rank2025!42:42,MATCH($A$1,Rank2025!$1:$1,0)))) -> #VALUE! | K43: =W43 -> - | L43: =IF(INDEX([1]Value2024!42:42,MATCH($A$1,[1]Value2024!$1:$1,0))="","-",(INDEX([1]Value2024!42:42,MATCH($A$1,[1]Value2024!$1:$1,0)))) -> #VALUE! | M43: =IF(INDEX([1]Year2024!42:42,MATCH($A$1,[1]Year2024!$1:$1,0))="","-",(INDEX([1]Year2024!42:42,MATCH($A$1,[1]Year2024!$1:$1,0)))) -> #VALUE! | O43: =IF(INDEX([1]Score2024!42:42,MATCH($A$1,[1]Score2024!$1:$1,0))="","-",(INDEX([1]Score2024!42:42,MATCH($A$1,[1]Score2024!$1:$1,0)))) -> #VALUE! | P43: =IF(Table137[[#This Row],[Score (0-100)]]="-","",Table137[[#This Row],[Score (0-100)]]+5) -> #VALUE! | R43: =IF(V43="-",0,[1]Score2024!AO42+5) -> #VALUE! | S43: 38 | U43: =IF(INDEX([1]Rank2023!42:42,MATCH($A$1,[1]Rank2023!$1:$1,0))="","-",(INDEX([1]Rank2023!42:42,MATCH($A$1,[1]Rank2023!$1:$1,0)))) -> #VALUE! | V43: =Table137[[#This Row],[Rank (of 30)]] -> #VALUE! | W43: =IFERROR(U43-V43,"-") -> -
B44: 1 Economic Pillar | C44: 1.15.02 | D44: Researchers in R&D, per capita | J44: =IF(INDEX(Rank2025!43:43,MATCH($A$1,Rank2025!$1:$1,0))="","-",(INDEX(Rank2025!43:43,MATCH($A$1,Rank2025!$1:$1,0)))) -> #VALUE! | K44: =W44 -> - | L44: =IF(INDEX([1]Value2024!43:43,MATCH($A$1,[1]Value2024!$1:$1,0))="","-",(INDEX([1]Value2024!43:43,MATCH($A$1,[1]Value2024!$1:$1,0)))) -> #VALUE! | M44: =IF(INDEX([1]Year2024!43:43,MATCH($A$1,[1]Year2024!$1:$1,0))="","-",(INDEX([1]Year2024!43:43,MATCH($A$1,[1]Year2024!$1:$1,0)))) -> #VALUE! | O44: =IF(INDEX([1]Score2024!43:43,MATCH($A$1,[1]Score2024!$1:$1,0))="","-",(INDEX([1]Score2024!43:43,MATCH($A$1,[1]Score2024!$1:$1,0)))) -> #VALUE! | P44: =IF(Table137[[#This Row],[Score (0-100)]]="-","",Table137[[#This Row],[Score (0-100)]]+5) -> #VALUE! | R44: =IF(V44="-",0,[1]Score2024!AO43+5) -> #VALUE! | S44: 39 | U44: =IF(INDEX([1]Rank2023!43:43,MATCH($A$1,[1]Rank2023!$1:$1,0))="","-",(INDEX([1]Rank2023!43:43,MATCH($A$1,[1]Rank2023!$1:$1,0)))) -> #VALUE! | V44: =Table137[[#This Row],[Rank (of 30)]] -> #VALUE! | W44: =IFERROR(U44-V44,"-") -> -
B45: 1 Economic Pillar | C45: 1.15.03 | D45: Patent applications, per million inhabitants | J45: =IF(INDEX(Rank2025!44:44,MATCH($A$1,Rank2025!$1:$1,0))="","-",(INDEX(Rank2025!44:44,MATCH($A$1,Rank2025!$1:$1,0)))) -> #VALUE! | K45: =W45 -> - | L45: =IF(INDEX([1]Value2024!44:44,MATCH($A$1,[1]Value2024!$1:$1,0))="","-",(INDEX([1]Value2024!44:44,MATCH($A$1,[1]Value2024!$1:$1,0)))) -> #VALUE! | M45: =IF(INDEX([1]Year2024!44:44,MATCH($A$1,[1]Year2024!$1:$1,0))="","-",(INDEX([1]Year2024!44:44,MATCH($A$1,[1]Year2024!$1:$1,0)))) -> #VALUE! | O45: =IF(INDEX([1]Score2024!44:44,MATCH($A$1,[1]Score2024!$1:$1,0))="","-",(INDEX([1]Score2024!44:44,MATCH($A$1,[1]Score2024!$1:$1,0)))) -> #VALUE! | P45: =IF(Table137[[#This Row],[Score (0-100)]]="-","",Table137[[#This Row],[Score (0-100)]]+5) -> #VALUE! | R45: =IF(V45="-",0,[1]Score2024!AO44+5) -> #VALUE! | S45: 40 | U45: =IF(INDEX([1]Rank2023!44:44,MATCH($A$1,[1]Rank2023!$1:$1,0))="","-",(INDEX([1]Rank2023!44:44,MATCH($A$1,[1]Rank2023!$1:$1,0)))) -> #VALUE! | V45: =Table137[[#This Row],[Rank (of 30)]] -> #VALUE! | W45: =IFERROR(U45-V45,"-") -> -
B46: 1 Economic Pillar | C46: 1.15.04 | D46: High-technology exports, % of manufactured exports | J46: =IF(INDEX(Rank2025!45:45,MATCH($A$1,Rank2025!$1:$1,0))="","-",(INDEX(Rank2025!45:45,MATCH($A$1,Rank2025!$1:$1,0)))) -> #VALUE! | K46: =W46 -> - | L46: =IF(INDEX([1]Value2024!45:45,MATCH($A$1,[1]Value2024!$1:$1,0))="","-",(INDEX([1]Value2024!45:45,MATCH($A$1,[1]Value2024!$1:$1,0)))) -> #VALUE! | M46: =IF(INDEX([1]Year2024!45:45,MATCH($A$1,[1]Year2024!$1:$1,0))="","-",(INDEX([1]Year2024!45:45,MATCH($A$1,[1]Year2024!$1:$1,0)))) -> #VALUE! | O46: =IF(INDEX([1]Score2024!45:45,MATCH($A$1,[1]Score2024!$1:$1,0))="","-",(INDEX([1]Score2024!45:45,MATCH($A$1,[1]Score2024!$1:$1,0)))) -> #VALUE! | P46: =IF(Table137[[#This Row],[Score (0-100)]]="-","",Table137[[#This Row],[Score (0-100)]]+5) -> #VALUE! | R46: =IF(V46="-",0,[1]Score2024!AO45+5) -> #VALUE! | S46: 41 | U46: =IF(INDEX([1]Rank2023!45:45,MATCH($A$1,[1]Rank2023!$1:$1,0))="","-",(INDEX([1]Rank2023!45:45,MATCH($A$1,[1]Rank2023!$1:$1,0)))) -> #VALUE! | V46: =Table137[[#This Row],[Rank (of 30)]] -> #VALUE! | W46: =IFERROR(U46-V46,"-") -> -
B47: 1 Economic Pillar | C47: 1.15.05 | D47: Scientific articles, per million people | J47: =IF(INDEX(Rank2025!46:46,MATCH($A$1,Rank2025!$1:$1,0))="","-",(INDEX(Rank2025!46:46,MATCH($A$1,Rank2025!$1:$1,0)))) -> #VALUE! | K47: =W47 -> - | L47: =IF(INDEX([1]Value2024!46:46,MATCH($A$1,[1]Value2024!$1:$1,0))="","-",(INDEX([1]Value2024!46:46,MATCH($A$1,[1]Value2024!$1:$1,0)))) -> #VALUE! | M47: =IF(INDEX([1]Year2024!46:46,MATCH($A$1,[1]Year2024!$1:$1,0))="","-",(INDEX([1]Year2024!46:46,MATCH($A$1,[1]Year2024!$1:$1,0)))) -> #VALUE! | O47: =IF(INDEX([1]Score2024!46:46,MATCH($A$1,[1]Score2024!$1:$1,0))="","-",(INDEX([1]Score2024!46:46,MATCH($A$1,[1]Score2024!$1:$1,0)))) -> #VALUE! | P47: =IF(Table137[[#This Row],[Score (0-100)]]="-","",Table137[[#This Row],[Score (0-100)]]+5) -> #VALUE! | R47: =IF(V47="-",0,[1]Score2024!AO46+5) -> #VALUE! | S47: 42 | U47: =IF(INDEX([1]Rank2023!46:46,MATCH($A$1,[1]Rank2023!$1:$1,0))="","-",(INDEX([1]Rank2023!46:46,MATCH($A$1,[1]Rank2023!$1:$1,0)))) -> #VALUE! | V47: =Table137[[#This Row],[Rank (of 30)]] -> #VALUE! | W47: =IFERROR(U47-V47,"-") -> -
B48: 1 Economic Pillar | C48: 1.16 | D48: Technological infrastructure | J48: =IF(INDEX(Rank2025!47:47,MATCH($A$1,Rank2025!$1:$1,0))="","-",(INDEX(Rank2025!47:47,MATCH($A$1,Rank2025!$1:$1,0)))) -> #VALUE! | K48: =W48 -> - | L48: =IF(INDEX([1]Value2024!47:47,MATCH($A$1,[1]Value2024!$1:$1,0))="","-",(INDEX([1]Value2024!47:47,MATCH($A$1,[1]Value2024!$1:$1,0)))) -> #VALUE! | M48: =IF(INDEX([1]Year2024!47:47,MATCH($A$1,[1]Year2024!$1:$1,0))="","-",(INDEX([1]Year2024!47:47,MATCH($A$1,[1]Year2024!$1:$1,0)))) -> #VALUE! | O48: =IF(INDEX([1]Score2024!47:47,MATCH($A$1,[1]Score2024!$1:$1,0))="","-",(INDEX([1]Score2024!47:47,MATCH($A$1,[1]Score2024!$1:$1,0)))) -> #VALUE! | P48: =IF(Table137[[#This Row],[Score (0-100)]]="-","",Table137[[#This Row],[Score (0-100)]]+5) -> #VALUE! | R48: =IF(V48="-",0,[1]Score2024!AO47+5) -> #VALUE! | S48: 43 | U48: =IF(INDEX([1]Rank2023!47:47,MATCH($A$1,[1]Rank2023!$1:$1,0))="","-",(INDEX([1]Rank2023!47:47,MATCH($A$1,[1]Rank2023!$1:$1,0)))) -> #VALUE! | V48: =Table137[[#This Row],[Rank (of 30)]] -> #VALUE! | W48: =IFERROR(U48-V48,"-") -> -
B49: 1 Economic Pillar | C49: 1.16.01 | D49: Fixed internet speed, Mbps | J49: =IF(INDEX(Rank2025!48:48,MATCH($A$1,Rank2025!$1:$1,0))="","-",(INDEX(Rank2025!48:48,MATCH($A$1,Rank2025!$1:$1,0)))) -> #VALUE! | K49: =W49 -> - | L49: =IF(INDEX([1]Value2024!48:48,MATCH($A$1,[1]Value2024!$1:$1,0))="","-",(INDEX([1]Value2024!48:48,MATCH($A$1,[1]Value2024!$1:$1,0)))) -> #VALUE! | M49: =IF(INDEX([1]Year2024!48:48,MATCH($A$1,[1]Year2024!$1:$1,0))="","-",(INDEX([1]Year2024!48:48,MATCH($A$1,[1]Year2024!$1:$1,0)))) -> #VALUE! | O49: =IF(INDEX([1]Score2024!48:48,MATCH($A$1,[1]Score2024!$1:$1,0))="","-",(INDEX([1]Score2024!48:48,MATCH($A$1,[1]Score2024!$1:$1,0)))) -> #VALUE! | P49: =IF(Table137[[#This Row],[Score (0-100)]]="-","",Table137[[#This Row],[Score (0-100)]]+5) -> #VALUE! | R49: =IF(V49="-",0,[1]Score2024!AO48+5) -> #VALUE! | S49: 44 | U49: =IF(INDEX([1]Rank2023!48:48,MATCH($A$1,[1]Rank2023!$1:$1,0))="","-",(INDEX([1]Rank2023!48:48,MATCH($A$1,[1]Rank2023!$1:$1,0)))) -> #VALUE! | V49: =Table137[[#This Row],[Rank (of 30)]] -> #VALUE! | W49: =IFERROR(U49-V49,"-") -> -
B50: 1 Economic Pillar | C50: 1.16.02 | D50: Internet users, % population | J50: =IF(INDEX(Rank2025!49:49,MATCH($A$1,Rank2025!$1:$1,0))="","-",(INDEX(Rank2025!49:49,MATCH($A$1,Rank2025!$1:$1,0)))) -> #VALUE! | K50: =W50 -> - | L50: =IF(INDEX([1]Value2024!49:49,MATCH($A$1,[1]Value2024!$1:$1,0))="","-",(INDEX([1]Value2024!49:49,MATCH($A$1,[1]Value2024!$1:$1,0)))) -> #VALUE! | M50: =IF(INDEX([1]Year2024!49:49,MATCH($A$1,[1]Year2024!$1:$1,0))="","-",(INDEX([1]Year2024!49:49,MATCH($A$1,[1]Year2024!$1:$1,0)))) -> #VALUE! | O50: =IF(INDEX([1]Score2024!49:49,MATCH($A$1,[1]Score2024!$1:$1,0))="","-",(INDEX([1]Score2024!49:49,MATCH($A$1,[1]Score2024!$1:$1,0)))) -> #VALUE! | P50: =IF(Table137[[#This Row],[Score (0-100)]]="-","",Table137[[#This Row],[Score (0-100)]]+5) -> #VALUE! | R50: =IF(V50="-",0,[1]Score2024!AO49+5) -> #VALUE! | S50: 45 | U50: =IF(INDEX([1]Rank2023!49:49,MATCH($A$1,[1]Rank2023!$1:$1,0))="","-",(INDEX([1]Rank2023!49:49,MATCH($A$1,[1]Rank2023!$1:$1,0)))) -> #VALUE! | V50: =Table137[[#This Row],[Rank (of 30)]] -> #VALUE! | W50: =IFERROR(U50-V50,"-") -> -
B51: 1 Economic Pillar | C51: 1.16.03 | D51: Fixed broadband subscriptions (per 100 people) | J51: =IF(INDEX(Rank2025!50:50,MATCH($A$1,Rank2025!$1:$1,0))="","-",(INDEX(Rank2025!50:50,MATCH($A$1,Rank2025!$1:$1,0)))) -> #VALUE! | K51: =W51 -> - | L51: =IF(INDEX([1]Value2024!50:50,MATCH($A$1,[1]Value2024!$1:$1,0))="","-",(INDEX([1]Value2024!50:50,MATCH($A$1,[1]Value2024!$1:$1,0)))) -> #VALUE! | M51: =IF(INDEX([1]Year2024!50:50,MATCH($A$1,[1]Year2024!$1:$1,0))="","-",(INDEX([1]Year2024!50:50,MATCH($A$1,[1]Year2024!$1:$1,0)))) -> #VALUE! | O51: =IF(INDEX([1]Score2024!50:50,MATCH($A$1,[1]Score2024!$1:$1,0))="","-",(INDEX([1]Score2024!50:50,MATCH($A$1,[1]Score2024!$1:$1,0)))) -> #VALUE! | P51: =IF(Table137[[#This Row],[Score (0-100)]]="-","",Table137[[#This Row],[Score (0-100)]]+5) -> #VALUE! | R51: =IF(V51="-",0,[1]Score2024!AO50+5) -> #VALUE! | S51: 46 | U51: =IF(INDEX([1]Rank2023!50:50,MATCH($A$1,[1]Rank2023!$1:$1,0))="","-",(INDEX([1]Rank2023!50:50,MATCH($A$1,[1]Rank2023!$1:$1,0)))) -> #VALUE! | V51: =Table137[[#This Row],[Rank (of 30)]] -> #VALUE! | W51: =IFERROR(U51-V51,"-") -> -
B52: 1 Economic Pillar | C52: 1.16.04 | D52: Mobile subscriptions (per 100 people) | J52: =IF(INDEX(Rank2025!51:51,MATCH($A$1,Rank2025!$1:$1,0))="","-",(INDEX(Rank2025!51:51,MATCH($A$1,Rank2025!$1:$1,0)))) -> #VALUE! | K52: =W52 -> - | L52: =IF(INDEX([1]Value2024!51:51,MATCH($A$1,[1]Value2024!$1:$1,0))="","-",(INDEX([1]Value2024!51:51,MATCH($A$1,[1]Value2024!$1:$1,0)))) -> #VALUE! | M52: =IF(INDEX([1]Year2024!51:51,MATCH($A$1,[1]Year2024!$1:$1,0))="","-",(INDEX([1]Year2024!51:51,MATCH($A$1,[1]Year2024!$1:$1,0)))) -> #VALUE! | O52: =IF(INDEX([1]Score2024!51:51,MATCH($A$1,[1]Score2024!$1:$1,0))="","-",(INDEX([1]Score2024!51:51,MATCH($A$1,[1]Score2024!$1:$1,0)))) -> #VALUE! | P52: =IF(Table137[[#This Row],[Score (0-100)]]="-","",Table137[[#This Row],[Score (0-100)]]+5) -> #VALUE! | R52: =IF(V52="-",0,[1]Score2024!AO51+5) -> #VALUE! | S52: 47 | U52: =IF(INDEX([1]Rank2023!51:51,MATCH($A$1,[1]Rank2023!$1:$1,0))="","-",(INDEX([1]Rank2023!51:51,MATCH($A$1,[1]Rank2023!$1:$1,0)))) -> #VALUE! | V52: =Table137[[#This Row],[Rank (of 30)]] -> #VALUE! | W52: =IFERROR(U52-V52,"-") -> -
B53: 1 Economic Pillar | S53: 48 | U53: =IF(INDEX([1]Rank2023!52:52,MATCH($A$1,[1]Rank2023!$1:$1,0))="","-",(INDEX([1]Rank2023!52:52,MATCH($A$1,[1]Rank2023!$1:$1,0)))) -> #VALUE! | V53: =Table137[[#This Row],[Rank (of 30)]] -> 0 | W53: =IFERROR(U53-V53,"-") -> -
S54: 49 | U54: =IF(INDEX([1]Rank2023!53:53,MATCH($A$1,[1]Rank2023!$1:$1,0))="","-",(INDEX([1]Rank2023!53:53,MATCH($A$1,[1]Rank2023!$1:$1,0)))) -> #VALUE! | V54: =Table137[[#This Row],[Rank (of 30)]] -> 0 | W54: =IFERROR(U54-V54,"-") -> -
B55: 2 Societal Pillar | C55: 2 Societal Pillar | J55: Rank | K55: Rank +/- | L55: Value | M55: Year | O55: Score (and 30-country average ◊) | S55: 50 | V55: =Table137[[#This Row],[Rank (of 30)]] -> Rank | W55: =IFERROR(U55-V55,"-") -> -
B56: 2 Societal Pillar | C56: 2.01 | D56: Inequality (Gini coefficient) | J56: =IF(INDEX(Rank2024!55:55,MATCH($A$1,[1]Rank2024!$1:$1,0))="","-",(INDEX([1]Rank2024!55:55,MATCH($A$1,[1]Rank2024!$1:$1,0)))) -> #VALUE! | K56: =W56 -> - | L56: =IF(INDEX([1]Value2024!55:55,MATCH($A$1,[1]Value2024!$1:$1,0))="","-",(INDEX([1]Value2024!55:55,MATCH($A$1,[1]Value2024!$1:$1,0)))) -> #VALUE! | M56: =IF(INDEX([1]Year2024!55:55,MATCH($A$1,[1]Year2024!$1:$1,0))="","-",(INDEX([1]Year2024!55:55,MATCH($A$1,[1]Year2024!$1:$1,0)))) -> #VALUE! | O56: =IF(INDEX([1]Score2024!55:55,MATCH($A$1,[1]Score2024!$1:$1,0))="","-",(INDEX([1]Score2024!55:55,MATCH($A$1,[1]Score2024!$1:$1,0)))) -> #VALUE! | P56: =IF(Table137[[#This Row],[Score (0-100)]]="-","",Table137[[#This Row],[Score (0-100)]]+5) -> #VALUE! | R56: =IF(V56="-",0,[1]Score2024!AO55+5) -> #VALUE! | S56: 51 | U56: =IF(INDEX([1]Rank2023!55:55,MATCH($A$1,[1]Rank2023!$1:$1,0))="","-",(INDEX([1]Rank2023!55:55,MATCH($A$1,[1]Rank2023!$1:$1,0)))) -> #VALUE! | V56: =Table137[[#This Row],[Rank (of 30)]] -> #VALUE! | W56: =IFERROR(U56-V56,"-") -> -
B57: 2 Societal Pillar | C57: 2.02 | D57: Educational attainment | J57: =IF(INDEX([1]Rank2024!56:56,MATCH($A$1,[1]Rank2024!$1:$1,0))="","-",(INDEX([1]Rank2024!56:56,MATCH($A$1,[1]Rank2024!$1:$1,0)))) -> #VALUE! | K57: =W57 -> - | L57: =IF(INDEX([1]Value2024!56:56,MATCH($A$1,[1]Value2024!$1:$1,0))="","-",(INDEX([1]Value2024!56:56,MATCH($A$1,[1]Value2024!$1:$1,0)))) -> #VALUE! | M57: =IF(INDEX([1]Year2024!56:56,MATCH($A$1,[1]Year2024!$1:$1,0))="","-",(INDEX([1]Year2024!56:56,MATCH($A$1,[1]Year2024!$1:$1,0)))) -> #VALUE! | O57: =IF(INDEX([1]Score2024!56:56,MATCH($A$1,[1]Score2024!$1:$1,0))="","-",(INDEX([1]Score2024!56:56,MATCH($A$1,[1]Score2024!$1:$1,0)))) -> #VALUE! | P57: =IF(Table137[[#This Row],[Score (0-100)]]="-","",Table137[[#This Row],[Score (0-100)]]+5) -> #VALUE! | R57: =IF(V57="-",0,[1]Score2024!AO56+5) -> #VALUE! | S57: 52 | U57: =IF(INDEX([1]Rank2023!56:56,MATCH($A$1,[1]Rank2023!$1:$1,0))="","-",(INDEX([1]Rank2023!56:56,MATCH($A$1,[1]Rank2023!$1:$1,0)))) -> #VALUE! | V57: =Table137[[#This Row],[Rank (of 30)]] -> #VALUE! | W57: =IFERROR(U57-V57,"-") -> -
B58: 2 Societal Pillar | C58: 2.02.01 | D58: Mean years of schooling | J58: =IF(INDEX([1]Rank2024!57:57,MATCH($A$1,[1]Rank2024!$1:$1,0))="","-",(INDEX([1]Rank2024!57:57,MATCH($A$1,[1]Rank2024!$1:$1,0)))) -> #VALUE! | K58: =W58 -> - | L58: =IF(INDEX([1]Value2024!57:57,MATCH($A$1,[1]Value2024!$1:$1,0))="","-",(INDEX([1]Value2024!57:57,MATCH($A$1,[1]Value2024!$1:$1,0)))) -> #VALUE! | M58: =IF(INDEX([1]Year2024!57:57,MATCH($A$1,[1]Year2024!$1:$1,0))="","-",(INDEX([1]Year2024!57:57,MATCH($A$1,[1]Year2024!$1:$1,0)))) -> #VALUE! | O58: =IF(INDEX([1]Score2024!57:57,MATCH($A$1,[1]Score2024!$1:$1,0))="","-",(INDEX([1]Score2024!57:57,MATCH($A$1,[1]Score2024!$1:$1,0)))) -> #VALUE! | P58: =IF(Table137[[#This Row],[Score (0-100)]]="-","",Table137[[#This Row],[Score (0-100)]]+5) -> #VALUE! | R58: =IF(V58="-",0,[1]Score2024!AO57+5) -> #VALUE! | S58: 53 | U58: =IF(INDEX([1]Rank2023!57:57,MATCH($A$1,[1]Rank2023!$1:$1,0))="","-",(INDEX([1]Rank2023!57:57,MATCH($A$1,[1]Rank2023!$1:$1,0)))) -> #VALUE! | V58: =Table137[[#This Row],[Rank (of 30)]] -> #VALUE! | W58: =IFERROR(U58-V58,"-") -> -
B59: 2 Societal Pillar | C59: 2.02.02 | D59: University education index | J59: =IF(INDEX([1]Rank2024!58:58,MATCH($A$1,[1]Rank2024!$1:$1,0))="","-",(INDEX([1]Rank2024!58:58,MATCH($A$1,[1]Rank2024!$1:$1,0)))) -> #VALUE! | K59: =W59 -> - | L59: =IF(INDEX([1]Value2024!58:58,MATCH($A$1,[1]Value2024!$1:$1,0))="","-",(INDEX([1]Value2024!58:58,MATCH($A$1,[1]Value2024!$1:$1,0)))) -> #VALUE! | M59: =IF(INDEX([1]Year2024!58:58,MATCH($A$1,[1]Year2024!$1:$1,0))="","-",(INDEX([1]Year2024!58:58,MATCH($A$1,[1]Year2024!$1:$1,0)))) -> #VALUE! | O59: =IF(INDEX([1]Score2024!58:58,MATCH($A$1,[1]Score2024!$1:$1,0))="","-",(INDEX([1]Score2024!58:58,MATCH($A$1,[1]Score2024!$1:$1,0)))) -> #VALUE! | P59: =IF(Table137[[#This Row],[Score (0-100)]]="-","",Table137[[#This Row],[Score (0-100)]]+5) -> #VALUE! | R59: =IF(V59="-",0,[1]Score2024!AO58+5) -> #VALUE! | S59: 54 | U59: =IF(INDEX([1]Rank2023!58:58,MATCH($A$1,[1]Rank2023!$1:$1,0))="","-",(INDEX([1]Rank2023!58:58,MATCH($A$1,[1]Rank2023!$1:$1,0)))) -> #VALUE! | V59: =Table137[[#This Row],[Rank (of 30)]] -> #VALUE! | W59: =IFERROR(U59-V59,"-") -> -
B60: 2 Societal Pillar | C60: 2.02.03 | D60: Tertiary enrollment, % age group | J60: =IF(INDEX([1]Rank2024!59:59,MATCH($A$1,[1]Rank2024!$1:$1,0))="","-",(INDEX([1]Rank2024!59:59,MATCH($A$1,[1]Rank2024!$1:$1,0)))) -> #VALUE! | K60: =W60 -> - | L60: =IF(INDEX([1]Value2024!59:59,MATCH($A$1,[1]Value2024!$1:$1,0))="","-",(INDEX([1]Value2024!59:59,MATCH($A$1,[1]Value2024!$1:$1,0)))) -> #VALUE! | M60: =IF(INDEX([1]Year2024!59:59,MATCH($A$1,[1]Year2024!$1:$1,0))="","-",(INDEX([1]Year2024!59:59,MATCH($A$1,[1]Year2024!$1:$1,0)))) -> #VALUE! | O60: =IF(INDEX([1]Score2024!59:59,MATCH($A$1,[1]Score2024!$1:$1,0))="","-",(INDEX([1]Score2024!59:59,MATCH($A$1,[1]Score2024!$1:$1,0)))) -> #VALUE! | P60: =IF(Table137[[#This Row],[Score (0-100)]]="-","",Table137[[#This Row],[Score (0-100)]]+5) -> #VALUE! | R60: =IF(V60="-",0,[1]Score2024!AO59+5) -> #VALUE! | S60: 55 | U60: =IF(INDEX([1]Rank2023!59:59,MATCH($A$1,[1]Rank2023!$1:$1,0))="","-",(INDEX([1]Rank2023!59:59,MATCH($A$1,[1]Rank2023!$1:$1,0)))) -> #VALUE! | V60: =Table137[[#This Row],[Rank (of 30)]] -> #VALUE! | W60: =IFERROR(U60-V60,"-") -> -
B61: 2 Societal Pillar | C61: 2.03 | D61: Labor standards | J61: =IF(INDEX([1]Rank2024!60:60,MATCH($A$1,[1]Rank2024!$1:$1,0))="","-",(INDEX([1]Rank2024!60:60,MATCH($A$1,[1]Rank2024!$1:$1,0)))) -> #VALUE! | K61: =W61 -> - | L61: =IF(INDEX([1]Value2024!60:60,MATCH($A$1,[1]Value2024!$1:$1,0))="","-",(INDEX([1]Value2024!60:60,MATCH($A$1,[1]Value2024!$1:$1,0)))) -> #VALUE! | M61: =IF(INDEX([1]Year2024!60:60,MATCH($A$1,[1]Year2024!$1:$1,0))="","-",(INDEX([1]Year2024!60:60,MATCH($A$1,[1]Year2024!$1:$1,0)))) -> #VALUE! | O61: =IF(INDEX([1]Score2024!60:60,MATCH($A$1,[1]Score2024!$1:$1,0))="","-",(INDEX([1]Score2024!60:60,MATCH($A$1,[1]Score2024!$1:$1,0)))) -> #VALUE! | P61: =IF(Table137[[#This Row],[Score (0-100)]]="-","",Table137[[#This Row],[Score (0-100)]]+5) -> #VALUE! | R61: =IF(V61="-",0,[1]Score2024!AO60+5) -> #VALUE! | S61: 56 | U61: =IF(INDEX([1]Rank2023!60:60,MATCH($A$1,[1]Rank2023!$1:$1,0))="","-",(INDEX([1]Rank2023!60:60,MATCH($A$1,[1]Rank2023!$1:$1,0)))) -> #VALUE! | V61: =Table137[[#This Row],[Rank (of 30)]] -> #VALUE! | W61: =IFERROR(U61-V61,"-") -> -
B62: 2 Societal Pillar | C62: 2.03.01 | D62: Gender non-discrimination in hiring, index | J62: =IF(INDEX([1]Rank2024!61:61,MATCH($A$1,[1]Rank2024!$1:$1,0))="","-",(INDEX([1]Rank2024!61:61,MATCH($A$1,[1]Rank2024!$1:$1,0)))) -> #VALUE! | K62: =W62 -> - | L62: =IF(INDEX([1]Value2024!61:61,MATCH($A$1,[1]Value2024!$1:$1,0))="","-",(INDEX([1]Value2024!61:61,MATCH($A$1,[1]Value2024!$1:$1,0)))) -> #VALUE! | M62: =IF(INDEX([1]Year2024!61:61,MATCH($A$1,[1]Year2024!$1:$1,0))="","-",(INDEX([1]Year2024!61:61,MATCH($A$1,[1]Year2024!$1:$1,0)))) -> #VALUE! | O62: =IF(INDEX([1]Score2024!61:61,MATCH($A$1,[1]Score2024!$1:$1,0))="","-",(INDEX([1]Score2024!61:61,MATCH($A$1,[1]Score2024!$1:$1,0)))) -> #VALUE! | P62: =IF(Table137[[#This Row],[Score (0-100)]]="-","",Table137[[#This Row],[Score (0-100)]]+5) -> #VALUE! | R62: =IF(V62="-",0,[1]Score2024!AO61+5) -> #VALUE! | S62: 57 | U62: =IF(INDEX([1]Rank2023!61:61,MATCH($A$1,[1]Rank2023!$1:$1,0))="","-",(INDEX([1]Rank2023!61:61,MATCH($A$1,[1]Rank2023!$1:$1,0)))) -> #VALUE! | V62: =Table137[[#This Row],[Rank (of 30)]] -> #VALUE! | W62: =IFERROR(U62-V62,"-") -> -
B63: 2 Societal Pillar | C63: 2.03.02 | D63: Freedom of association and assembly, index | J63: =IF(INDEX([1]Rank2024!62:62,MATCH($A$1,[1]Rank2024!$1:$1,0))="","-",(INDEX([1]Rank2024!62:62,MATCH($A$1,[1]Rank2024!$1:$1,0)))) -> #VALUE! | K63: =W63 -> - | L63: =IF(INDEX([1]Value2024!62:62,MATCH($A$1,[1]Value2024!$1:$1,0))="","-",(INDEX([1]Value2024!62:62,MATCH($A$1,[1]Value2024!$1:$1,0)))) -> #VALUE! | M63: =IF(INDEX([1]Year2024!62:62,MATCH($A$1,[1]Year2024!$1:$1,0))="","-",(INDEX([1]Year2024!62:62,MATCH($A$1,[1]Year2024!$1:$1,0)))) -> #VALUE! | O63: =IF(INDEX([1]Score2024!62:62,MATCH($A$1,[1]Score2024!$1:$1,0))="","-",(INDEX([1]Score2024!62:62,MATCH($A$1,[1]Score2024!$1:$1,0)))) -> #VALUE! | P63: =IF(Table137[[#This Row],[Score (0-100)]]="-","",Table137[[#This Row],[Score (0-100)]]+5) -> #VALUE! | R63: =IF(V63="-",0,[1]Score2024!AO62+5) -> #VALUE! | S63: 58 | U63: =IF(INDEX([1]Rank2023!62:62,MATCH($A$1,[1]Rank2023!$1:$1,0))="","-",(INDEX([1]Rank2023!62:62,MATCH($A$1,[1]Rank2023!$1:$1,0)))) -> #VALUE! | V63: =Table137[[#This Row],[Rank (of 30)]] -> #VALUE! | W63: =IFERROR(U63-V63,"-") -> -
B64: 2 Societal Pillar | C64: 2.04 | D64: Political stability and absence of violence | J64: =IF(INDEX([1]Rank2024!63:63,MATCH($A$1,[1]Rank2024!$1:$1,0))="","-",(INDEX([1]Rank2024!63:63,MATCH($A$1,[1]Rank2024!$1:$1,0)))) -> #VALUE! | K64: =W64 -> - | L64: =IF(INDEX([1]Value2024!63:63,MATCH($A$1,[1]Value2024!$1:$1,0))="","-",(INDEX([1]Value2024!63:63,MATCH($A$1,[1]Value2024!$1:$1,0)))) -> #VALUE! | M64: =IF(INDEX([1]Year2024!63:63,MATCH($A$1,[1]Year2024!$1:$1,0))="","-",(INDEX([1]Year2024!63:63,MATCH($A$1,[1]Year2024!$1:$1,0)))) -> #VALUE! | O64: =IF(INDEX([1]Score2024!63:63,MATCH($A$1,[1]Score2024!$1:$1,0))="","-",(INDEX([1]Score2024!63:63,MATCH($A$1,[1]Score2024!$1:$1,0)))) -> #VALUE! | P64: =IF(Table137[[#This Row],[Score (0-100)]]="-","",Table137[[#This Row],[Score (0-100)]]+5) -> #VALUE! | R64: =IF(V64="-",0,[1]Score2024!AO63+5) -> #VALUE! | S64: 59 | U64: =IF(INDEX([1]Rank2023!63:63,MATCH($A$1,[1]Rank2023!$1:$1,0))="","-",(INDEX([1]Rank2023!63:63,MATCH($A$1,[1]Rank2023!$1:$1,0)))) -> #VALUE! | V64: =Table137[[#This Row],[Rank (of 30)]] -> #VALUE! | W64: =IFERROR(U64-V64,"-") -> -
B65: 2 Societal Pillar | C65: 2.05 | D65: Goods produced by forced labor or child labor | J65: =IF(INDEX([1]Rank2024!64:64,MATCH($A$1,[1]Rank2024!$1:$1,0))="","-",(INDEX([1]Rank2024!64:64,MATCH($A$1,[1]Rank2024!$1:$1,0)))) -> #VALUE! | K65: =W65 -> - | L65: =IF(INDEX([1]Value2024!64:64,MATCH($A$1,[1]Value2024!$1:$1,0))="","-",(INDEX([1]Value2024!64:64,MATCH($A$1,[1]Value2024!$1:$1,0)))) -> #VALUE! | M65: =IF(INDEX([1]Year2024!64:64,MATCH($A$1,[1]Year2024!$1:$1,0))="","-",(INDEX([1]Year2024!64:64,MATCH($A$1,[1]Year2024!$1:$1,0)))) -> #VALUE! | O65: =IF(INDEX([1]Score2024!64:64,MATCH($A$1,[1]Score2024!$1:$1,0))="","-",(INDEX([1]Score2024!64:64,MATCH($A$1,[1]Score2024!$1:$1,0)))) -> #VALUE! | P65: =IF(Table137[[#This Row],[Score (0-100)]]="-","",Table137[[#This Row],[Score (0-100)]]+5) -> #VALUE! | R65: =IF(V65="-",0,[1]Score2024!AO64+5) -> #VALUE! | S65: 60 | U65: =IF(INDEX([1]Rank2023!64:64,MATCH($A$1,[1]Rank2023!$1:$1,0))="","-",(INDEX([1]Rank2023!64:64,MATCH($A$1,[1]Rank2023!$1:$1,0)))) -> #VALUE! | V65: =Table137[[#This Row],[Rank (of 30)]] -> #VALUE! | W65: =IFERROR(U65-V65,"-") -> -
B66: 2 Societal Pillar | C66: 2.05.01 | D66: Goods produced by forced labor | J66: =IF(INDEX([1]Rank2024!65:65,MATCH($A$1,[1]Rank2024!$1:$1,0))="","-",(INDEX([1]Rank2024!65:65,MATCH($A$1,[1]Rank2024!$1:$1,0)))) -> #VALUE! | K66: =W66 -> - | L66: =IF(INDEX([1]Value2024!65:65,MATCH($A$1,[1]Value2024!$1:$1,0))="","-",(INDEX([1]Value2024!65:65,MATCH($A$1,[1]Value2024!$1:$1,0)))) -> #VALUE! | M66: =IF(INDEX([1]Year2024!65:65,MATCH($A$1,[1]Year2024!$1:$1,0))="","-",(INDEX([1]Year2024!65:65,MATCH($A$1,[1]Year2024!$1:$1,0)))) -> #VALUE! | O66: =IF(INDEX([1]Score2024!65:65,MATCH($A$1,[1]Score2024!$1:$1,0))="","-",(INDEX([1]Score2024!65:65,MATCH($A$1,[1]Score2024!$1:$1,0)))) -> #VALUE! | P66: =IF(Table137[[#This Row],[Score (0-100)]]="-","",Table137[[#This Row],[Score (0-100)]]+5) -> #VALUE! | R66: =IF(V66="-",0,[1]Score2024!AO65+5) -> #VALUE! | S66: 61 | U66: =IF(INDEX([1]Rank2023!65:65,MATCH($A$1,[1]Rank2023!$1:$1,0))="","-",(INDEX([1]Rank2023!65:65,MATCH($A$1,[1]Rank2023!$1:$1,0)))) -> #VALUE! | V66: =Table137[[#This Row],[Rank (of 30)]] -> #VALUE! | W66: =IFERROR(U66-V66,"-") -> -
B67: 2 Societal Pillar | C67: 2.05.01.a | D67: Goods produced by forced labor, number of goods categories | J67: =IF(INDEX([1]Rank2024!66:66,MATCH($A$1,[1]Rank2024!$1:$1,0))="","-",(INDEX([1]Rank2024!66:66,MATCH($A$1,[1]Rank2024!$1:$1,0)))) -> #VALUE! | K67: =W67 -> - | L67: =IF(INDEX([1]Value2024!66:66,MATCH($A$1,[1]Value2024!$1:$1,0))="","-",(INDEX([1]Value2024!66:66,MATCH($A$1,[1]Value2024!$1:$1,0)))) -> #VALUE! | M67: =IF(INDEX([1]Year2024!66:66,MATCH($A$1,[1]Year2024!$1:$1,0))="","-",(INDEX([1]Year2024!66:66,MATCH($A$1,[1]Year2024!$1:$1,0)))) -> #VALUE! | O67: =IF(INDEX([1]Score2024!66:66,MATCH($A$1,[1]Score2024!$1:$1,0))="","-",(INDEX([1]Score2024!66:66,MATCH($A$1,[1]Score2024!$1:$1,0)))) -> #VALUE! | P67: =IF(Table137[[#This Row],[Score (0-100)]]="-","",Table137[[#This Row],[Score (0-100)]]+5) -> #VALUE! | R67: =IF(V67="-",0,[1]Score2024!AO66+5) -> #VALUE! | S67: 62 | U67: =IF(INDEX([1]Rank2023!66:66,MATCH($A$1,[1]Rank2023!$1:$1,0))="","-",(INDEX([1]Rank2023!66:66,MATCH($A$1,[1]Rank2023!$1:$1,0)))) -> #VALUE! | V67: =Table137[[#This Row],[Rank (of 30)]] -> #VALUE! | W67: =IFERROR(U67-V67,"-") -> -
B68: 2 Societal Pillar | C68: 2.05.01.b | D68: % population in forced labor | J68: =IF(INDEX([1]Rank2024!67:67,MATCH($A$1,[1]Rank2024!$1:$1,0))="","-",(INDEX([1]Rank2024!67:67,MATCH($A$1,[1]Rank2024!$1:$1,0)))) -> #VALUE! | K68: =W68 -> - | L68: =IF(INDEX([1]Value2024!67:67,MATCH($A$1,[1]Value2024!$1:$1,0))="","-",(INDEX([1]Value2024!67:67,MATCH($A$1,[1]Value2024!$1:$1,0)))) -> #VALUE! | M68: =IF(INDEX([1]Year2024!67:67,MATCH($A$1,[1]Year2024!$1:$1,0))="","-",(INDEX([1]Year2024!67:67,MATCH($A$1,[1]Year2024!$1:$1,0)))) -> #VALUE! | O68: =IF(INDEX([1]Score2024!67:67,MATCH($A$1,[1]Score2024!$1:$1,0))="","-",(INDEX([1]Score2024!67:67,MATCH($A$1,[1]Score2024!$1:$1,0)))) -> #VALUE! | P68: =IF(Table137[[#This Row],[Score (0-100)]]="-","",Table137[[#This Row],[Score (0-100)]]+5) -> #VALUE! | R68: =IF(V68="-",0,[1]Score2024!AO67+5) -> #VALUE! | S68: 63 | U68: =IF(INDEX([1]Rank2023!67:67,MATCH($A$1,[1]Rank2023!$1:$1,0))="","-",(INDEX([1]Rank2023!67:67,MATCH($A$1,[1]Rank2023!$1:$1,0)))) -> #VALUE! | V68: =Table137[[#This Row],[Rank (of 30)]] -> #VALUE! | W68: =IFERROR(U68-V68,"-") -> -
B69: 2 Societal Pillar | C69: 2.05.02 | D69: Goods produced by child labor, number of goods categories | J69: =IF(INDEX([1]Rank2024!68:68,MATCH($A$1,[1]Rank2024!$1:$1,0))="","-",(INDEX([1]Rank2024!68:68,MATCH($A$1,[1]Rank2024!$1:$1,0)))) -> #VALUE! | K69: =W69 -> - | L69: =IF(INDEX([1]Value2024!68:68,MATCH($A$1,[1]Value2024!$1:$1,0))="","-",(INDEX([1]Value2024!68:68,MATCH($A$1,[1]Value2024!$1:$1,0)))) -> #VALUE! | M69: =IF(INDEX([1]Year2024!68:68,MATCH($A$1,[1]Year2024!$1:$1,0))="","-",(INDEX([1]Year2024!68:68,MATCH($A$1,[1]Year2024!$1:$1,0)))) -> #VALUE! | O69: =IF(INDEX([1]Score2024!68:68,MATCH($A$1,[1]Score2024!$1:$1,0))="","-",(INDEX([1]Score2024!68:68,MATCH($A$1,[1]Score2024!$1:$1,0)))) -> #VALUE! | P69: =IF(Table137[[#This Row],[Score (0-100)]]="-","",Table137[[#This Row],[Score (0-100)]]+5) -> #VALUE! | R69: =IF(V69="-",0,[1]Score2024!AO68+5) -> #VALUE! | S69: 64 | U69: =IF(INDEX([1]Rank2023!68:68,MATCH($A$1,[1]Rank2023!$1:$1,0))="","-",(INDEX([1]Rank2023!68:68,MATCH($A$1,[1]Rank2023!$1:$1,0)))) -> #VALUE! | V69: =Table137[[#This Row],[Rank (of 30)]] -> #VALUE! | W69: =IFERROR(U69-V69,"-") -> -
B70: 2 Societal Pillar | C70: 2.06 | D70: Government response to human trafficking | J70: =IF(INDEX([1]Rank2024!69:69,MATCH($A$1,[1]Rank2024!$1:$1,0))="","-",(INDEX([1]Rank2024!69:69,MATCH($A$1,[1]Rank2024!$1:$1,0)))) -> #VALUE! | K70: =W70 -> - | L70: =IF(INDEX([1]Value2024!69:69,MATCH($A$1,[1]Value2024!$1:$1,0))="","-",(INDEX([1]Value2024!69:69,MATCH($A$1,[1]Value2024!$1:$1,0)))) -> #VALUE! | M70: =IF(INDEX([1]Year2024!69:69,MATCH($A$1,[1]Year2024!$1:$1,0))="","-",(INDEX([1]Year2024!69:69,MATCH($A$1,[1]Year2024!$1:$1,0)))) -> #VALUE! | O70: =IF(INDEX([1]Score2024!69:69,MATCH($A$1,[1]Score2024!$1:$1,0))="","-",(INDEX([1]Score2024!69:69,MATCH($A$1,[1]Score2024!$1:$1,0)))) -> #VALUE! | P70: =IF(Table137[[#This Row],[Score (0-100)]]="-","",Table137[[#This Row],[Score (0-100)]]+5) -> #VALUE! | R70: =IF(V70="-",0,[1]Score2024!AO69+5) -> #VALUE! | S70: 65 | U70: =IF(INDEX([1]Rank2023!69:69,MATCH($A$1,[1]Rank2023!$1:$1,0))="","-",(INDEX([1]Rank2023!69:69,MATCH($A$1,[1]Rank2023!$1:$1,0)))) -> #VALUE! | V70: =Table137[[#This Row],[Rank (of 30)]] -> #VALUE! | W70: =IFERROR(U70-V70,"-") -> -
B71: 2 Societal Pillar | C71: 2.06.01 | D71: Government response to human trafficking, Criminalization | J71: =IF(INDEX([1]Rank2024!70:70,MATCH($A$1,[1]Rank2024!$1:$1,0))="","-",(INDEX([1]Rank2024!70:70,MATCH($A$1,[1]Rank2024!$1:$1,0)))) -> #VALUE! | K71: =W71 -> - | L71: =IF(INDEX([1]Value2024!70:70,MATCH($A$1,[1]Value2024!$1:$1,0))="","-",(INDEX([1]Value2024!70:70,MATCH($A$1,[1]Value2024!$1:$1,0)))) -> #VALUE! | M71: =IF(INDEX([1]Year2024!70:70,MATCH($A$1,[1]Year2024!$1:$1,0))="","-",(INDEX([1]Year2024!70:70,MATCH($A$1,[1]Year2024!$1:$1,0)))) -> #VALUE! | O71: =IF(INDEX([1]Score2024!70:70,MATCH($A$1,[1]Score2024!$1:$1,0))="","-",(INDEX([1]Score2024!70:70,MATCH($A$1,[1]Score2024!$1:$1,0)))) -> #VALUE! | P71: =IF(Table137[[#This Row],[Score (0-100)]]="-","",Table137[[#This Row],[Score (0-100)]]+5) -> #VALUE! | R71: =IF(V71="-",0,[1]Score2024!AO70+5) -> #VALUE! | S71: 66 | U71: =IF(INDEX([1]Rank2023!70:70,MATCH($A$1,[1]Rank2023!$1:$1,0))="","-",(INDEX([1]Rank2023!70:70,MATCH($A$1,[1]Rank2023!$1:$1,0)))) -> #VALUE! | V71: =Table137[[#This Row],[Rank (of 30)]] -> #VALUE! | W71: =IFERROR(U71-V71,"-") -> -
B72: 2 Societal Pillar | C72: 2.06.02 | D72: Government response to human trafficking, Strategy | J72: =IF(INDEX([1]Rank2024!71:71,MATCH($A$1,[1]Rank2024!$1:$1,0))="","-",(INDEX([1]Rank2024!71:71,MATCH($A$1,[1]Rank2024!$1:$1,0)))) -> #VALUE! | K72: =W72 -> - | L72: =IF(INDEX([1]Value2024!71:71,MATCH($A$1,[1]Value2024!$1:$1,0))="","-",(INDEX([1]Value2024!71:71,MATCH($A$1,[1]Value2024!$1:$1,0)))) -> #VALUE! | M72: =IF(INDEX([1]Year2024!71:71,MATCH($A$1,[1]Year2024!$1:$1,0))="","-",(INDEX([1]Year2024!71:71,MATCH($A$1,[1]Year2024!$1:$1,0)))) -> #VALUE! | O72: =IF(INDEX([1]Score2024!71:71,MATCH($A$1,[1]Score2024!$1:$1,0))="","-",(INDEX([1]Score2024!71:71,MATCH($A$1,[1]Score2024!$1:$1,0)))) -> #VALUE! | P72: =IF(Table137[[#This Row],[Score (0-100)]]="-","",Table137[[#This Row],[Score (0-100)]]+5) -> #VALUE! | R72: =IF(V72="-",0,[1]Score2024!AO71+5) -> #VALUE! | S72: 67 | U72: =IF(INDEX([1]Rank2023!71:71,MATCH($A$1,[1]Rank2023!$1:$1,0))="","-",(INDEX([1]Rank2023!71:71,MATCH($A$1,[1]Rank2023!$1:$1,0)))) -> #VALUE! | V72: =Table137[[#This Row],[Rank (of 30)]] -> #VALUE! | W72: =IFERROR(U72-V72,"-") -> -
B73: 2 Societal Pillar | C73: 2.06.03 | D73: Government response to human trafficking, Action | J73: =IF(INDEX([1]Rank2024!72:72,MATCH($A$1,[1]Rank2024!$1:$1,0))="","-",(INDEX([1]Rank2024!72:72,MATCH($A$1,[1]Rank2024!$1:$1,0)))) -> #VALUE! | K73: =W73 -> - | L73: =IF(INDEX([1]Value2024!72:72,MATCH($A$1,[1]Value2024!$1:$1,0))="","-",(INDEX([1]Value2024!72:72,MATCH($A$1,[1]Value2024!$1:$1,0)))) -> #VALUE! | M73: =IF(INDEX([1]Year2024!72:72,MATCH($A$1,[1]Year2024!$1:$1,0))="","-",(INDEX([1]Year2024!72:72,MATCH($A$1,[1]Year2024!$1:$1,0)))) -> #VALUE! | O73: =IF(INDEX([1]Score2024!72:72,MATCH($A$1,[1]Score2024!$1:$1,0))="","-",(INDEX([1]Score2024!72:72,MATCH($A$1,[1]Score2024!$1:$1,0)))) -> #VALUE! | P73: =IF(Table137[[#This Row],[Score (0-100)]]="-","",Table137[[#This Row],[Score (0-100)]]+5) -> #VALUE! | R73: =IF(V73="-",0,[1]Score2024!AO72+5) -> #VALUE! | S73: 68 | U73: =IF(INDEX([1]Rank2023!72:72,MATCH($A$1,[1]Rank2023!$1:$1,0))="","-",(INDEX([1]Rank2023!72:72,MATCH($A$1,[1]Rank2023!$1:$1,0)))) -> #VALUE! | V73: =Table137[[#This Row],[Rank (of 30)]] -> #VALUE! | W73: =IFERROR(U73-V73,"-") -> -
B74: 2 Societal Pillar | C74: 2.07 | D74: Trade in goods at risk of modern slavery | J74: =IF(INDEX([1]Rank2024!73:73,MATCH($A$1,[1]Rank2024!$1:$1,0))="","-",(INDEX([1]Rank2024!73:73,MATCH($A$1,[1]Rank2024!$1:$1,0)))) -> #VALUE! | K74: =W74 -> - | L74: =IF(INDEX([1]Value2024!73:73,MATCH($A$1,[1]Value2024!$1:$1,0))="","-",(INDEX([1]Value2024!73:73,MATCH($A$1,[1]Value2024!$1:$1,0)))) -> #VALUE! | M74: =IF(INDEX([1]Year2024!73:73,MATCH($A$1,[1]Year2024!$1:$1,0))="","-",(INDEX([1]Year2024!73:73,MATCH($A$1,[1]Year2024!$1:$1,0)))) -> #VALUE! | O74: =IF(INDEX([1]Score2024!73:73,MATCH($A$1,[1]Score2024!$1:$1,0))="","-",(INDEX([1]Score2024!73:73,MATCH($A$1,[1]Score2024!$1:$1,0)))) -> #VALUE! | P74: =IF(Table137[[#This Row],[Score (0-100)]]="-","",Table137[[#This Row],[Score (0-100)]]+5) -> #VALUE! | R74: =IF(V74="-",0,[1]Score2024!AO73+5) -> #VALUE! | S74: 69 | U74: =IF(INDEX([1]Rank2023!73:73,MATCH($A$1,[1]Rank2023!$1:$1,0))="","-",(INDEX([1]Rank2023!73:73,MATCH($A$1,[1]Rank2023!$1:$1,0)))) -> #VALUE! | V74: =Table137[[#This Row],[Rank (of 30)]] -> #VALUE! | W74: =IFERROR(U74-V74,"-") -> -
B75: 2 Societal Pillar | C75: 2.07.01 | D75: Imports of goods at risk of modern slavery, US$ millions | J75: =IF(INDEX([1]Rank2024!74:74,MATCH($A$1,[1]Rank2024!$1:$1,0))="","-",(INDEX([1]Rank2024!74:74,MATCH($A$1,[1]Rank2024!$1:$1,0)))) -> #VALUE! | K75: =W75 -> - | L75: =IF(INDEX([1]Value2024!74:74,MATCH($A$1,[1]Value2024!$1:$1,0))="","-",(INDEX([1]Value2024!74:74,MATCH($A$1,[1]Value2024!$1:$1,0)))) -> #VALUE! | M75: =IF(INDEX([1]Year2024!74:74,MATCH($A$1,[1]Year2024!$1:$1,0))="","-",(INDEX([1]Year2024!74:74,MATCH($A$1,[1]Year2024!$1:$1,0)))) -> #VALUE! | O75: =IF(INDEX([1]Score2024!74:74,MATCH($A$1,[1]Score2024!$1:$1,0))="","-",(INDEX([1]Score2024!74:74,MATCH($A$1,[1]Score2024!$1:$1,0)))) -> #VALUE! | P75: =IF(Table137[[#This Row],[Score (0-100)]]="-","",Table137[[#This Row],[Score (0-100)]]+5) -> #VALUE! | R75: =IF(V75="-",0,[1]Score2024!AO74+5) -> #VALUE! | S75: 70 | U75: =IF(INDEX([1]Rank2023!74:74,MATCH($A$1,[1]Rank2023!$1:$1,0))="","-",(INDEX([1]Rank2023!74:74,MATCH($A$1,[1]Rank2023!$1:$1,0)))) -> #VALUE! | V75: =Table137[[#This Row],[Rank (of 30)]] -> #VALUE! | W75: =IFERROR(U75-V75,"-") -> -
B76: 2 Societal Pillar | C76: 2.07.02 | D76: Exports of goods at risk of modern slavery, US$ millions | J76: =IF(INDEX([1]Rank2024!75:75,MATCH($A$1,[1]Rank2024!$1:$1,0))="","-",(INDEX([1]Rank2024!75:75,MATCH($A$1,[1]Rank2024!$1:$1,0)))) -> #VALUE! | K76: =W76 -> - | L76: =IF(INDEX([1]Value2024!75:75,MATCH($A$1,[1]Value2024!$1:$1,0))="","-",(INDEX([1]Value2024!75:75,MATCH($A$1,[1]Value2024!$1:$1,0)))) -> #VALUE! | M76: =IF(INDEX([1]Year2024!75:75,MATCH($A$1,[1]Year2024!$1:$1,0))="","-",(INDEX([1]Year2024!75:75,MATCH($A$1,[1]Year2024!$1:$1,0)))) -> #VALUE! | O76: =IF(INDEX([1]Score2024!75:75,MATCH($A$1,[1]Score2024!$1:$1,0))="","-",(INDEX([1]Score2024!75:75,MATCH($A$1,[1]Score2024!$1:$1,0)))) -> #VALUE! | P76: =IF(Table137[[#This Row],[Score (0-100)]]="-","",Table137[[#This Row],[Score (0-100)]]+5) -> #VALUE! | R76: =IF(V76="-",0,[1]Score2024!AO75+5) -> #VALUE! | S76: 71 | U76: =IF(INDEX([1]Rank2023!75:75,MATCH($A$1,[1]Rank2023!$1:$1,0))="","-",(INDEX([1]Rank2023!75:75,MATCH($A$1,[1]Rank2023!$1:$1,0)))) -> #VALUE! | V76: =Table137[[#This Row],[Rank (of 30)]] -> #VALUE! | W76: =IFERROR(U76-V76,"-") -> -
B77: 2 Societal Pillar | C77: 2.08 | D77: Social mobility, index | J77: =IF(INDEX([1]Rank2024!76:76,MATCH($A$1,[1]Rank2024!$1:$1,0))="","-",(INDEX([1]Rank2024!76:76,MATCH($A$1,[1]Rank2024!$1:$1,0)))) -> #VALUE! | K77: =W77 -> - | L77: =IF(INDEX([1]Value2024!76:76,MATCH($A$1,[1]Value2024!$1:$1,0))="","-",(INDEX([1]Value2024!76:76,MATCH($A$1,[1]Value2024!$1:$1,0)))) -> #VALUE! | M77: =IF(INDEX([1]Year2024!76:76,MATCH($A$1,[1]Year2024!$1:$1,0))="","-",(INDEX([1]Year2024!76:76,MATCH($A$1,[1]Year2024!$1:$1,0)))) -> #VALUE! | O77: =IF(INDEX([1]Score2024!76:76,MATCH($A$1,[1]Score2024!$1:$1,0))="","-",(INDEX([1]Score2024!76:76,MATCH($A$1,[1]Score2024!$1:$1,0)))) -> #VALUE! | P77: =IF(Table137[[#This Row],[Score (0-100)]]="-","",Table137[[#This Row],[Score (0-100)]]+5) -> #VALUE! | R77: =IF(V77="-",0,[1]Score2024!AO76+5) -> #VALUE! | S77: 72 | U77: =IF(INDEX([1]Rank2023!76:76,MATCH($A$1,[1]Rank2023!$1:$1,0))="","-",(INDEX([1]Rank2023!76:76,MATCH($A$1,[1]Rank2023!$1:$1,0)))) -> #VALUE! | V77: =Table137[[#This Row],[Rank (of 30)]] -> #VALUE! | W77: =IFERROR(U77-V77,"-") -> -
B78: 2 Societal Pillar | C78: 2.09 | D78: Life expectancy at birth | J78: =IF(INDEX([1]Rank2024!77:77,MATCH($A$1,[1]Rank2024!$1:$1,0))="","-",(INDEX([1]Rank2024!77:77,MATCH($A$1,[1]Rank2024!$1:$1,0)))) -> #VALUE! | K78: =W78 -> - | L78: =IF(INDEX([1]Value2024!77:77,MATCH($A$1,[1]Value2024!$1:$1,0))="","-",(INDEX([1]Value2024!77:77,MATCH($A$1,[1]Value2024!$1:$1,0)))) -> #VALUE! | M78: =IF(INDEX([1]Year2024!77:77,MATCH($A$1,[1]Year2024!$1:$1,0))="","-",(INDEX([1]Year2024!77:77,MATCH($A$1,[1]Year2024!$1:$1,0)))) -> #VALUE! | O78: =IF(INDEX([1]Score2024!77:77,MATCH($A$1,[1]Score2024!$1:$1,0))="","-",(INDEX([1]Score2024!77:77,MATCH($A$1,[1]Score2024!$1:$1,0)))) -> #VALUE! | P78: =IF(Table137[[#This Row],[Score (0-100)]]="-","",Table137[[#This Row],[Score (0-100)]]+5) -> #VALUE! | R78: =IF(V78="-",0,[1]Score2024!AO77+5) -> #VALUE! | S78: 73 | U78: =IF(INDEX([1]Rank2023!77:77,MATCH($A$1,[1]Rank2023!$1:$1,0))="","-",(INDEX([1]Rank2023!77:77,MATCH($A$1,[1]Rank2023!$1:$1,0)))) -> #VALUE! | V78: =Table137[[#This Row],[Rank (of 30)]] -> #VALUE! | W78: =IFERROR(U78-V78,"-") -> -
B79: 2 Societal Pillar | C79: 2.10 | D79: Uneven economic development | J79: =IF(INDEX([1]Rank2024!78:78,MATCH($A$1,[1]Rank2024!$1:$1,0))="","-",(INDEX([1]Rank2024!78:78,MATCH($A$1,[1]Rank2024!$1:$1,0)))) -> #VALUE! | K79: =W79 -> - | L79: =IF(INDEX([1]Value2024!78:78,MATCH($A$1,[1]Value2024!$1:$1,0))="","-",(INDEX([1]Value2024!78:78,MATCH($A$1,[1]Value2024!$1:$1,0)))) -> #VALUE! | M79: =IF(INDEX([1]Year2024!78:78,MATCH($A$1,[1]Year2024!$1:$1,0))="","-",(INDEX([1]Year2024!78:78,MATCH($A$1,[1]Year2024!$1:$1,0)))) -> #VALUE! | O79: =IF(INDEX([1]Score2024!78:78,MATCH($A$1,[1]Score2024!$1:$1,0))="","-",(INDEX([1]Score2024!78:78,MATCH($A$1,[1]Score2024!$1:$1,0)))) -> #VALUE! | P79: =IF(Table137[[#This Row],[Score (0-100)]]="-","",Table137[[#This Row],[Score (0-100)]]+5) -> #VALUE! | R79: =IF(V79="-",0,[1]Score2024!AO78+5) -> #VALUE! | S79: 74 | U79: =IF(INDEX([1]Rank2023!78:78,MATCH($A$1,[1]Rank2023!$1:$1,0))="","-",(INDEX([1]Rank2023!78:78,MATCH($A$1,[1]Rank2023!$1:$1,0)))) -> #VALUE! | V79: =Table137[[#This Row],[Rank (of 30)]] -> #VALUE! | W79: =IFERROR(U79-V79,"-") -> -
B80: 2 Societal Pillar | C80: 2.11 | D80: Universal Health Coverage Index | J80: =IF(INDEX([1]Rank2024!79:79,MATCH($A$1,[1]Rank2024!$1:$1,0))="","-",(INDEX([1]Rank2024!79:79,MATCH($A$1,[1]Rank2024!$1:$1,0)))) -> #VALUE! | K80: (NEW) | L80: =IF(INDEX([1]Value2024!79:79,MATCH($A$1,[1]Value2024!$1:$1,0))="","-",(INDEX([1]Value2024!79:79,MATCH($A$1,[1]Value2024!$1:$1,0)))) -> #VALUE! | M80: =IF(INDEX([1]Year2024!79:79,MATCH($A$1,[1]Year2024!$1:$1,0))="","-",(INDEX([1]Year2024!79:79,MATCH($A$1,[1]Year2024!$1:$1,0)))) -> #VALUE! | O80: =IF(INDEX([1]Score2024!79:79,MATCH($A$1,[1]Score2024!$1:$1,0))="","-",(INDEX([1]Score2024!79:79,MATCH($A$1,[1]Score2024!$1:$1,0)))) -> #VALUE! | P80: =IF(Table137[[#This Row],[Score (0-100)]]="-","",Table137[[#This Row],[Score (0-100)]]+5) -> #VALUE! | R80: =IF(V80="-",0,[1]Score2024!AO79+5) -> #VALUE! | S80: 75 | V80: =Table137[[#This Row],[Rank (of 30)]] -> #VALUE! | W80: =IFERROR(U80-V80,"-") -> -
S81: 76 | V81: =Table137[[#This Row],[Rank (of 30)]] -> 0 | W81: =IFERROR(U81-V81,"-") -> 0
S82: 77 | V82: =Table137[[#This Row],[Rank (of 30)]] -> 0 | W82: =IFERROR(U82-V82,"-") -> 0
B83: 3 Environmental Pillar | C83: 3 Environmental Pillar | J83: Rank | K83: Rank +/- | L83: Value | M83: Year | O83: Score (and 30-country average ◊) | S83: 78 | V83: =Table137[[#This Row],[Rank (of 30)]] -> Rank | W83: =IFERROR(U83-V83,"-") -> -
B84: 3 Environmental Pillar | C84: 3.01 | D84: Air pollution, PM2.5 micrograms per cubic metre | J84: =IF(INDEX([1]Rank2024!83:83,MATCH($A$1,[1]Rank2024!$1:$1,0))="","-",(INDEX([1]Rank2024!83:83,MATCH($A$1,[1]Rank2024!$1:$1,0)))) -> #VALUE! | K84: =W84 -> - | L84: =IF(INDEX([1]Value2024!83:83,MATCH($A$1,[1]Value2024!$1:$1,0))="","-",(INDEX([1]Value2024!83:83,MATCH($A$1,[1]Value2024!$1:$1,0)))) -> #VALUE! | M84: =IF(INDEX([1]Year2024!83:83,MATCH($A$1,[1]Year2024!$1:$1,0))="","-",(INDEX([1]Year2024!83:83,MATCH($A$1,[1]Year2024!$1:$1,0)))) -> #VALUE! | O84: =IF(INDEX([1]Score2024!83:83,MATCH($A$1,[1]Score2024!$1:$1,0))="","-",(INDEX([1]Score2024!83:83,MATCH($A$1,[1]Score2024!$1:$1,0)))) -> #VALUE! | P84: =IF(Table137[[#This Row],[Score (0-100)]]="-","",Table137[[#This Row],[Score (0-100)]]+5) -> #VALUE! | R84: =IF(V84="-",0,[1]Score2024!AO83+5) -> #VALUE! | S84: 79 | U84: =IF(INDEX([1]Rank2023!82:82,MATCH($A$1,[1]Rank2023!$1:$1,0))="","-",(INDEX([1]Rank2023!82:82,MATCH($A$1,[1]Rank2023!$1:$1,0)))) -> #VALUE! | V84: =Table137[[#This Row],[Rank (of 30)]] -> #VALUE! | W84: =IFERROR(U84-V84,"-") -> -
B85: 3 Environmental Pillar | C85: 3.02 | D85: Deforestation, index | J85: =IF(INDEX([1]Rank2024!84:84,MATCH($A$1,[1]Rank2024!$1:$1,0))="","-",(INDEX([1]Rank2024!84:84,MATCH($A$1,[1]Rank2024!$1:$1,0)))) -> #VALUE! | K85: =W85 -> - | L85: =IF(INDEX([1]Value2024!84:84,MATCH($A$1,[1]Value2024!$1:$1,0))="","-",(INDEX([1]Value2024!84:84,MATCH($A$1,[1]Value2024!$1:$1,0)))) -> #VALUE! | M85: =IF(INDEX([1]Year2024!84:84,MATCH($A$1,[1]Year2024!$1:$1,0))="","-",(INDEX([1]Year2024!84:84,MATCH($A$1,[1]Year2024!$1:$1,0)))) -> #VALUE! | O85: =IF(INDEX([1]Score2024!84:84,MATCH($A$1,[1]Score2024!$1:$1,0))="","-",(INDEX([1]Score2024!84:84,MATCH($A$1,[1]Score2024!$1:$1,0)))) -> #VALUE! | P85: =IF(Table137[[#This Row],[Score (0-100)]]="-","",Table137[[#This Row],[Score (0-100)]]+5) -> #VALUE! | R85: =IF(V85="-",0,[1]Score2024!AO84+5) -> #VALUE! | S85: 80 | U85: =IF(INDEX([1]Rank2023!83:83,MATCH($A$1,[1]Rank2023!$1:$1,0))="","-",(INDEX([1]Rank2023!83:83,MATCH($A$1,[1]Rank2023!$1:$1,0)))) -> #VALUE! | V85: =Table137[[#This Row],[Rank (of 30)]] -> #VALUE! | W85: =IFERROR(U85-V85,"-") -> -
B86: 3 Environmental Pillar | C86: 3.03 | D86: % of wastewater treated | J86: =IF(INDEX([1]Rank2024!85:85,MATCH($A$1,[1]Rank2024!$1:$1,0))="","-",(INDEX([1]Rank2024!85:85,MATCH($A$1,[1]Rank2024!$1:$1,0)))) -> #VALUE! | K86: =W86 -> - | L86: =IF(INDEX([1]Value2024!85:85,MATCH($A$1,[1]Value2024!$1:$1,0))="","-",(INDEX([1]Value2024!85:85,MATCH($A$1,[1]Value2024!$1:$1,0)))) -> #VALUE! | M86: =IF(INDEX([1]Year2024!85:85,MATCH($A$1,[1]Year2024!$1:$1,0))="","-",(INDEX([1]Year2024!85:85,MATCH($A$1,[1]Year2024!$1:$1,0)))) -> #VALUE! | O86: =IF(INDEX([1]Score2024!85:85,MATCH($A$1,[1]Score2024!$1:$1,0))="","-",(INDEX([1]Score2024!85:85,MATCH($A$1,[1]Score2024!$1:$1,0)))) -> #VALUE! | P86: =IF(Table137[[#This Row],[Score (0-100)]]="-","",Table137[[#This Row],[Score (0-100)]]+5) -> #VALUE! | R86: =IF(V86="-",0,[1]Score2024!AO85+5) -> #VALUE! | S86: 81 | U86: =IF(INDEX([1]Rank2023!84:84,MATCH($A$1,[1]Rank2023!$1:$1,0))="","-",(INDEX([1]Rank2023!84:84,MATCH($A$1,[1]Rank2023!$1:$1,0)))) -> #VALUE! | V86: =Table137[[#This Row],[Rank (of 30)]] -> #VALUE! | W86: =IFERROR(U86-V86,"-") -> -
B87: 3 Environmental Pillar | C87: 3.04 | D87: Energy intensity, energy consumed for each 1,000 US$ of GDP in TOE | J87: =IF(INDEX([1]Rank2024!86:86,MATCH($A$1,[1]Rank2024!$1:$1,0))="","-",(INDEX([1]Rank2024!86:86,MATCH($A$1,[1]Rank2024!$1:$1,0)))) -> #VALUE! | K87: =W87 -> - | L87: =IF(INDEX([1]Value2024!86:86,MATCH($A$1,[1]Value2024!$1:$1,0))="","-",(INDEX([1]Value2024!86:86,MATCH($A$1,[1]Value2024!$1:$1,0)))) -> #VALUE! | M87: =IF(INDEX([1]Year2024!86:86,MATCH($A$1,[1]Year2024!$1:$1,0))="","-",(INDEX([1]Year2024!86:86,MATCH($A$1,[1]Year2024!$1:$1,0)))) -> #VALUE! | O87: =IF(INDEX([1]Score2024!86:86,MATCH($A$1,[1]Score2024!$1:$1,0))="","-",(INDEX([1]Score2024!86:86,MATCH($A$1,[1]Score2024!$1:$1,0)))) -> #VALUE! | P87: =IF(Table137[[#This Row],[Score (0-100)]]="-","",Table137[[#This Row],[Score (0-100)]]+5) -> #VALUE! | R87: =IF(V87="-",0,[1]Score2024!AO86+5) -> #VALUE! | S87: 82 | U87: =IF(INDEX([1]Rank2023!85:85,MATCH($A$1,[1]Rank2023!$1:$1,0))="","-",(INDEX([1]Rank2023!85:85,MATCH($A$1,[1]Rank2023!$1:$1,0)))) -> #VALUE! | V87: =Table137[[#This Row],[Rank (of 30)]] -> #VALUE! | W87: =IFERROR(U87-V87,"-") -> -
B88: 3 Environmental Pillar | C88: 3.05 | D88: Ecological footprint | J88: =IF(INDEX([1]Rank2024!87:87,MATCH($A$1,[1]Rank2024!$1:$1,0))="","-",(INDEX([1]Rank2024!87:87,MATCH($A$1,[1]Rank2024!$1:$1,0)))) -> #VALUE! | K88: =W88 -> - | L88: =IF(INDEX([1]Value2024!87:87,MATCH($A$1,[1]Value2024!$1:$1,0))="","-",(INDEX([1]Value2024!87:87,MATCH($A$1,[1]Value2024!$1:$1,0)))) -> #VALUE! | M88: =IF(INDEX([1]Year2024!87:87,MATCH($A$1,[1]Year2024!$1:$1,0))="","-",(INDEX([1]Year2024!87:87,MATCH($A$1,[1]Year2024!$1:$1,0)))) -> #VALUE! | O88: =IF(INDEX([1]Score2024!87:87,MATCH($A$1,[1]Score2024!$1:$1,0))="","-",(INDEX([1]Score2024!87:87,MATCH($A$1,[1]Score2024!$1:$1,0)))) -> #VALUE! | P88: =IF(Table137[[#This Row],[Score (0-100)]]="-","",Table137[[#This Row],[Score (0-100)]]+5) -> #VALUE! | R88: =IF(V88="-",0,[1]Score2024!AO87+5) -> #VALUE! | S88: 83 | U88: =IF(INDEX([1]Rank2023!86:86,MATCH($A$1,[1]Rank2023!$1:$1,0))="","-",(INDEX([1]Rank2023!86:86,MATCH($A$1,[1]Rank2023!$1:$1,0)))) -> #VALUE! | V88: =Table137[[#This Row],[Rank (of 30)]] -> #VALUE! | W88: =IFERROR(U88-V88,"-") -> -
B89: 3 Environmental Pillar | C89: 3.06 | D89: Renewable energy, % | J89: =IF(INDEX([1]Rank2024!88:88,MATCH($A$1,[1]Rank2024!$1:$1,0))="","-",(INDEX([1]Rank2024!88:88,MATCH($A$1,[1]Rank2024!$1:$1,0)))) -> #VALUE! | K89: =W89 -> - | L89: =IF(INDEX([1]Value2024!88:88,MATCH($A$1,[1]Value2024!$1:$1,0))="","-",(INDEX([1]Value2024!88:88,MATCH($A$1,[1]Value2024!$1:$1,0)))) -> #VALUE! | M89: =IF(INDEX([1]Year2024!88:88,MATCH($A$1,[1]Year2024!$1:$1,0))="","-",(INDEX([1]Year2024!88:88,MATCH($A$1,[1]Year2024!$1:$1,0)))) -> #VALUE! | O89: =IF(INDEX([1]Score2024!88:88,MATCH($A$1,[1]Score2024!$1:$1,0))="","-",(INDEX([1]Score2024!88:88,MATCH($A$1,[1]Score2024!$1:$1,0)))) -> #VALUE! | P89: =IF(Table137[[#This Row],[Score (0-100)]]="-","",Table137[[#This Row],[Score (0-100)]]+5) -> #VALUE! | R89: =IF(V89="-",0,[1]Score2024!AO88+5) -> #VALUE! | S89: 84 | U89: =IF(INDEX([1]Rank2023!87:87,MATCH($A$1,[1]Rank2023!$1:$1,0))="","-",(INDEX([1]Rank2023!87:87,MATCH($A$1,[1]Rank2023!$1:$1,0)))) -> #VALUE! | V89: =Table137[[#This Row],[Rank (of 30)]] -> #VALUE! | W89: =IFERROR(U89-V89,"-") -> -
B90: 3 Environmental Pillar | C90: 3.07 | D90: Environmental standards in trade, count | J90: =IF(INDEX([1]Rank2024!89:89,MATCH($A$1,[1]Rank2024!$1:$1,0))="","-",(INDEX([1]Rank2024!89:89,MATCH($A$1,[1]Rank2024!$1:$1,0)))) -> #VALUE! | K90: =W90 -> - | L90: =IF(INDEX([1]Value2024!89:89,MATCH($A$1,[1]Value2024!$1:$1,0))="","-",(INDEX([1]Value2024!89:89,MATCH($A$1,[1]Value2024!$1:$1,0)))) -> #VALUE! | M90: =IF(INDEX([1]Year2024!89:89,MATCH($A$1,[1]Year2024!$1:$1,0))="","-",(INDEX([1]Year2024!89:89,MATCH($A$1,[1]Year2024!$1:$1,0)))) -> #VALUE! | O90: =IF(INDEX([1]Score2024!89:89,MATCH($A$1,[1]Score2024!$1:$1,0))="","-",(INDEX([1]Score2024!89:89,MATCH($A$1,[1]Score2024!$1:$1,0)))) -> #VALUE! | P90: =IF(Table137[[#This Row],[Score (0-100)]]="-","",Table137[[#This Row],[Score (0-100)]]+5) -> #VALUE! | R90: =IF(V90="-",0,[1]Score2024!AO89+5) -> #VALUE! | S90: 85 | U90: =IF(INDEX([1]Rank2023!88:88,MATCH($A$1,[1]Rank2023!$1:$1,0))="","-",(INDEX([1]Rank2023!88:88,MATCH($A$1,[1]Rank2023!$1:$1,0)))) -> #VALUE! | V90: =Table137[[#This Row],[Rank (of 30)]] -> #VALUE! | W90: =IFERROR(U90-V90,"-") -> -
B91: 3 Environmental Pillar | C91: 3.07.01 | D91: Convention: Hazardous Wastes | J91: =IF(INDEX([1]Rank2024!90:90,MATCH($A$1,[1]Rank2024!$1:$1,0))="","-",(INDEX([1]Rank2024!90:90,MATCH($A$1,[1]Rank2024!$1:$1,0)))) -> #VALUE! | K91: =W91 -> - | L91: =IF(INDEX([1]Value2024!90:90,MATCH($A$1,[1]Value2024!$1:$1,0))="","-",(INDEX([1]Value2024!90:90,MATCH($A$1,[1]Value2024!$1:$1,0)))) -> #VALUE! | M91: =IF(INDEX([1]Year2024!90:90,MATCH($A$1,[1]Year2024!$1:$1,0))="","-",(INDEX([1]Year2024!90:90,MATCH($A$1,[1]Year2024!$1:$1,0)))) -> #VALUE! | O91: =IF(INDEX([1]Score2024!90:90,MATCH($A$1,[1]Score2024!$1:$1,0))="","-",(INDEX([1]Score2024!90:90,MATCH($A$1,[1]Score2024!$1:$1,0)))) -> #VALUE! | P91: =IF(Table137[[#This Row],[Score (0-100)]]="-","",Table137[[#This Row],[Score (0-100)]]+5) -> #VALUE! | R91: =IF(V91="-",0,[1]Score2024!AO90+5) -> #VALUE! | S91: 86 | U91: =IF(INDEX([1]Rank2023!89:89,MATCH($A$1,[1]Rank2023!$1:$1,0))="","-",(INDEX([1]Rank2023!89:89,MATCH($A$1,[1]Rank2023!$1:$1,0)))) -> #VALUE! | V91: =Table137[[#This Row],[Rank (of 30)]] -> #VALUE! | W91: =IFERROR(U91-V91,"-") -> -
B92: 3 Environmental Pillar | C92: 3.07.02 | D92: Convention: Prevention of Marine Pollution | J92: =IF(INDEX([1]Rank2024!91:91,MATCH($A$1,[1]Rank2024!$1:$1,0))="","-",(INDEX([1]Rank2024!91:91,MATCH($A$1,[1]Rank2024!$1:$1,0)))) -> #VALUE! | K92: =W92 -> - | L92: =IF(INDEX([1]Value2024!91:91,MATCH($A$1,[1]Value2024!$1:$1,0))="","-",(INDEX([1]Value2024!91:91,MATCH($A$1,[1]Value2024!$1:$1,0)))) -> #VALUE! | M92: =IF(INDEX([1]Year2024!91:91,MATCH($A$1,[1]Year2024!$1:$1,0))="","-",(INDEX([1]Year2024!91:91,MATCH($A$1,[1]Year2024!$1:$1,0)))) -> #VALUE! | O92: =IF(INDEX([1]Score2024!91:91,MATCH($A$1,[1]Score2024!$1:$1,0))="","-",(INDEX([1]Score2024!91:91,MATCH($A$1,[1]Score2024!$1:$1,0)))) -> #VALUE! | P92: =IF(Table137[[#This Row],[Score (0-100)]]="-","",Table137[[#This Row],[Score (0-100)]]+5) -> #VALUE! | R92: =IF(V92="-",0,[1]Score2024!AO91+5) -> #VALUE! | S92: 87 | U92: =IF(INDEX([1]Rank2023!90:90,MATCH($A$1,[1]Rank2023!$1:$1,0))="","-",(INDEX([1]Rank2023!90:90,MATCH($A$1,[1]Rank2023!$1:$1,0)))) -> #VALUE! | V92: =Table137[[#This Row],[Rank (of 30)]] -> #VALUE! | W92: =IFERROR(U92-V92,"-") -> -
B93: 3 Environmental Pillar | C93: 3.07.03 | D93: Convention: Protection of the Ozone Layer (Vienna) | J93: =IF(INDEX([1]Rank2024!92:92,MATCH($A$1,[1]Rank2024!$1:$1,0))="","-",(INDEX([1]Rank2024!92:92,MATCH($A$1,[1]Rank2024!$1:$1,0)))) -> #VALUE! | K93: =W93 -> - | L93: =IF(INDEX([1]Value2024!92:92,MATCH($A$1,[1]Value2024!$1:$1,0))="","-",(INDEX([1]Value2024!92:92,MATCH($A$1,[1]Value2024!$1:$1,0)))) -> #VALUE! | M93: =IF(INDEX([1]Year2024!92:92,MATCH($A$1,[1]Year2024!$1:$1,0))="","-",(INDEX([1]Year2024!92:92,MATCH($A$1,[1]Year2024!$1:$1,0)))) -> #VALUE! | O93: =IF(INDEX([1]Score2024!92:92,MATCH($A$1,[1]Score2024!$1:$1,0))="","-",(INDEX([1]Score2024!92:92,MATCH($A$1,[1]Score2024!$1:$1,0)))) -> #VALUE! | P93: =IF(Table137[[#This Row],[Score (0-100)]]="-","",Table137[[#This Row],[Score (0-100)]]+5) -> #VALUE! | R93: =IF(V93="-",0,[1]Score2024!AO92+5) -> #VALUE! | S93: 88 | U93: =IF(INDEX([1]Rank2023!91:91,MATCH($A$1,[1]Rank2023!$1:$1,0))="","-",(INDEX([1]Rank2023!91:91,MATCH($A$1,[1]Rank2023!$1:$1,0)))) -> #VALUE! | V93: =Table137[[#This Row],[Rank (of 30)]] -> #VALUE! | W93: =IFERROR(U93-V93,"-") -> -
B94: 3 Environmental Pillar | C94: 3.07.04 | D94: Convention on Climate Change (Kyoto) | J94: =IF(INDEX([1]Rank2024!93:93,MATCH($A$1,[1]Rank2024!$1:$1,0))="","-",(INDEX([1]Rank2024!93:93,MATCH($A$1,[1]Rank2024!$1:$1,0)))) -> #VALUE! | K94: =W94 -> - | L94: =IF(INDEX([1]Value2024!93:93,MATCH($A$1,[1]Value2024!$1:$1,0))="","-",(INDEX([1]Value2024!93:93,MATCH($A$1,[1]Value2024!$1:$1,0)))) -> #VALUE! | M94: =IF(INDEX([1]Year2024!93:93,MATCH($A$1,[1]Year2024!$1:$1,0))="","-",(INDEX([1]Year2024!93:93,MATCH($A$1,[1]Year2024!$1:$1,0)))) -> #VALUE! | O94: =IF(INDEX([1]Score2024!93:93,MATCH($A$1,[1]Score2024!$1:$1,0))="","-",(INDEX([1]Score2024!93:93,MATCH($A$1,[1]Score2024!$1:$1,0)))) -> #VALUE! | P94: =IF(Table137[[#This Row],[Score (0-100)]]="-","",Table137[[#This Row],[Score (0-100)]]+5) -> #VALUE! | R94: =IF(V94="-",0,[1]Score2024!AO93+5) -> #VALUE! | S94: 89 | U94: =IF(INDEX([1]Rank2023!92:92,MATCH($A$1,[1]Rank2023!$1:$1,0))="","-",(INDEX([1]Rank2023!92:92,MATCH($A$1,[1]Rank2023!$1:$1,0)))) -> #VALUE! | V94: =Table137[[#This Row],[Rank (of 30)]] -> #VALUE! | W94: =IFERROR(U94-V94,"-") -> -
B95: 3 Environmental Pillar | C95: 3.07.05 | D95: The International Timber Agreement | J95: =IF(INDEX([1]Rank2024!94:94,MATCH($A$1,[1]Rank2024!$1:$1,0))="","-",(INDEX([1]Rank2024!94:94,MATCH($A$1,[1]Rank2024!$1:$1,0)))) -> #VALUE! | K95: =W95 -> - | L95: =IF(INDEX([1]Value2024!94:94,MATCH($A$1,[1]Value2024!$1:$1,0))="","-",(INDEX([1]Value2024!94:94,MATCH($A$1,[1]Value2024!$1:$1,0)))) -> #VALUE! | M95: =IF(INDEX([1]Year2024!94:94,MATCH($A$1,[1]Year2024!$1:$1,0))="","-",(INDEX([1]Year2024!94:94,MATCH($A$1,[1]Year2024!$1:$1,0)))) -> #VALUE! | O95: =IF(INDEX([1]Score2024!94:94,MATCH($A$1,[1]Score2024!$1:$1,0))="","-",(INDEX([1]Score2024!94:94,MATCH($A$1,[1]Score2024!$1:$1,0)))) -> #VALUE! | P95: =IF(Table137[[#This Row],[Score (0-100)]]="-","",Table137[[#This Row],[Score (0-100)]]+5) -> #VALUE! | R95: =IF(V95="-",0,[1]Score2024!AO94+5) -> #VALUE! | S95: 90 | U95: =IF(INDEX([1]Rank2023!93:93,MATCH($A$1,[1]Rank2023!$1:$1,0))="","-",(INDEX([1]Rank2023!93:93,MATCH($A$1,[1]Rank2023!$1:$1,0)))) -> #VALUE! | V95: =Table137[[#This Row],[Rank (of 30)]] -> #VALUE! | W95: =IFERROR(U95-V95,"-") -> -
B96: 3 Environmental Pillar | C96: 3.07.06 | D96: Convention: International Trade in Endangered Species | J96: =IF(INDEX([1]Rank2024!95:95,MATCH($A$1,[1]Rank2024!$1:$1,0))="","-",(INDEX([1]Rank2024!95:95,MATCH($A$1,[1]Rank2024!$1:$1,0)))) -> #VALUE! | K96: =W96 -> - | L96: =IF(INDEX([1]Value2024!95:95,MATCH($A$1,[1]Value2024!$1:$1,0))="","-",(INDEX([1]Value2024!95:95,MATCH($A$1,[1]Value2024!$1:$1,0)))) -> #VALUE! | M96: =IF(INDEX([1]Year2024!95:95,MATCH($A$1,[1]Year2024!$1:$1,0))="","-",(INDEX([1]Year2024!95:95,MATCH($A$1,[1]Year2024!$1:$1,0)))) -> #VALUE! | O96: =IF(INDEX([1]Score2024!95:95,MATCH($A$1,[1]Score2024!$1:$1,0))="","-",(INDEX([1]Score2024!95:95,MATCH($A$1,[1]Score2024!$1:$1,0)))) -> #VALUE! | P96: =IF(Table137[[#This Row],[Score (0-100)]]="-","",Table137[[#This Row],[Score (0-100)]]+5) -> #VALUE! | R96: =IF(V96="-",0,[1]Score2024!AO95+5) -> #VALUE! | S96: 91 | U96: =IF(INDEX([1]Rank2023!94:94,MATCH($A$1,[1]Rank2023!$1:$1,0))="","-",(INDEX([1]Rank2023!94:94,MATCH($A$1,[1]Rank2023!$1:$1,0)))) -> #VALUE! | V96: =Table137[[#This Row],[Rank (of 30)]] -> #VALUE! | W96: =IFERROR(U96-V96,"-") -> -
B97: 3 Environmental Pillar | C97: 3.07.07 | D97: Convention: Prior Informed Consent - Hazardous Chemicals (Rotterdam) | J97: =IF(INDEX([1]Rank2024!96:96,MATCH($A$1,[1]Rank2024!$1:$1,0))="","-",(INDEX([1]Rank2024!96:96,MATCH($A$1,[1]Rank2024!$1:$1,0)))) -> #VALUE! | K97: =W97 -> - | L97: =IF(INDEX([1]Value2024!96:96,MATCH($A$1,[1]Value2024!$1:$1,0))="","-",(INDEX([1]Value2024!96:96,MATCH($A$1,[1]Value2024!$1:$1,0)))) -> #VALUE! | M97: =IF(INDEX([1]Year2024!96:96,MATCH($A$1,[1]Year2024!$1:$1,0))="","-",(INDEX([1]Year2024!96:96,MATCH($A$1,[1]Year2024!$1:$1,0)))) -> #VALUE! | O97: =IF(INDEX([1]Score2024!96:96,MATCH($A$1,[1]Score2024!$1:$1,0))="","-",(INDEX([1]Score2024!96:96,MATCH($A$1,[1]Score2024!$1:$1,0)))) -> #VALUE! | P97: =IF(Table137[[#This Row],[Score (0-100)]]="-","",Table137[[#This Row],[Score (0-100)]]+5) -> #VALUE! | R97: =IF(V97="-",0,[1]Score2024!AO96+5) -> #VALUE! | S97: 92 | U97: =IF(INDEX([1]Rank2023!95:95,MATCH($A$1,[1]Rank2023!$1:$1,0))="","-",(INDEX([1]Rank2023!95:95,MATCH($A$1,[1]Rank2023!$1:$1,0)))) -> #VALUE! | V97: =Table137[[#This Row],[Rank (of 30)]] -> #VALUE! | W97: =IFERROR(U97-V97,"-") -> -
B98: 3 Environmental Pillar | C98: 3.08 | D98: Transfer emissions, million tonnes carbon | J98: =IF(INDEX([1]Rank2024!97:97,MATCH($A$1,[1]Rank2024!$1:$1,0))="","-",(INDEX([1]Rank2024!97:97,MATCH($A$1,[1]Rank2024!$1:$1,0)))) -> #VALUE! | K98: =W98 -> - | L98: =IF(INDEX([1]Value2024!97:97,MATCH($A$1,[1]Value2024!$1:$1,0))="","-",(INDEX([1]Value2024!97:97,MATCH($A$1,[1]Value2024!$1:$1,0)))) -> #VALUE! | M98: =IF(INDEX([1]Year2024!97:97,MATCH($A$1,[1]Year2024!$1:$1,0))="","-",(INDEX([1]Year2024!97:97,MATCH($A$1,[1]Year2024!$1:$1,0)))) -> #VALUE! | O98: =IF(INDEX([1]Score2024!97:97,MATCH($A$1,[1]Score2024!$1:$1,0))="","-",(INDEX([1]Score2024!97:97,MATCH($A$1,[1]Score2024!$1:$1,0)))) -> #VALUE! | P98: =IF(Table137[[#This Row],[Score (0-100)]]="-","",Table137[[#This Row],[Score (0-100)]]+5) -> #VALUE! | R98: =IF(V98="-",0,[1]Score2024!AO97+5) -> #VALUE! | S98: 93 | U98: =IF(INDEX([1]Rank2023!96:96,MATCH($A$1,[1]Rank2023!$1:$1,0))="","-",(INDEX([1]Rank2023!96:96,MATCH($A$1,[1]Rank2023!$1:$1,0)))) -> #VALUE! | V98: =Table137[[#This Row],[Rank (of 30)]] -> #VALUE! | W98: =IFERROR(U98-V98,"-") -> -
B99: 3 Environmental Pillar | C99: 3.09 | D99: Share of natural resources in trade, % | J99: =IF(INDEX([1]Rank2024!98:98,MATCH($A$1,[1]Rank2024!$1:$1,0))="","-",(INDEX([1]Rank2024!98:98,MATCH($A$1,[1]Rank2024!$1:$1,0)))) -> #VALUE! | K99: =W99 -> - | L99: =IF(INDEX([1]Value2024!98:98,MATCH($A$1,[1]Value2024!$1:$1,0))="","-",(INDEX([1]Value2024!98:98,MATCH($A$1,[1]Value2024!$1:$1,0)))) -> #VALUE! | M99: =IF(INDEX([1]Year2024!98:98,MATCH($A$1,[1]Year2024!$1:$1,0))="","-",(INDEX([1]Year2024!98:98,MATCH($A$1,[1]Year2024!$1:$1,0)))) -> #VALUE! | O99: =IF(INDEX([1]Score2024!98:98,MATCH($A$1,[1]Score2024!$1:$1,0))="","-",(INDEX([1]Score2024!98:98,MATCH($A$1,[1]Score2024!$1:$1,0)))) -> #VALUE! | P99: =IF(Table137[[#This Row],[Score (0-100)]]="-","",Table137[[#This Row],[Score (0-100)]]+5) -> #VALUE! | R99: =IF(V99="-",0,[1]Score2024!AO98+5) -> #VALUE! | S99: 94 | U99: =IF(INDEX([1]Rank2023!97:97,MATCH($A$1,[1]Rank2023!$1:$1,0))="","-",(INDEX([1]Rank2023!97:97,MATCH($A$1,[1]Rank2023!$1:$1,0)))) -> #VALUE! | V99: =Table137[[#This Row],[Rank (of 30)]] -> #VALUE! | W99: =IFERROR(U99-V99,"-") -> -
B100: 3 Environmental Pillar | C100: 3.10 | D100: Carbon | J100: =IF(INDEX([1]Rank2024!99:99,MATCH($A$1,[1]Rank2024!$1:$1,0))="","-",(INDEX([1]Rank2024!99:99,MATCH($A$1,[1]Rank2024!$1:$1,0)))) -> #VALUE! | K100: =W100 -> - | L100: =IF(INDEX([1]Value2024!99:99,MATCH($A$1,[1]Value2024!$1:$1,0))="","-",(INDEX([1]Value2024!99:99,MATCH($A$1,[1]Value2024!$1:$1,0)))) -> #VALUE! | M100: =IF(INDEX([1]Year2024!99:99,MATCH($A$1,[1]Year2024!$1:$1,0))="","-",(INDEX([1]Year2024!99:99,MATCH($A$1,[1]Year2024!$1:$1,0)))) -> #VALUE! | O100: =IF(INDEX([1]Score2024!99:99,MATCH($A$1,[1]Score2024!$1:$1,0))="","-",(INDEX([1]Score2024!99:99,MATCH($A$1,[1]Score2024!$1:$1,0)))) -> #VALUE! | P100: =IF(Table137[[#This Row],[Score (0-100)]]="-","",Table137[[#This Row],[Score (0-100)]]+5) -> #VALUE! | R100: =IF(V100="-",0,[1]Score2024!AO99+5) -> #VALUE! | S100: 95 | U100: =IF(INDEX([1]Rank2023!98:98,MATCH($A$1,[1]Rank2023!$1:$1,0))="","-",(INDEX([1]Rank2023!98:98,MATCH($A$1,[1]Rank2023!$1:$1,0)))) -> #VALUE! | V100: =Table137[[#This Row],[Rank (of 30)]] -> #VALUE! | W100: =IFERROR(U100-V100,"-") -> -
B101: 3 Environmental Pillar | C101: 3.10.1 | D101: Carbon pricing | J101: =IF(INDEX([1]Rank2024!100:100,MATCH($A$1,[1]Rank2024!$1:$1,0))="","-",(INDEX([1]Rank2024!100:100,MATCH($A$1,[1]Rank2024!$1:$1,0)))) -> #VALUE! | K101: =W101 -> - | L101: =IF(INDEX([1]Value2024!100:100,MATCH($A$1,[1]Value2024!$1:$1,0))="","-",(INDEX([1]Value2024!100:100,MATCH($A$1,[1]Value2024!$1:$1,0)))) -> #VALUE! | M101: =IF(INDEX([1]Year2024!100:100,MATCH($A$1,[1]Year2024!$1:$1,0))="","-",(INDEX([1]Year2024!100:100,MATCH($A$1,[1]Year2024!$1:$1,0)))) -> #VALUE! | O101: =IF(INDEX([1]Score2024!100:100,MATCH($A$1,[1]Score2024!$1:$1,0))="","-",(INDEX([1]Score2024!100:100,MATCH($A$1,[1]Score2024!$1:$1,0)))) -> #VALUE! | P101: =IF(Table137[[#This Row],[Score (0-100)]]="-","",Table137[[#This Row],[Score (0-100)]]+5) -> #VALUE! | R101: =IF(V101="-",0,[1]Score2024!AO100+5) -> #VALUE! | S101: 96 | U101: =IF(INDEX([1]Rank2023!99:99,MATCH($A$1,[1]Rank2023!$1:$1,0))="","-",(INDEX([1]Rank2023!99:99,MATCH($A$1,[1]Rank2023!$1:$1,0)))) -> #VALUE! | V101: =Table137[[#This Row],[Rank (of 30)]] -> #VALUE! | W101: =IFERROR(U101-V101,"-") -> -
...

Sheet profile circles (Print)
B2: ='[1]Profile image (Print)'!$I$6 -> #N/A | O2: ='[1]Profile image (Print)'!C6 -> #N/A | P2: =O2-1 -> #N/A | Q2: =30-P2 -> #N/A
N3: 1 | O3: 60 | P3: =IF(P33=0,1,0) -> #N/A
N4: 1 | O4: 59 | P4: =IF(P34=0,1,0) -> #N/A
N5: 1 | O5: 58 | P5: =IF(P35=0,1,0) -> #N/A
N6: 1 | O6: 57 | P6: =IF(P36=0,1,0) -> #N/A
A7: Fill | N7: 1 | O7: 56 | P7: =IF(P37=0,1,0) -> #N/A
B8: =1-B9 -> #N/A | N8: 1 | O8: 55 | P8: =IF(P38=0,1,0) -> #N/A
A9: Score | B9: =B2/100 -> #N/A | N9: 1 | O9: 54 | P9: =IF(P39=0,1,0) -> #N/A
N10: 1 | O10: 53 | P10: =IF(P40=0,1,0) -> #N/A
N11: 1 | O11: 52 | P11: =IF(P41=0,1,0) -> #N/A
N12: 1 | O12: 51 | P12: =IF(P42=0,1,0) -> #N/A
N13: 1 | O13: 50 | P13: =IF(P43=0,1,0) -> #N/A
N14: 1 | O14: 49 | P14: =IF(P44=0,1,0) -> #N/A
N15: 1 | O15: 48 | P15: =IF(P45=0,1,0) -> #N/A
N16: 1 | O16: 47 | P16: =IF(P46=0,1,0) -> #N/A
N17: 1 | O17: 46 | P17: =IF(P47=0,1,0) -> #N/A
N18: 1 | O18: 45 | P18: =IF(P48=0,1,0) -> #N/A
N19: 1 | O19: 44 | P19: =IF(P49=0,1,0) -> #N/A
N20: 1 | O20: 43 | P20: =IF(P50=0,1,0) -> #N/A
N21: 1 | O21: 42 | P21: =IF(P51=0,1,0) -> #N/A
... N32: 1 | O32: 31 | P32: =IF(P62=0,1,0) -> #N/A
O33: 30 | P33: =IF($P$2>=$O33,0,1) -> #N/A
O34: 29 | P34: =IF($P$2>=$O34,0,1) -> #N/A
O35: 28 | P35: =IF($P$2>=$O35,0,1) -> #N/A
O36: 27 | P36: =IF($P$2>=$O36,0,1) -> #N/A
O37: 26 | P37: =IF($P$2>=$O37,0,1) -> #N/A
O38: 25 | P38: =IF($P$2>=$O38,0,1) -> #N/A
O39: 24 | P39: =IF($P$2>=$O39,0,1) -> #N/A
O40: 23 | P40: =IF($P$2>=$O40,0,1) -> #N/A
O41: 22 | P41: =IF($P$2>=$O41,0,1) -> #N/A
O42: 21 | P42: =IF($P$2>=$O42,0,1) -> #N/A
O43: 20 | P43: =IF($P$2>=$O43,0,1) -> #N/A
O44: 19 | P44: =IF($P$2>=$O44,0,1) -> #N/A
... O62: 1 | P62: =IF($P$2>=$O62,0,1) -> #N/A

Sheet Profile image (Print)
C1: ='5 - Profile'!A1 -> United Kingdom
D3: Rank | E3: Overall | J3: Score
D4: out of 30 | J4: (0-100)
C6: =HLOOKUP(C1,Rank2026!H1:AK2,2,0) -> 1 | I6: =HLOOKUP(C1,Score2026!H1:AK2,2,0) -> 100
A7: =VLOOKUP(C1,'Previous year ranks'!T10:Y40,6,0) -> 1
D9: =A7-C6 -> 0
D13: Rank | G13: Pillars | J13: Score
A15: =IF(INDEX([1]Rank2023!4:4,MATCH($C$1,[1]Rank2023!$1:$1,0))="","-",(INDEX([1]Rank2023!4:4,MATCH($C$1,[1]Rank2023!$1:$1,0)))) -> 5 | D15: =IF(INDEX([1]Rank2024!4:4,MATCH($C$1,[1]Rank2024!$1:$1,0))="","-",(INDEX([1]Rank2024!4:4,MATCH($C$1,[1]Rank2024!$1:$1,0)))) -> 6 | E15: =A15-D15 -> -1 | G15: Economic | J15: =IF(INDEX([1]Score2024!4:4,MATCH($C$1,[1]Score2024!$1:$1,0))="","-",(INDEX([1]Score2024!4:4,MATCH($C$1,[1]Score2024!$1:$1,0)))) -> 87.810062 | K15: =J15+5 -> 92.810062
A18: =IF(INDEX([1]Rank2023!54:54,MATCH($C$1,[1]Rank2023!$1:$1,0))="","-",(INDEX([1]Rank2023!54:54,MATCH($C$1,[1]Rank2023!$1:$1,0)))) -> 4 | D18: =IF(INDEX([1]Rank2024!54:54,MATCH($C$1,[1]Rank2024!$1:$1,0))="","-",(INDEX([1]Rank2024!54:54,MATCH($C$1,[1]Rank2024!$1:$1,0)))) -> 4 | E18: =A18-D18 -> 0 | G18: Societal | J18: =IF(INDEX([1]Score2024!54:54,MATCH($C$1,[1]Score2024!$1:$1,0))="","-",(INDEX([1]Score2024!54:54,MATCH($C$1,[1]Score2024!$1:$1,0)))) -> 93.726528 | K18: =J18+5 -> 98.726528
A21: =IF(INDEX([1]Rank2023!81:81,MATCH($C$1,[1]Rank2023!$1:$1,0))="","-",(INDEX([1]Rank2023!81:81,MATCH($C$1,[1]Rank2023!$1:$1,0)))) -> 2 | D21: =IF(INDEX([1]Rank2024!82:82,MATCH($C$1,[1]Rank2024!$1:$1,0))="","-",(INDEX([1]Rank2024!82:82,MATCH($C$1,[1]Rank2024!$1:$1,0)))) -> 2 | E21: =A21-D21 -> 0 | G21: Environmental | J21: =IF(INDEX([1]Score2024!82:82,MATCH($C$1,[1]Score2024!$1:$1,0))="","-",(INDEX([1]Score2024!82:82,MATCH($C$1,[1]Score2024!$1:$1,0)))) -> 99.379668 | K21: =J21+5 -> 104.37967
A25: =INDEX([1]Background!E:E,MATCH(C1,[1]Background!$B:$B,0)) -> 2023 est. | C25: =_xlfn.CONCAT("Population, millions (",A25,")") -> Population, millions (2023 est.) | I25: =INDEX([1]Background!C:C,MATCH(C1,[1]Background!$B:$B,0)) -> 68.122 | K25: =INDEX([1]Background!D:D,MATCH(C1,[1]Background!$B:$B,0)) -> Large
A26: =INDEX([1]Background!H:H,MATCH(C1,[1]Background!$B:$B,0)) -> 2023 est. | C26: =_xlfn.CONCAT("Income level, GDP per Capita US$ (",A25,")") -> Income level, GDP per Capita US$ (2023 est.) | I26: =INDEX([1]Background!F:F,MATCH(C1,[1]Background!$B:$B,0)) -> 49098.977 | K26: =INDEX([1]Background!G:G,MATCH(C1,[1]Background!$B:$B,0)) -> High
C27: Membership | I27: =IF(INDEX([1]Background!I:I,MATCH('Profile image (Print)'!$C$1,[1]Background!$B:$B,0))="","-",INDEX([1]Background!I:I,MATCH('Profile image (Print)'!$C$1,[1]Background!$B:$B,0))) -> CPTPP

Sheet Year2026
B1: NA. | C1: Data | E1: COEF | F1: Source | G1: Definition | H1: Australia | I1: Bangladesh | J1: Brunei | K1: Cambodia | L1: Canada | M1: Chile | N1: China | O1: Taiwan | P1: Ecuador | Q1: Hong Kong, SAR | R1: India | S1: Indonesia | T1: Japan | U1: Laos | V1: Malaysia | W1: Mexico | X1: Myanmar | Y1: New Zealand | Z1: Pakistan | AA1: Papua New Guinea | AB1: Peru | AC1: Philippines | AD1: Russia | AE1: Singapore | AF1: South Korea | AG1: Sri Lanka | AH1: Thailand | AI1: United Kingdom | AJ1: United States | AK1: Vietnam | AL1: Outlier | AM1: year
B2: 0verall STI | C2: 0verall STI | D2: =B2 -> 0verall STI
D3: =_xlfn.CONCAT(B3,C3)
B4: 1 Economic Pillar | C4: Economic Pillar | D4: =B4 -> 1 Economic Pillar
A5: 1 | B5: 1.01 | C5: Consumer price inflation | D5: =_xlfn.CONCAT(B5," ",C5) -> 1.01 Consumer price inflation | E5: lower | F5: IMF | H5: 2025 | I5: 2025 | J5: 2025 | K5: 2025 | L5: 2025 | M5: 2025 | N5: 2025 | O5: 2025 | P5: 2025 | Q5: 2025 | R5: 2025 | S5: 2025 | T5: 2025 | U5: 2025 | V5: 2025 | W5: 2025 | X5: 2025 | Y5: 2025 | Z5: 2025 | AA5: 2025 | AB5: 2025 | AC5: 2025 | AD5: 2025 | AE5: 2025 | AF5: 2025 | AG5: 2024 | AH5: 2025 | AI5: 2025 | AJ5: 2025 | AK5: 2025 | AM5: 2025
A6: 2 | B6: 1.02 | C6: Real GDP Growth per capita, % GDP | D6: =_xlfn.CONCAT(B6," ",C6) -> 1.02 Real GDP Growth per capita, % GDP | E6: higher | F6: WEO | G6: GDP is expressed in current U.S. dollars per person. Data are derived by first converting GDP in national currency to U.S. dollars and then dividing it by total population. | H6: 2025 | I6: 2025 | J6: 2025 | K6: 2025 | L6: 2025 | M6: 2025 | N6: 2025 | O6: 2025 | P6: 2025 | Q6: 2025 | R6: 2025 | S6: 2025 | T6: 2025 | U6: 2025 | V6: 2025 | W6: 2025 | X6: 2025 | Y6: 2025 | Z6: 2025 | AA6: 2025 | AB6: 2025 | AC6: 2025 | AD6: 2025 | AE6: 2025 | AF6: 2025 | AG6: 2024 | AH6: 2025 | AI6: 2025 | AJ6: 2025 | AK6: 2025 | AM6: 2025
A7: 3 | B7: 1.03 | C7: Growth in labor force, % | D7: =_xlfn.CONCAT(B7," ",C7) -> 1.03 Growth in labor force, % | E7: higher | F7: World Bank | G7: Labor force comprises people ages 15 and older who supply labor for the production of goods and services during a specified period. It includes people who are currently employed and people who are unemployed but seeking work as well as first-time job-seekers. Not everyone who works is included, however. Unpaid workers, family workers, and students are often omitted, and some countries do not count members of the armed forces. Labor force size tends to vary during the year as seasonal workers enter and leave. | H7: 2025 | I7: 2025 | J7: 2025 | K7: 2025 | L7: 2025 | M7: 2025 | N7: 2025 | O7: 2025 | P7: 2025 | Q7: 2025 | R7: 2025 | S7: 2025 | T7: 2025 | U7: 2025 | V7: 2025 | W7: 2025 | X7: 2025 | Y7: 2025 | Z7: 2025 | AA7: 2025 | AB7: 2025 | AC7: 2025 | AD7: 2025 | AE7: 2025 | AF7: 2025 | AG7: 2025 | AH7: 2025 | AI7: 2025 | AJ7: 2025 | AK7: 2025
A8: 4 | B8: 1.04 | C8: Foreign direct investment, net inflows, % GDP | D8: =_xlfn.CONCAT(B8," ",C8) -> 1.04 Foreign direct investment, net inflows, % GDP | E8: higher | F8: World Bank | G8: Foreign direct investment are the net inflows of investment to acquire a lasting management interest (10 percent or more of voting stock) in an enterprise operating in an economy other than that of the investor. It is the sum of equity capital, reinvestment of earnings, other long-term capital, and short-term capital as shown in the balance of payments. This series shows net inflows (new investment inflows less disinvestment) in the reporting economy from foreign investors, and is divided by GDP. | H8: 2025 | I8: 2025 | J8: 2025 | K8: 2025 | L8: 2025 | M8: 2025 | N8: 2025 | O8: 2024 | P8: 2025 | Q8: 2025 | R8: 2025 | S8: 2025 | T8: 2025 | U8: 2025 | V8: 2025 | W8: 2025 | X8: 2025 | Y8: 2025 | Z8: 2025 | AA8: 2025 | AB8: 2025 | AC8: 2025 | AD8: 2025 | AE8: 2025 | AF8: 2025 | AG8: 2025 | AH8: 2025 | AI8: 2025 | AJ8: 2025 | AK8: 2025
A9: 5 | B9: 1.05 | C9: Gross fixed capital formation, % GDP | D9: =_xlfn.CONCAT(B9," ",C9) -> 1.05 Gross fixed capital formation, % GDP | E9: higher | F9: World Bank | G9: Gross fixed capital formation (formerly gross domestic fixed investment) includes land improvements (fences, ditches, drains, and so on); plant, machinery, and equipment purchases; and the construction of roads, railways, and the like, including schools, offices, hospitals, private residential dwellings, and commercial and industrial buildings. According to the 1993 SNA, net acquisitions of valuables are also considered capital formation. | H9: 2025 | I9: 2025 | J9: 2025 | K9: 2025 | L9: 2025 | M9: 2025 | N9: 2024 | O9: 2024 | P9: 2025 | Q9: 2025 | R9: 2025 | S9: 2025 | T9: 2024 | V9: 2025 | W9: 2025 | Y9: 2024 | Z9: 2025 | AB9: 2025 | AC9: 2025 | AD9: 2025 | AE9: 2025 | AF9: 2025 | AG9: 2025 | AH9: 2025 | AI9: 2025 | AJ9: 2024 | AK9: 2025
B10: 1.06
B11: 1.06.01
A12: 8 | B12: 1.06.01.a | C12: Tariff barriers in force | D12: =_xlfn.CONCAT(B12," ",C12) -> 1.06.01.a Tariff barriers in force | E12: lower | F12: Global Trade Alert | G12: Count of 'harmful' tariff measures currently in force | H12: 2025 | I12: 2025 | J12: 2025 | K12: 2025 | L12: 2025 | M12: 2025 | N12: 2025 | O12: 2024 | P12: 2025 | Q12: 2025 | R12: 2025 | S12: 2025 | T12: 2025 | U12: 2025 | V12: 2025 | W12: 2025 | X12: 2025 | Y12: 2025 | Z12: 2025 | AA12: 2025 | AB12: 2025 | AC12: 2025 | AD12: 2025 | AE12: 2025 | AF12: 2025 | AG12: 2025 | AH12: 2025 | AI12: 2025 | AJ12: 2025 | AK12: 2025
A13: 9 | B13: 1.06.01.b | C13: New tariff barriers 2023 | D13: =_xlfn.CONCAT(B13," ",C13) -> 1.06.01.b New tariff barriers 2023 | E13: lower | F13: Global Trade Alert | G13: Count of new (2021) 'harmful' tariff measures currently in force | H13: 2025 | I13: 2025 | J13: 2025 | K13: 2025 | L13: 2025 | M13: 2025 | N13: 2025 | O13: 2024 | P13: 2025 | Q13: 2025 | R13: 2025 | S13: 2025 | T13: 2025 | U13: 2025 | V13: 2025 | W13: 2025 | X13: 2025 | Y13: 2025 | Z13: 2025 | AA13: 2025 | AB13: 2025 | AC13: 2025 | AD13: 2025 | AE13: 2025 | AF13: 2025 | AG13: 2025 | AH13: 2025 | AI13: 2025 | AJ13: 2025 | AK13: 2025 | AL13: yes
A14: 10 | B14: 1.06.01.c | C14: Net percentage of imports affected by new tariff barriers (2023) | D14: =_xlfn.CONCAT(B14," ",C14) -> 1.06.01.c Net percentage of imports affected by new tariff barriers (2023) | E14: lower | F14: Global Trade Alert | G14: Net (harmful-liberating) estimates of the import shares of newly applied tariff measures | H14: 2025 | I14: 2025 | J14: 2025 | K14: 2025 | L14: 2025 | M14: 2025 | N14: 2025 | O14: 2023 | P14: 2025 | Q14: 2025 | R14: 2025 | S14: 2025 | T14: 2025 | U14: 2025 | V14: 2025 | W14: 2025 | X14: 2025 | Y14: 2025 | Z14: 2025 | AA14: 2025 | AB14: 2025 | AC14: 2025 | AD14: 2025 | AE14: 2025 | AF14: 2025 | AG14: 2025 | AH14: 2025 | AI14: 2025 | AJ14: 2025 | AK14: 2025
B15: 1.06.02
A16: 12 | B16: 1.06.02.a | C16: Non-tariff barriers in force | D16: =_xlfn.CONCAT(B16," ",C16) -> 1.06.02.a Non-tariff barriers in force | E16: lower | F16: Global Trade Alert | G16: Count of 'harmful' non-tariff measures currently in force | H16: 2025 | I16: 2025 | J16: 2025 | K16: 2025 | L16: 2025 | M16: 2025 | N16: 2025 | O16: 2024 | P16: 2025 | Q16: 2025 | R16: 2025 | S16: 2025 | T16: 2025 | U16: 2025 | V16: 2025 | W16: 2025 | X16: 2025 | Y16: 2025 | Z16: 2025 | AA16: 2025 | AB16: 2025 | AC16: 2025 | AD16: 2025 | AE16: 2025 | AF16: 2025 | AG16: 2025 | AH16: 2025 | AI16: 2025 | AJ16: 2025 | AK16: 2025 | AL16: yes
A17: 13 | B17: 1.06.02.b | C17: New non-tariff barriers 2023 | D17: =_xlfn.CONCAT(B17," ",C17) -> 1.06.02.b New non-tariff barriers 2023 | E17: lower | F17: Global Trade Alert | G17: Count of new (2021) 'harmful' non-tariff measures currently in force | H17: 2025 | I17: 2025 | J17: 2025 | K17: 2025 | L17: 2025 | M17: 2025 | N17: 2025 | O17: 2024 | P17: 2025 | Q17: 2025 | R17: 2025 | S17: 2025 | T17: 2025 | U17: 2025 | V17: 2025 | W17: 2025 | X17: 2025 | Y17: 2025 | Z17: 2025 | AA17: 2025 | AB17: 2025 | AC17: 2025 | AD17: 2025 | AE17: 2025 | AF17: 2025 | AG17: 2025 | AH17: 2025 | AI17: 2025 | AJ17: 2025 | AK17: 2025 | AL17: yes
A18: 14 | B18: 1.06.02.c | C18: Net percentage of imports affected by new non-tariff barriers (2023) | D18: =_xlfn.CONCAT(B18," ",C18) -> 1.06.02.c Net percentage of imports affected by new non-tariff barriers (2023) | E18: lower | F18: Global Trade Alert | G18: Net (harmful-liberating) estimates of the import shares of newly applied non-tariff measures | H18: 2025 | I18: 2025 | J18: 2025 | K18: 2025 | L18: 2025 | M18: 2025 | N18: 2025 | O18: 2023 | P18: 2025 | Q18: 2025 | R18: 2025 | S18: 2025 | T18: 2025 | U18: 2025 | V18: 2025 | W18: 2025 | X18: 2025 | Y18: 2025 | Z18: 2025 | AA18: 2025 | AB18: 2025 | AC18: 2025 | AD18: 2025 | AE18: 2025 | AF18: 2025 | AG18: 2025 | AH18: 2025 | AI18: 2025 | AJ18: 2025 | AK18: 2025
B19: 1.07
A20: 16 | B20: 1.07.01 | C20: Regional Trade Agreements, number in force | D20: =_xlfn.CONCAT(B20," ",C20) -> 1.07.01 Regional Trade Agreements, number in force | E20: higher | F20: WTO | G20: Any reciprocal trade agreement between two or more partners, not necessarily belonging to the same region. | H20: 2025 | I20: 2025 | J20: 2025 | K20: 2025 | L20: 2025 | M20: 2025 | N20: 2025 | O20: 2025 | P20: 2025 | Q20: 2025 | R20: 2025 | S20: 2025 | T20: 2025 | U20: 2025 | V20: 2025 | W20: 2025 | X20: 2025 | Y20: 2025 | Z20: 2025 | AA20: 2025 | AB20: 2025 | AC20: 2025 | AD20: 2025 | AE20: 2025 | AF20: 2025 | AG20: 2025 | AH20: 2025 | AI20: 2025 | AJ20: 2025 | AK20: 2025
A21: 17 | B21: 1.07.02 | C21: Capital account liberalization, Index | D21: =_xlfn.CONCAT(B21," ",C21) -> 1.07.02 Capital account liberalization, Index | E21: higher | F21: KAOPEN | G21: The Chinn-Ito index (KAOPEN) is an index measuring a country's degree of capital account openness. The index was initially introduced in Chinn and Ito (Journal of Development Economics, 2006). KAOPEN is based on the binary dummy variables that codify the tabulation of restrictions on cross-border financial transactions reported in the IMF's Annual Report on Exchange Arrangements and Exchange Restrictions (AREAER). | H21: 2023 | I21: 2023 | K21: 2023 | L21: 2023 | M21: 2023 | N21: 2023 | P21: 2023 | Q21: 2023 | R21: 2023 | S21: 2023 | T21: 2023 | U21: 2023 | V21: 2023 | W21: 2023 | X21: 2023 | Y21: 2023 | Z21: 2023 | AA21: 2023 | AB21: 2023 | AC21: 2023 | AD21: 2023 | AE21: 2023 | AF21: 2023 | AG21: 2023 | AH21: 2023 | AI21: 2023 | AJ21: 2023 | AK21: 2023
A22: 18 | B22: 1.07.03 | C22: Investment Freedom, Index | D22: =_xlfn.CONCAT(B22," ",C22) -> 1.07.03 Investment Freedom, Index | E22: higher | F22: Freedom House | G22: Investment freedom evaluates a variety of regulatory restrictions that typically are imposed on investment. Points are deducted from the ideal score of 100 for each of the restrictions found in a country’s investment regime. | H22: 2026 | I22: 2026 | J22: 2026 | K22: 2026 | L22: 2026 | M22: 2026 | N22: 2026 | O22: 2026 | P22: 2026 | R22: 2026 | S22: 2026 | T22: 2026 | U22: 2026 | V22: 2026 | W22: 2026 | X22: 2026 | Y22: 2026 | Z22: 2026 | AA22: 2026 | AB22: 2026 | AC22: 2026 | AD22: 2026 | AE22: 2026 | AF22: 2026 | AG22: 2026 | AH22: 2026 | AI22: 2026 | AJ22: 2026 | AK22: 2026
A23: 19 | B23: 1.08 | C23: Exchange rate stability, parity change from national currency to SDR, 2023/2021 | D23: =_xlfn.CONCAT(B23," ",C23) -> 1.08 Exchange rate stability, parity change from national currency to SDR, 2023/2021 | E23: lower | F23: IFS | G23: Parity changes are in aboslute values. Period average for all countries | H23: 2025 | I23: 2025 | J23: 2025 | K23: 2023 | L23: 2025 | M23: 2025 | N23: 2025 | O23: 2025 | P23: 2025 | Q23: 2025 | R23: 2025 | S23: 2025 | T23: 2025 | U23: 2024 | V23: 2025 | W23: 2025 | Y23: 2025 | Z23: 2023 | AA23: 2025 | AB23: 2025 | AC23: 2025 | AD23: 2024 | AE23: 2025 | AF23: 2025 | AH23: 2025 | AI23: 2025 | AJ23: 2025 | AK23: 2024
A24: 20 | B24: 1.09 | C24: Domestic credit to private sector, % of GDP | D24: =_xlfn.CONCAT(B24," ",C24) -> 1.09 Domestic credit to private sector, % of GDP | E24: higher | F24: IMF | G24: Domestic credit to private sector refers to financial resources provided to the private sector by financial corporations, such as through loans, purchases of nonequity securities, and trade credits and other accounts receivable, that establish a claim for repayment. For some countries these claims include credit to public enterprises. The financial corporations include monetary authorities and deposit money banks, as well as other financial corporations where data are available (including corporations that do not accept transferable deposits but do incur such liabilities as time and savings deposits). Examples of other financial corporations are finance and leasing companies, money lenders, insurance corporations, pension funds, and foreign exchange companies. | H24: 2025 | I24: 2025 | J24: 2025 | K24: 2025 | M24: 2025 | N24: 2024 | P24: 2025 | Q24: 2025 | R24: 2025 | S24: 2025 | T24: 2025 | V24: 2025 | W24: 2025 | Y24: 2025 | Z24: 2025 | AA24: 2024 | AB24: 2024 | AC24: 2025 | AD24: 2021 | AF24: 2024 | AH24: 2025 | AI24: 2024 | AJ24: 2025 | AK24: 2022
B25: 1.10
A26: 22 | B26: 1.10.01 | C26: Country credit rating | D26: =_xlfn.CONCAT(B26," ",C26) -> 1.10.01 Country credit rating | E26: higher | F26: SP, Moodys, Fitch and SWI https://wikirating.org/list-of-countries-by-credit-rating/ | G26: IMD WCC created Index of the three country credit rating (Fitch, Moodys, & S&P)Each rating, including the outlook is converted to a numerical score and averaged for each country, with a possible range 0-60. | H26: 2025 | I26: 2025 | K26: 2025 | L26: 2025 | M26: 2025 | N26: 2025 | O26: 2025 | P26: 2025 | Q26: 2025 | R26: 2025 | S26: 2025 | T26: 2025 | U26: 2025 | V26: 2025 | W26: 2025 | Y26: 2025 | Z26: 2025 | AA26: 2025 | AB26: 2025 | AC26: 2025 | AD26: 2025 | AE26: 2025 | AF26: 2025 | AG26: 2025 | AH26: 2025 | AI26: 2025 | AJ26: 2025 | AK26: 2025
A27: 23 | B27: 1.10.02 | C27: Gross debt, % GDP | D27: =_xlfn.CONCAT(B27," ",C27) -> 1.10.02 Gross debt, % GDP | E27: lower | F27: IMF WEO | G27: Private nonguaranteed external debt comprises long-term external obligations of private debtors that are not guaranteed for repayment by a public entity. Data are in current U.S. dollars. | H27: 2025 | I27: 2025 | J27: 2025 | K27: 2025 | L27: 2025 | M27: 2025 | N27: 2025 | O27: 2025 | P27: 2025 | Q27: 2025 | R27: 2025 | S27: 2025 | T27: 2025 | U27: 2025 | V27: 2025 | W27: 2025 | X27: 2025 | Y27: 2025 | Z27: 2025 | AA27: 2025 | AB27: 2025 | AC27: 2025 | AD27: 2025 | AE27: 2025 | AF27: 2025 | AG27: 2024 | AH27: 2025 | AI27: 2025 | AJ27: 2025 | AK27: 2025
B28: 1.11
A29: 25 | B29: 1.11.01
B30: 1.11.01.a | C30: Aviation import dwell time | D30: 1.11.01.a Aviation import dwell time | E30: lower | F30: World Bank | H30: 2024 | I30: 2024 | J30: 2023 | K30: 2024 | L30: 2024 | M30: 2024 | N30: 2024 | O30: 2024 | P30: 2024 | Q30: 2024 | R30: 2024 | S30: 2024 | T30: 2024 | V30: 2024 | W30: 2024 | X30: 2024 | Y30: 2024 | Z30: 2024 | AA30: 2024 | AB30: 2024 | AC30: 2024 | AD30: 2024 | AE30: 2024 | AF30: 2024 | AG30: 2024 | AH30: 2024 | AI30: 2024 | AJ30: 2024 | AK30: 2024
B31: 1.11.01.b | C31: Number of aviation partner economies | D31: 1.11.01.b Number of aviation partner economies | E31: higher | F31: World Bank | H31: 2024 | I31: 2024 | J31: 2023 | K31: 2024 | L31: 2024 | M31: 2024 | N31: 2024 | O31: 2024 | P31: 2024 | Q31: 2024 | R31: 2024 | S31: 2024 | T31: 2024 | V31: 2024 | W31: 2024 | X31: 2024 | Y31: 2024 | Z31: 2024 | AA31: 2024 | AB31: 2024 | AC31: 2024 | AD31: 2024 | AE31: 2024 | AF31: 2024 | AG31: 2024 | AH31: 2024 | AI31: 2024 | AJ31: 2024 | AK31: 2024
B32: 1.11.01.c | C32: Container import dwell time (days) | D32: 1.11.01.c Container import dwell time (days) | E32: lower | F32: World Bank | H32: 2024 | I32: 2024 | J32: 2024 | K32: 2024 | L32: 2024 | M32: 2024 | N32: 2024 | O32: 2024 | P32: 2024 | Q32: 2024 | R32: 2024 | S32: 2024 | T32: 2024 | V32: 2024 | W32: 2024 | X32: 2024 | Y32: 2024 | Z32: 2024 | AA32: 2024 | AB32: 2024 | AC32: 2024 | AD32: 2024 | AE32: 2024 | AF32: 2024 | AG32: 2024 | AH32: 2024 | AI32: 2024 | AJ32: 2024 | AK32: 2024
B33: 1.11.01.d | C33: Number of maritime partner economies | D33: 1.11.01.d Number of maritime partner economies | E33: higher | F33: World Bank | H33: 2024 | I33: 2024 | J33: 2024 | K33: 2024 | L33: 2024 | M33: 2024 | N33: 2024 | O33: 2024 | P33: 2024 | Q33: 2024 | R33: 2024 | S33: 2024 | T33: 2024 | V33: 2024 | W33: 2024 | X33: 2024 | Y33: 2024 | Z33: 2024 | AA33: 2024 | AB33: 2024 | AC33: 2024 | AD33: 2024 | AE33: 2024 | AF33: 2024 | AG33: 2024 | AH33: 2024 | AI33: 2024 | AJ33: 2024 | AK33: 2024
B34: 1.11.01.e | C34: Business-to-business postal delivery time (days) | D34: 1.11.01.e Business-to-business postal delivery time (days) | E34: lower | F34: World Bank | H34: 2024 | I34: 2024 | J34: 2024 | K34: 2024 | L34: 2024 | M34: 2024 | N34: 2024 | O34: 2024 | P34: 2024 | Q34: 2024 | R34: 2024 | S34: 2024 | T34: 2024 | U34: 2024 | V34: 2024 | W34: 2024 | X34: 2024 | Y34: 2024 | Z34: 2024 | AA34: 2024 | AB34: 2024 | AC34: 2024 | AD34: 2024 | AE34: 2024 | AF34: 2024 | AG34: 2024 | AH34: 2024 | AI34: 2024 | AJ34: 2024 | AK34: 2024
B35: 1.11.01.f | C35: Number of business-to-business postal partner economies | D35: 1.11.01.f Number of business-to-business postal partner economies | E35: higher | F35: World Bank | H35: 2024 | I35: 2024 | J35: 2024 | K35: 2024 | L35: 2024 | M35: 2024 | N35: 2024 | O35: 2024 | P35: 2024 | Q35: 2024 | R35: 2024 | S35: 2024 | T35: 2024 | U35: 2024 | V35: 2024 | W35: 2024 | X35: 2024 | Y35: 2024 | Z35: 2024 | AA35: 2024 | AB35: 2024 | AC35: 2024 | AD35: 2024 | AE35: 2024 | AF35: 2024 | AG35: 2024 | AH35: 2024 | AI35: 2024 | AJ35: 2024 | AK35: 2024
A36: 26 | B36: 1.11.02 | C36: Corruption perceptions, index | D36: =_xlfn.CONCAT(B36," ",C36) -> 1.11.02 Corruption perceptions, index | E36: higher | F36: Transparency International | G36: The CPI is calculated using 13 different data sources from 12 different institutions that capture perceptions of corruption within the past two years. The data sources are standardized to a scale of 0-100 where a0 equals the highest level of perceived corruption and 100 equals the lowest level of perceived corruption | H36: 2025 | I36: 2025 | J36: 2025 | K36: 2025 | L36: 2025 | M36: 2025 | N36: 2025 | O36: 2025 | P36: 2025 | Q36: 2025 | R36: 2025 | S36: 2025 | T36: 2025 | U36: 2025 | V36: 2025 | W36: 2025 | X36: 2025 | Y36: 2025 | Z36: 2025 | AA36: 2025 | AB36: 2025 | AC36: 2025 | AD36: 2025 | AE36: 2025 | AF36: 2025 | AG36: 2025 | AH36: 2025 | AI36: 2025 | AJ36: 2025 | AK36: 2025
A37: 27 | B37: 1.11.03 | C37: Rule of law, Governance score | D37: =_xlfn.CONCAT(B37," ",C37) -> 1.11.03 Rule of law, Governance score | E37: higher | F37: World Bank | G37: Perceptions of the extent to which agents have confidence in and abide by the rules of society, and in particular the quality of contract enforcement, property rights, the police, and the courts, as well as the likelihood of crime and violence. | H37: 2024 | I37: 2024 | J37: 2024 | K37: 2024 | L37: 2024 | M37: 2024 | N37: 2024 | O37: 2024 | P37: 2024 | Q37: 2024 | R37: 2024 | S37: 2024 | T37: 2024 | U37: 2024 | V37: 2024 | W37: 2024 | X37: 2024 | Y37: 2024 | Z37: 2024 | AA37: 2024 | AB37: 2024 | AC37: 2024 | AD37: 2024 | AE37: 2024 | AF37: 2024 | AG37: 2024 | AH37: 2024 | AI37: 2024 | AJ37: 2024 | AK37: 2024
B38: 1.12
A39: 29 | B39: 1.12.01 | C39: Current account balance, % GDP | D39: =_xlfn.CONCAT(B39," ",C39) -> 1.12.01 Current account balance, % GDP | E39: lower | F39: IMF | G39: Current account balance is the sum of net exports of goods and services, net primary income, and net secondary income. | H39: 2025 | I39: 2025 | J39: 2025 | K39: 2025 | L39: 2025 | M39: 2025 | N39: 2025 | O39: 2025 | P39: 2025 | Q39: 2025 | R39: 2025 | S39: 2025 | T39: 2025 | U39: 2025 | V39: 2025 | W39: 2025 | X39: 2025 | Y39: 2025 | Z39: 2025 | AA39: 2025 | AB39: 2025 | AC39: 2025 | AD39: 2025 | AE39: 2025 | AF39: 2025 | AG39: 2024 | AH39: 2025 | AI39: 2025 | AJ39: 2025 | AK39: 2025
A40: 30 | B40: 1.12.02 | C40: Change (1-year) in total reserves (includes gold), % GDP | D40: =_xlfn.CONCAT(B40," ",C40) -> 1.12.02 Change (1-year) in total reserves (includes gold), % GDP | E40: lower | F40: IMF | G40: Total reserves comprise holdings of monetary gold, special drawing rights, reserves of IMF members held by the IMF, and holdings of foreign exchange under the control of monetary authorities. The gold component of these reserves is valued at year-end (December 31) London prices. Data are in current U.S. dollars. | H40: 2025 | I40: 2025 | J40: 2025 | K40: 2025 | L40: 2025 | M40: 2025 | N40: 2025 | O40: 2025 | P40: 2025 | Q40: 2023 | R40: 2025 | S40: 2025 | T40: 2025 | U40: 2024 | V40: 2025 | W40: 2025 | X40: 2025 | Y40: 2025 | Z40: 2025 | AA40: 2024 | AB40: 2025 | AC40: 2025 | AD40: 2024 | AE40: 2025 | AF40: 2025 | AG40: 2024 | AH40: 2025 | AI40: 2025 | AJ40: 2025 | AK40: 2025
B41: 1.13
A42: 32 | B42: 1.13.01 | C42: Export market concentration, Top 5 as % total | D42: =_xlfn.CONCAT(B42," ",C42) -> 1.13.01 Export market concentration, Top 5 as % total | E42: lower | F42: UNCTAD | G42: Top five named export countries as a percentage of total exports | H42: 2025 | I42: 2025 | J42: 2025 | K42: 2025 | L42: 2025 | M42: 2025 | N42: 2025 | O42: 2025 | P42: 2025 | Q42: 2025 | R42: 2025 | S42: 2025 | T42: 2025 | U42: 2025 | V42: 2025 | W42: 2025 | X42: 2025 | Y42: 2025 | Z42: 2025 | AA42: 2025 | AB42: 2025 | AC42: 2025 | AD42: 2025 | AE42: 2025 | AF42: 2025 | AG42: 2025 | AH42: 2025 | AI42: 2025 | AJ42: 2025 | AK42: 2025
A43: 33 | B43: 1.13.02 | C43: Export product concentration, Top 5 as % total | D43: =_xlfn.CONCAT(B43," ",C43) -> 1.13.02 Export product concentration, Top 5 as % total | E43: lower | F43: UNCTAD | G43: Top five named export products, as a percentage of total exports, using the UNCTAD product data based on the SITC commodity classification, Revision 3, at the two-digit level; giving 65 product catagories | H43: 2025 | I43: 2025 | J43: 2025 | K43: 2025 | L43: 2025 | M43: 2025 | N43: 2025 | O43: 2025 | P43: 2025 | Q43: 2025 | R43: 2025 | S43: 2025 | T43: 2025 | U43: 2025 | V43: 2025 | W43: 2025 | X43: 2025 | Y43: 2025 | Z43: 2025 | AA43: 2025 | AB43: 2025 | AC43: 2025 | AD43: 2025 | AE43: 2025 | AF43: 2025 | AG43: 2025 | AH43: 2025 | AI43: 2025 | AJ43: 2025 | AK43: 2025
B44: 1.14
A45: 35 | B45: 1.14.01 | C45: Merchandise exports, US$ | D45: =_xlfn.CONCAT(B45," ",C45) -> 1.14.01 Merchandise exports, US$ | E45: higher | F45: WTO | G45: Merchandise exports are defined according to the general trade definition. It covers all types of outward movement of goods through a country or territory including movements through customs warehouses and free zones. Exports are valued at transaction value, including the cost of transportation and insurance to bring the merchandise to the frontier of the exporting country or territory. | H45: 2025 | I45: 2025 | J45: 2025 | K45: 2025 | L45: 2025 | M45: 2025 | N45: 2025 | O45: 2025 | P45: 2025 | Q45: 2025 | R45: 2025 | S45: 2025 | T45: 2025 | U45: 2025 | V45: 2025 | W45: 2025 | X45: 2025 | Y45: 2025 | Z45: 2025 | AA45: 2025 | AB45: 2025 | AC45: 2025 | AD45: 2025 | AE45: 2025 | AF45: 2025 | AG45: 2025 | AH45: 2025 | AI45: 2025 | AJ45: 2025 | AK45: 2025 | AL45: yes
A46: 36 | B46: 1.14.02 | C46: Commercial services exports, US$ | D46: =_xlfn.CONCAT(B46," ",C46) -> 1.14.02 Commercial services exports, US$ | E46: higher | F46: WTO | G46: Commercial services include transport, travel, and other private services (communication; construction; insurance; financial; computer and information (including news), royalties and licence fees; other business services (legal, accounting, consulting, public relations,advertising, market research, architectural, engineering, and other technical services) | H46: 2025 | I46: 2025 | J46: 2025 | K46: 2025 | L46: 2025 | M46: 2025 | N46: 2025 | O46: 2025 | P46: 2025 | Q46: 2025 | R46: 2025 | S46: 2025 | T46: 2025 | U46: 2025 | V46: 2025 | W46: 2025 | X46: 2024 | Y46: 2025 | Z46: 2025 | AA46: 2025 | AB46: 2025 | AC46: 2025 | AD46: 2025 | AE46: 2025 | AF46: 2025 | AG46: 2025 | AH46: 2025 | AI46: 2025 | AJ46: 2025 | AK46: 2025
B47: 1.15
A48: 38 | B48: 1.15.01 | C48: R&D expenditure, % GDP | D48: =_xlfn.CONCAT(B48," ",C48) -> 1.15.01 R&D expenditure, % GDP | E48: higher | F48: UNESCO | G48: The sum of financial resources (national and foreign) used for the execution of research and experimental development (R&D) works on the national territory by the public sector and by the business enterprise sector. It includes current expenditure (annual wages and salaries of R&D personnel and operating expenses) and capital expenditure (purchases of equipment required for R&D). | H48: 2023 | L48: 2024 | M48: 2022 | N48: 2024 | O48: 2024 | Q48: 2024 | R48: 2020 | S48: 2020 | T48: 2024 | V48: 2022 | W48: 2024 | X48: 2023 | Y48: 2023 | Z48: 2023 | AB48: 2023 | AC48: 2020 | AD48: 2023 | AE48: 2022 | AF48: 2023 | AG48: 2022 | AH48: 2023 | AI48: 2023 | AJ48: 2024 | AK48: 2023
A49: 39 | B49: 1.15.02 | C49: Researchers in R&D, per 1,000 inhabitants | D49: =_xlfn.CONCAT(B49," ",C49) -> 1.15.02 Researchers in R&D, per 1,000 inhabitants | E49: higher | F49: UNESCO | G49: Researchers in R&D are professionals engaged in the conception or creation of new knowledge. Products, processes, methods, or systems and in the management of the projects concerned. | J49: 2022 | L49: 2022 | M49: 2022 | N49: 2023 | O49: 2024 | Q49: 2024 | R49: 2020 | S49: 2020 | T49: 2023 | V49: 2022 | W49: 2024 | X49: 2023 | Y49: 2023 | Z49: 2023 | AC49: 2020 | AD49: 2024 | AE49: 2022 | AF49: 2023 | AG49: 2022 | AH49: 2023 | AJ49: 2022 | AK49: 2023
A50: 40 | B50: 1.15.03 | C50: Patent applications, per million inhabitants | D50: =_xlfn.CONCAT(B50," ",C50) -> 1.15.03 Patent applications, per million inhabitants | E50: higher | F50: WIPO, TIPO for Taiwan | G50: Total patent applications (Direct and PCT national phase entries per 100'000 inhabitants. | H50: 2024 | I50: 2024 | J50: 2024 | K50: 2024 | L50: 2024 | M50: 2024 | N50: 2024 | O50: 2025 | P50: 2024 | Q50: 2024 | R50: 2024 | S50: 2024 | T50: 2024 | U50: 2024 | V50: 2024 | W50: 2024 | Y50: 2024 | Z50: 2024 | AA50: 2022 | AB50: 2024 | AC50: 2024 | AD50: 2024 | AE50: 2024 | AF50: 2024 | AG50: 2024 | AH50: 2024 | AI50: 2024 | AJ50: 2024 | AK50: 2024
A51: 41 | B51: 1.15.04 | C51: High-technology exports, % of manufactured exports | D51: =_xlfn.CONCAT(B51," ",C51) -> 1.15.04 High-technology exports, % of manufactured exports | E51: higher | F51: COMTRADE | G51: High-technology exports are products with high R&D intensity, such as in aerospace, computers, pharmaceuticals, scientific instruments, and electrical machinery. | H51: 2024 | J51: 2024 | K51: 2024 | L51: 2024 | M51: 2024 | N51: 2024 | O51: 2024 | P51: 2024 | Q51: 2024 | R51: 2024 | S51: 2024 | T51: 2024 | U51: 2023 | V51: 2024 | W51: 2024 | X51: 2024 | Y51: 2024 | Z51: 2024 | AA51: 2023 | AB51: 2024 | AC51: 2024 | AD51: 2021 | AE51: 2024 | AF51: 2024 | AG51: 2024 | AH51: 2024 | AI51: 2024 | AJ51: 2024 | AK51: 2023
A52: 42 | B52: 1.15.05 | C52: Scientific articles, per million people | D52: =_xlfn.CONCAT(B52," ",C52) -> 1.15.05 Scientific articles, per million people | E52: higher | F52: NSF National Science & engineering Indicators | G52: Article counts are from a selection of journals, books and conference proceedings in S&E from Scopus | H52: 2023 | I52: 2023 | J52: 2023 | K52: 2023 | L52: 2023 | M52: 2023 | N52: 2023 | O52: 2023 | P52: 2023 | Q52: 2025 | R52: 2023 | S52: 2023 | T52: 2023 | U52: 2023 | V52: 2023 | W52: 2023 | X52: 2023 | Y52: 2023 | Z52: 2023 | AA52: 2023 | AB52: 2023 | AC52: 2023 | AD52: 2023 | AE52: 2023 | AF52: 2023 | AG52: 2023 | AH52: 2023 | AI52: 2023 | AJ52: 2023 | AK52: 2023
B53: 1.15
